Workbook

Sheet Introduction
B2: Database of social protection expenditure in Pacific Island Countries and Timor-Leste
B3: Partnerships for Social Protection
B4: Edition: August 2024
B6: Introduction
B7: This spreadsheet data on social protection expenditure in a selection of Pacific Island Countries, and Timor-Leste. The expenditure data is presented by scheme, and is classified according to the economic and functional classification of government expenditure described in the IMF Government Finance Statistics Manual (GFSM) of 2014. The expenditure data was collected and classified as part of a Partnership for Social Protection (P4SP) activity focused on financing investments in social protection.
B8: A description of the methodology used in the mapping, and discussion of the findings from the mapping can be found in the report. | C8: Investing in social protection for good times and bad: An assessment of social protection financing in the Pacific and Timor-Leste - P4SP
B9: The database presents the best attempt by the researchers to accurately, however, the researchers welcome any corrections or suggestions on refining the data. For any questions about the dataset or to share the findings of further secondary analysis, please contact admin@p4sp.org.
B11: Suggested citation:
B12: Partnerships for Social Protection (P4SP) (2023) Database of social protection expenditure in Pacific Island Countries and Timor-Leste - August 2024 edition | C12: Updated database of social protection expenditure in Pacific Island Countries and Timor-Leste - P4SP
B14: Contents
B15: Detailed country data and classification (sheets are labelled by ISO country code)
B16: Cook Islands (COK)
B17: Fiji (FJI)
B18: Federated States of Micronesia (FSM)
B19: Kiribati (KIR)
B20: Nauru (NRU)
B21: Palau (PLW)
B22: Papua New Guinea (PNG)
B23: Republic of the Marshall Islands (MHL)
B24: Samoa (WSM)
B25: Solomon Islands (SLB)
... B29: Vanuatu (VUT)

Sheet COK
B1: Cook Islands
B2: Latest year of complete data | C2: 2022-23
B3: Budget cycle: | C3: July 1st - June 30st
B4: Currency | C4: NZD
B5: Country code | C5: COK
B6: Unit | C6: thousands
H7: Time series | AE7: Sources | BB7: Budgeted / actual
H8: 2003 | I8: 2004 | J8: 2005 | K8: 2006 | L8: 2007 | M8: 2008 | N8: 2009 | O8: 2010 | P8: 2011 | Q8: 2012 | R8: 2013 | S8: 2014 | T8: 2015 | U8: 2016 | V8: 2017 | W8: 2018 | X8: 2019 | Y8: 2020 | Z8: 2021 | AA8: 2022 | AB8: 2023 | AC8: 2024
B9: Programme | C9: Year Introduced | D9: Administrator | E9: =_xlfn.CONCAT("Expenditure (",C2,"), ",C4," ",C6,"") -> Expenditure (2022-23), NZD thousands | F9: Economic classicfication (Expense) | G9: COFOG | Q9: 2011-12 | R9: 2012-13 | S9: 2013-14 | T9: 2014-15 | U9: 2015-16 | V9: 2016-17 | W9: 2017-18 | X9: 2018-19 | Y9: 2019-20 | Z9: 2020-21 | AA9: 2021-22 | AB9: 2022-23 | AC9: 2023-24 | AE9: =H9 -> 0 | AF9: =I9 -> 0 | AG9: =J9 -> 0 | AH9: =K9 -> 0 | AI9: =L9 -> 0 | AJ9: =M9 -> 0 | AK9: =N9 -> 0 | AL9: =O9 -> 0 | ... AZ9: =AC9 -> 2023-24 | BB9: =H9 -> 0 | BC9: =I9 -> 0 | BD9: =J9 -> 0 | BE9: =K9 -> 0 | BF9: =L9 -> 0 | BG9: =M9 -> 0 | BH9: =N9 -> 0 | BI9: =O9 -> 0 | ... BW9: =AC9 -> 2023-24
A10: 1 | B10: Old Age Pension 60+ (or total) | E10: =_xlfn.XLOOKUP($C$2,$R$9:$AC$9,R10:AC10) -> 7240.868 | F10: Social assistance benefits (272) | G10: Old age (7102) | Q10: 7866.066 | R10: 8617.6 | S10: 9981.9 | T10: 11775 | U10: 12479.194 | V10: 12109.659 | W10: 12281.286 | X10: 12455.438 | Y10: 13078.253 | Z10: 6345.434 | AA10: 6682.05 | AB10: 7240.868 | AC10: 7994.225 | AJ10: =IF(M10=0,"","*") | AK10: =IF(N10=0,"","*") | AL10: =IF(O10=0,"","*") | AM10: =IF(P10=0,"","*") | AN10: 2012-13 Budget (p. 84) | AO10: 2012-13 Budget (p. 84) | AP10: 2014-15 Budget (p. 86) | AQ10: 2014-15 Budget (p. 86) | AR10: 2015-16 Budget (p. 89-90) | AS10: 2016-17 Budget (p. 109) | AT10: 2017-18 Budget (p. 107) | AU10: 2018-19 Budget (p. 116-17) | AV10: 2019-20 Budget (p. 114) | AW10: 2020-21 Budget (p. 176) | AX10: 2021-22 Budget (p. 171) | AY10: 2022-23 Budget (p. 132) | AZ10: 2023-24 Budget (p. 120) | BG10: =IF(M10=0,"","*") | BH10: =IF(N10=0,"","*") | BI10: =IF(O10=0,"","*") | BJ10: =IF(P10=0,"","*") | BK10: Estimate | BL10: Estimate | BM10: Actual | BN10: Estimate | BO10: Estimate | BP10: Estimate | BQ10: Estimate | BR10: Estimate | BS10: Estimate | BT10: Estimate | BU10: Estimate | BV10: Estimate | BW10: Estimate
A11: 2 | B11: Old Age Pension 70+ | E11: =_xlfn.XLOOKUP($C$2,$R$9:$AC$9,R11:AC11) -> 6742.731 | F11: Social assistance benefits (272) | G11: Old age (7102) | Z11: 6568.599 | AA11: 6343.65 | AB11: 6742.731 | AC11: 6494.869 | AJ11: =IF(M11=0,"","*") | AK11: =IF(N11=0,"","*") | AL11: =IF(O11=0,"","*") | AM11: =IF(P11=0,"","*") | AN11: =IF(Q11=0,"","*") | AO11: =IF(R11=0,"","*") | AP11: =IF(S11=0,"","*") | AQ11: =IF(T11=0,"","*") | ... AV11: =IF(Y11=0,"","*") | AW11: 2020-21 Budget (p. 176) | AX11: 2021-22 Budget (p. 171) | AY11: 2022-23 Budget (p. 132) | AZ11: 2023-24 Budget (p. 120) | BG11: =IF(M11=0,"","*") | BH11: =IF(N11=0,"","*") | BI11: =IF(O11=0,"","*") | BJ11: =IF(P11=0,"","*") | BK11: =IF(Q11=0,"","*") | BL11: =IF(R11=0,"","*") | BM11: =IF(S11=0,"","*") | BN11: =IF(T11=0,"","*") | ... BS11: =IF(Y11=0,"","*") | BT11: Estimate | BU11: Estimate | BV11: Estimate | BW11: Estimate
A12: 3 | B12: Child Benefit | E12: =_xlfn.XLOOKUP($C$2,$R$9:$AC$9,R12:AC12) -> 5413.709 | F12: Social assistance benefits (272) | G12: Family and children (7104) | Q12: 2706.672 | R12: 2595.6 | S12: 2650.736 | T12: 2692.8 | U12: 2700.72 | V12: 2654.907 | W12: 4036.831 | X12: 4665.774 | Y12: 5575.882 | Z12: 5413.029 | AA12: 5566 | AB12: 5413.709 | AC12: 5387.286 | AJ12: =IF(M12=0,"","*") | AK12: =IF(N12=0,"","*") | AL12: =IF(O12=0,"","*") | AM12: =IF(P12=0,"","*") | AN12: 2012-13 Budget (p. 84) | AO12: 2012-13 Budget (p. 84) | AP12: 2014-15 Budget (p. 86) | AQ12: 2014-15 Budget (p. 86) | AR12: 2015-16 Budget (p. 89-90) | AS12: 2016-17 Budget (p. 109) | AT12: 2017-18 Budget (p. 107) | AU12: 2018-19 Budget (p. 116-17) | AV12: 2019-20 Budget (p. 114) | AW12: 2020-21 Budget (p. 176) | AX12: 2021-22 Budget (p. 171) | AY12: 2022-23 Budget (p. 132) | AZ12: 2023-24 Budget (p. 120) | BG12: =IF(M12=0,"","*") | BH12: =IF(N12=0,"","*") | BI12: =IF(O12=0,"","*") | BJ12: =IF(P12=0,"","*") | BK12: Estimate | BL12: Estimate | BM12: Actual | BN12: Estimate | BO12: Estimate | BP12: Estimate | BQ12: Estimate | BR12: Estimate | BS12: Estimate | BT12: Estimate | BU12: Estimate | BV12: Estimate | BW12: Estimate
A13: 4 | B13: New-born Allowance | E13: =_xlfn.XLOOKUP($C$2,$R$9:$AC$9,R13:AC13) -> 229.087 | F13: Social assistance benefits (272) | G13: Family and children (7104) | Q13: 240 | R13: 267 | S13: 234 | T13: 250 | U13: 250 | V13: 200 | W13: 200 | X13: 200 | Y13: 200 | Z13: 240 | AA13: 242.8 | AB13: 229.087 | AC13: 230.465 | AJ13: =IF(M13=0,"","*") | AK13: =IF(N13=0,"","*") | AL13: =IF(O13=0,"","*") | AM13: =IF(P13=0,"","*") | AN13: 2012-13 Budget (p. 84) | AO13: 2012-13 Budget (p. 84) | AP13: 2014-15 Budget (p. 86) | AQ13: 2014-15 Budget (p. 86) | AR13: 2015-16 Budget (p. 89-90) | AS13: 2016-17 Budget (p. 109) | AT13: 2017-18 Budget (p. 107) | AU13: 2018-19 Budget (p. 116-17) | AV13: 2019-20 Budget (p. 114) | AW13: 2020-21 Budget (p. 176) | AX13: 2021-22 Budget (p. 171) | AY13: 2022-23 Budget (p. 132) | AZ13: 2023-24 Budget (p. 120) | BG13: =IF(M13=0,"","*") | BH13: =IF(N13=0,"","*") | BI13: =IF(O13=0,"","*") | BJ13: =IF(P13=0,"","*") | BK13: Estimate | BL13: Estimate | BM13: Actual | BN13: Estimate | BO13: Estimate | BP13: Estimate | BQ13: Estimate | BR13: Estimate | BS13: Estimate | BT13: Estimate | BU13: Estimate | BV13: Estimate | BW13: Estimate
A14: 5 | B14: Destitute and Infirmed | E14: =_xlfn.XLOOKUP($C$2,$R$9:$AC$9,R14:AC14) -> 1280.395 | F14: Social assistance benefits (272) | G14: Sickness and disability (7101) | Q14: 519.222 | R14: 448.2 | S14: 375.681 | T14: 396 | U14: 396 | V14: 528 | W14: 528 | X14: 528 | Y14: 528 | Z14: 1104 | AA14: 1232.1 | AB14: 1280.395 | AC14: 1295.56 | AJ14: =IF(M14=0,"","*") | AK14: =IF(N14=0,"","*") | AL14: =IF(O14=0,"","*") | AM14: =IF(P14=0,"","*") | AN14: 2012-13 Budget (p. 84) | AO14: 2012-13 Budget (p. 84) | AP14: 2014-15 Budget (p. 86) | AQ14: 2014-15 Budget (p. 86) | AR14: 2015-16 Budget (p. 89-90) | AS14: 2016-17 Budget (p. 109) | AT14: 2017-18 Budget (p. 107) | AU14: 2018-19 Budget (p. 116-17) | AV14: 2019-20 Budget (p. 114) | AW14: 2020-21 Budget (p. 176) | AX14: 2021-22 Budget (p. 171) | AY14: 2022-23 Budget (p. 132) | AZ14: 2023-24 Budget (p. 120) | BG14: =IF(M14=0,"","*") | BH14: =IF(N14=0,"","*") | BI14: =IF(O14=0,"","*") | BJ14: =IF(P14=0,"","*") | BK14: Estimate | BL14: Estimate | BM14: Actual | BN14: Estimate | BO14: Estimate | BP14: Estimate | BQ14: Estimate | BR14: Estimate | BS14: Estimate | BT14: Estimate | BU14: Estimate | BV14: Estimate | BW14: Estimate
A15: 6 | B15: Maternity Leave | E15: =_xlfn.XLOOKUP($C$2,$R$9:$AC$9,R15:AC15) -> 150 | F15: Social assistance benefits (272) | G15: Family and children (7104) | R15: 49 | S15: 80.024 | T15: 144 | U15: 120 | V15: 150 | W15: 150 | X15: 150 | Y15: 150 | Z15: 150 | AA15: 150 | AB15: 150 | AC15: 150 | AJ15: =IF(M15=0,"","*") | AK15: =IF(N15=0,"","*") | AL15: =IF(O15=0,"","*") | AM15: =IF(P15=0,"","*") | AN15: =IF(Q15=0,"","*") | AO15: 2012-13 Budget (p. 84) | AP15: 2014-15 Budget (p. 86) | AQ15: 2014-15 Budget (p. 86) | AR15: 2015-16 Budget (p. 89-90) | AS15: 2016-17 Budget (p. 109) | AT15: 2017-18 Budget (p. 107) | AU15: 2018-19 Budget (p. 116-17) | AV15: 2019-20 Budget (p. 114) | AW15: 2020-21 Budget (p. 176) | AX15: 2021-22 Budget (p. 171) | AY15: 2022-23 Budget (p. 132) | AZ15: 2023-24 Budget (p. 120) | BG15: =IF(M15=0,"","*") | BH15: =IF(N15=0,"","*") | BI15: =IF(O15=0,"","*") | BJ15: =IF(P15=0,"","*") | BK15: =IF(Q15=0,"","*") | BL15: Estimate | BM15: Actual | BN15: Estimate | BO15: Estimate | BP15: Estimate | BQ15: Estimate | BR15: Estimate | BS15: Estimate | BT15: Estimate | BU15: Estimate | BV15: Estimate | BW15: Estimate
A16: 7 | B16: Carer Order Payment | E16: =_xlfn.XLOOKUP($C$2,$R$9:$AC$9,R16:AC16) -> 10.4 | F16: Social assistance benefits (272) | G16: Sickness and disability (7101) | V16: 10.4 | W16: 10.4 | X16: 10.4 | Y16: 10.4 | Z16: 10.4 | AA16: 10.4 | AB16: 10.4 | AC16: 10.4 | AJ16: =IF(M16=0,"","*") | AK16: =IF(N16=0,"","*") | AL16: =IF(O16=0,"","*") | AM16: =IF(P16=0,"","*") | AN16: =IF(Q16=0,"","*") | AO16: =IF(R16=0,"","*") | AP16: =IF(S16=0,"","*") | AQ16: =IF(T16=0,"","*") | AR16: =IF(U16=0,"","*") | AS16: 2016-17 Budget (p. 109) | AT16: 2017-18 Budget (p. 107) | AU16: 2018-19 Budget (p. 116-17) | AV16: 2019-20 Budget (p. 114) | AW16: 2020-21 Budget (p. 176) | AX16: 2021-22 Budget (p. 171) | AY16: 2022-23 Budget (p. 132) | AZ16: 2023-24 Budget (p. 120) | BG16: =IF(M16=0,"","*") | BH16: =IF(N16=0,"","*") | BI16: =IF(O16=0,"","*") | BJ16: =IF(P16=0,"","*") | BK16: =IF(Q16=0,"","*") | BL16: =IF(R16=0,"","*") | BM16: =IF(S16=0,"","*") | BN16: =IF(T16=0,"","*") | BO16: =IF(U16=0,"","*") | BP16: Estimate | BQ16: Estimate | BR16: Estimate | BS16: Estimate | BT16: Estimate | BU16: Estimate | BV16: Estimate | BW16: Estimate
A17: 8 | B17: Caregivers allowance | E17: =_xlfn.XLOOKUP($C$2,$R$9:$AC$9,R17:AC17) -> 462.751 | F17: Social assistance benefits (272) | G17: Sickness and disability (7101) | Q17: 360 | R17: 315 | S17: 273.076 | T17: 346.5 | U17: 376.2 | V17: 356.4 | W17: 356.4 | X17: 356.4 | Y17: 663.791 | Z17: 420 | AA17: 465.4 | AB17: 462.751 | AC17: 739.127 | AJ17: =IF(M17=0,"","*") | AK17: =IF(N17=0,"","*") | AL17: =IF(O17=0,"","*") | AM17: =IF(P17=0,"","*") | AN17: 2012-13 Budget (p. 84) | AO17: 2012-13 Budget (p. 84) | AP17: 2014-15 Budget (p. 86) | AQ17: 2014-15 Budget (p. 86) | AR17: 2015-16 Budget (p. 89-90) | AS17: 2016-17 Budget (p. 109) | AT17: 2017-18 Budget (p. 107) | AU17: 2018-19 Budget (p. 116-17) | AV17: 2019-20 Budget (p. 114) | AW17: 2020-21 Budget (p. 176) | AX17: 2021-22 Budget (p. 171) | AY17: 2022-23 Budget (p. 132) | AZ17: 2023-24 Budget (p. 120) | BG17: =IF(M17=0,"","*") | BH17: =IF(N17=0,"","*") | BI17: =IF(O17=0,"","*") | BJ17: =IF(P17=0,"","*") | BK17: Estimate | BL17: Estimate | BM17: Actual | BN17: Estimate | BO17: Estimate | BP17: Estimate | BQ17: Estimate | BR17: Estimate | BS17: Estimate | BT17: Estimate | BU17: Estimate | BV17: Estimate | BW17: Estimate
A18: 9 | B18: Christmas Bonus | E18: =_xlfn.XLOOKUP($C$2,$R$9:$AC$9,R18:AC18) -> 340.212 | F18: Social assistance benefits (272) | G18: Social exclusion n.e.c (7107) | Q18: 300 | R18: 300 | S18: 280.7 | T18: 278.25 | U18: 283.714 | V18: 276.818 | W18: 277.293 | X18: 277.793 | Y18: 278.318 | Z18: 338.182 | AA18: 346.1 | AB18: 340.212 | AC18: 320.594 | AJ18: =IF(M18=0,"","*") | AK18: =IF(N18=0,"","*") | AL18: =IF(O18=0,"","*") | AM18: =IF(P18=0,"","*") | AN18: 2012-13 Budget (p. 84) | AO18: 2012-13 Budget (p. 84) | AP18: 2014-15 Budget (p. 86) | AQ18: 2014-15 Budget (p. 86) | AR18: 2015-16 Budget (p. 89-90) | AS18: 2016-17 Budget (p. 109) | AT18: 2017-18 Budget (p. 107) | AU18: 2018-19 Budget (p. 116-17) | AV18: 2019-20 Budget (p. 114) | AW18: 2020-21 Budget (p. 176) | AX18: 2021-22 Budget (p. 171) | AY18: 2022-23 Budget (p. 132) | AZ18: 2023-24 Budget (p. 120) | BG18: =IF(M18=0,"","*") | BH18: =IF(N18=0,"","*") | BI18: =IF(O18=0,"","*") | BJ18: =IF(P18=0,"","*") | BK18: Estimate | BL18: Estimate | BM18: Actual | BN18: Estimate | BO18: Estimate | BP18: Estimate | BQ18: Estimate | BR18: Estimate | BS18: Estimate | BT18: Estimate | BU18: Estimate | BV18: Estimate | BW18: Estimate
A19: 10 | B19: Funeral Allowance | E19: =_xlfn.XLOOKUP($C$2,$R$9:$AC$9,R19:AC19) -> 170 | F19: Social assistance benefits (272) | G19: Survivors (7103) | Q19: 170 | R19: 170 | S19: 217.834 | T19: 170 | U19: 170 | V19: 170 | W19: 170 | X19: 170 | Y19: 170 | Z19: 170 | AA19: 170 | AB19: 170 | AC19: 170 | AJ19: =IF(M19=0,"","*") | AK19: =IF(N19=0,"","*") | AL19: =IF(O19=0,"","*") | AM19: =IF(P19=0,"","*") | AN19: 2012-13 Budget (p. 84) | AO19: 2012-13 Budget (p. 84) | AP19: 2014-15 Budget (p. 86) | AQ19: 2014-15 Budget (p. 86) | AR19: 2015-16 Budget (p. 89-90) | AS19: 2016-17 Budget (p. 109) | AT19: 2017-18 Budget (p. 107) | AU19: 2018-19 Budget (p. 116-17) | AV19: 2019-20 Budget (p. 114) | AW19: 2020-21 Budget (p. 176) | AX19: 2021-22 Budget (p. 171) | AY19: 2022-23 Budget (p. 132) | AZ19: 2023-24 Budget (p. 120) | BG19: =IF(M19=0,"","*") | BH19: =IF(N19=0,"","*") | BI19: =IF(O19=0,"","*") | BJ19: =IF(P19=0,"","*") | BK19: Estimate | BL19: Estimate | BM19: Actual | BN19: Estimate | BO19: Estimate | BP19: Estimate | BQ19: Estimate | BR19: Estimate | BS19: Estimate | BT19: Estimate | BU19: Estimate | BV19: Estimate | BW19: Estimate
A20: 11 | B20: Power Subsidy | E20: =_xlfn.XLOOKUP($C$2,$R$9:$AC$9,R20:AC20) -> 84.255 | F20: Social assistance benefits (272) | G20: Social protection n.e.c (7019) | Q20: 86.4 | R20: 86.4 | S20: 75.822 | T20: 87.12 | U20: 87.21 | V20: 79.2 | W20: 79.2 | X20: 79.2 | Y20: 79.2 | Z20: 84.255 | AA20: 84.5 | AB20: 84.255 | AC20: 109.255 | AJ20: =IF(M20=0,"","*") | AK20: =IF(N20=0,"","*") | AL20: =IF(O20=0,"","*") | AM20: =IF(P20=0,"","*") | AN20: 2012-13 Budget (p. 84) | AO20: 2012-13 Budget (p. 84) | AP20: 2014-15 Budget (p. 86) | AQ20: 2014-15 Budget (p. 86) | AR20: 2015-16 Budget (p. 89-90) | AS20: 2016-17 Budget (p. 109) | AT20: 2017-18 Budget (p. 107) | AU20: 2018-19 Budget (p. 116-17) | AV20: 2019-20 Budget (p. 114) | AW20: 2020-21 Budget (p. 176) | AX20: 2021-22 Budget (p. 171) | AY20: 2022-23 Budget (p. 132) | AZ20: 2023-24 Budget (p. 120) | BG20: =IF(M20=0,"","*") | BH20: =IF(N20=0,"","*") | BI20: =IF(O20=0,"","*") | BJ20: =IF(P20=0,"","*") | BK20: Estimate | BL20: Estimate | BM20: Actual | BN20: Estimate | BO20: Estimate | BP20: Estimate | BQ20: Estimate | BR20: Estimate | BS20: Estimate | BT20: Estimate | BU20: Estimate | BV20: Estimate | BW20: Estimate
A21: 12 | B21: Special Assistance | E21: =_xlfn.XLOOKUP($C$2,$R$9:$AC$9,R21:AC21) -> 250 | F21: Social assistance benefits (272) | G21: Social exclusion n.e.c (7107) | Q21: 100 | R21: 100 | S21: 100 | T21: 100 | U21: 100 | V21: 100 | W21: 100 | X21: 100 | Y21: 100 | Z21: 250 | AA21: 250 | AB21: 250 | AC21: 250 | AJ21: =IF(M21=0,"","*") | AK21: =IF(N21=0,"","*") | AL21: =IF(O21=0,"","*") | AM21: =IF(P21=0,"","*") | AN21: 2012-13 Budget (p. 84) | AO21: 2012-13 Budget (p. 84) | AP21: 2014-15 Budget (p. 86) | AQ21: 2014-15 Budget (p. 86) | AR21: 2015-16 Budget (p. 89-90) | AS21: 2016-17 Budget (p. 109) | AT21: 2017-18 Budget (p. 107) | AU21: 2018-19 Budget (p. 116-17) | AV21: 2019-20 Budget (p. 114) | AW21: 2020-21 Budget (p. 176) | AX21: 2021-22 Budget (p. 171) | AY21: 2022-23 Budget (p. 132) | AZ21: 2023-24 Budget (p. 120) | BG21: =IF(M21=0,"","*") | BH21: =IF(N21=0,"","*") | BI21: =IF(O21=0,"","*") | BJ21: =IF(P21=0,"","*") | BK21: Estimate | BL21: Estimate | BM21: Actual | BN21: Estimate | BO21: Estimate | BP21: Estimate | BQ21: Estimate | BR21: Estimate | BS21: Estimate | BT21: Estimate | BU21: Estimate | BV21: Estimate | BW21: Estimate
A22: 13 | B22: BCI fees | E22: =_xlfn.XLOOKUP($C$2,$R$9:$AC$9,R22:AC22) -> 0 | F22: Social assistance benefits (272) | G22: Social protection n.e.c (7019) | Q22: 147 | R22: 147 | S22: 147 | T22: 147 | U22: 147 | V22: 147 | W22: 147 | X22: 147 | Y22: 147 | Z22: 175.8 | AJ22: =IF(M22=0,"","*") | AK22: =IF(N22=0,"","*") | AL22: =IF(O22=0,"","*") | AM22: =IF(P22=0,"","*") | AN22: 2012-13 Budget (p. 84) | AO22: 2012-13 Budget (p. 84) | AP22: 2014-15 Budget (p. 86) | AQ22: 2014-15 Budget (p. 86) | AR22: 2015-16 Budget (p. 89-90) | AS22: 2016-17 Budget (p. 109) | AT22: 2017-18 Budget (p. 107) | AU22: 2018-19 Budget (p. 116-17) | AV22: 2019-20 Budget (p. 114) | AW22: 2020-21 Budget (p. 176) | AX22: =IF(AA22=0,"","*") | AY22: =IF(AB22=0,"","*") | AZ22: =IF(AC22=0,"","*") | BG22: =IF(M22=0,"","*") | BH22: =IF(N22=0,"","*") | BI22: =IF(O22=0,"","*") | BJ22: =IF(P22=0,"","*") | BK22: Estimate | BL22: Estimate | BM22: Actual | BN22: Estimate | BO22: Estimate | BP22: Estimate | BQ22: Estimate | BR22: Estimate | BS22: Estimate | BT22: Estimate | BU22: =IF(AA22=0,"","*") | BV22: =IF(AB22=0,"","*") | BW22: =IF(AC22=0,"","*")
A23: 14 | E23: =_xlfn.XLOOKUP($C$2,$R$9:$AC$9,R23:AC23) -> 0 | AJ23: =IF(M23=0,"","*") | AK23: =IF(N23=0,"","*") | AL23: =IF(O23=0,"","*") | AM23: =IF(P23=0,"","*") | AN23: =IF(Q23=0,"","*") | AO23: =IF(R23=0,"","*") | AP23: =IF(S23=0,"","*") | AQ23: =IF(T23=0,"","*") | ... AZ23: =IF(AC23=0,"","*") | BG23: =IF(M23=0,"","*") | BH23: =IF(N23=0,"","*") | BI23: =IF(O23=0,"","*") | BJ23: =IF(P23=0,"","*") | BK23: =IF(Q23=0,"","*") | BL23: =IF(R23=0,"","*") | BM23: =IF(S23=0,"","*") | BN23: =IF(T23=0,"","*") | ... BW23: =IF(AC23=0,"","*")
A24: 15 | E24: =_xlfn.XLOOKUP($C$2,$R$9:$AC$9,R24:AC24) -> 0 | AJ24: =IF(M24=0,"","*") | AK24: =IF(N24=0,"","*") | AL24: =IF(O24=0,"","*") | AM24: =IF(P24=0,"","*") | AN24: =IF(Q24=0,"","*") | AO24: =IF(R24=0,"","*") | AP24: =IF(S24=0,"","*") | AQ24: =IF(T24=0,"","*") | ... AZ24: =IF(AC24=0,"","*") | BG24: =IF(M24=0,"","*") | BH24: =IF(N24=0,"","*") | BI24: =IF(O24=0,"","*") | BJ24: =IF(P24=0,"","*") | BK24: =IF(Q24=0,"","*") | BL24: =IF(R24=0,"","*") | BM24: =IF(S24=0,"","*") | BN24: =IF(T24=0,"","*") | ... BW24: =IF(AC24=0,"","*")
A25: 16 | E25: =_xlfn.XLOOKUP($C$2,$R$9:$AC$9,R25:AC25) -> 0 | AJ25: =IF(M25=0,"","*") | AK25: =IF(N25=0,"","*") | AL25: =IF(O25=0,"","*") | AM25: =IF(P25=0,"","*") | AN25: =IF(Q25=0,"","*") | AO25: =IF(R25=0,"","*") | AP25: =IF(S25=0,"","*") | AQ25: =IF(T25=0,"","*") | ... AZ25: =IF(AC25=0,"","*") | BG25: =IF(M25=0,"","*") | BH25: =IF(N25=0,"","*") | BI25: =IF(O25=0,"","*") | BJ25: =IF(P25=0,"","*") | BK25: =IF(Q25=0,"","*") | BL25: =IF(R25=0,"","*") | BM25: =IF(S25=0,"","*") | BN25: =IF(T25=0,"","*") | ... BW25: =IF(AC25=0,"","*")
A26: 17 | E26: =_xlfn.XLOOKUP($C$2,$R$9:$AC$9,R26:AC26) -> 0 | AJ26: =IF(M26=0,"","*") | AK26: =IF(N26=0,"","*") | AL26: =IF(O26=0,"","*") | AM26: =IF(P26=0,"","*") | AN26: =IF(Q26=0,"","*") | AO26: =IF(R26=0,"","*") | AP26: =IF(S26=0,"","*") | AQ26: =IF(T26=0,"","*") | ... AZ26: =IF(AC26=0,"","*") | BG26: =IF(M26=0,"","*") | BH26: =IF(N26=0,"","*") | BI26: =IF(O26=0,"","*") | BJ26: =IF(P26=0,"","*") | BK26: =IF(Q26=0,"","*") | BL26: =IF(R26=0,"","*") | BM26: =IF(S26=0,"","*") | BN26: =IF(T26=0,"","*") | ... BW26: =IF(AC26=0,"","*")
A27: 18 | E27: =_xlfn.XLOOKUP($C$2,$R$9:$AC$9,R27:AC27) -> 0 | AJ27: =IF(M27=0,"","*") | AK27: =IF(N27=0,"","*") | AL27: =IF(O27=0,"","*") | AM27: =IF(P27=0,"","*") | AN27: =IF(Q27=0,"","*") | AO27: =IF(R27=0,"","*") | AP27: =IF(S27=0,"","*") | AQ27: =IF(T27=0,"","*") | ... AZ27: =IF(AC27=0,"","*") | BG27: =IF(M27=0,"","*") | BH27: =IF(N27=0,"","*") | BI27: =IF(O27=0,"","*") | BJ27: =IF(P27=0,"","*") | BK27: =IF(Q27=0,"","*") | BL27: =IF(R27=0,"","*") | BM27: =IF(S27=0,"","*") | BN27: =IF(T27=0,"","*") | ... BW27: =IF(AC27=0,"","*")
A28: 19 | E28: =_xlfn.XLOOKUP($C$2,$R$9:$AC$9,R28:AC28) -> 0 | AJ28: =IF(M28=0,"","*") | AK28: =IF(N28=0,"","*") | AL28: =IF(O28=0,"","*") | AM28: =IF(P28=0,"","*") | AN28: =IF(Q28=0,"","*") | AO28: =IF(R28=0,"","*") | AP28: =IF(S28=0,"","*") | AQ28: =IF(T28=0,"","*") | ... AZ28: =IF(AC28=0,"","*")
A29: 20 | E29: =_xlfn.XLOOKUP($C$2,$R$9:$AC$9,R29:AC29) -> 0 | AJ29: =IF(M29=0,"","*") | AK29: =IF(N29=0,"","*") | AL29: =IF(O29=0,"","*") | AM29: =IF(P29=0,"","*") | AN29: =IF(Q29=0,"","*") | AO29: =IF(R29=0,"","*") | AP29: =IF(S29=0,"","*") | AQ29: =IF(T29=0,"","*") | ... AZ29: =IF(AC29=0,"","*")
A30: 21 | E30: =_xlfn.XLOOKUP($C$2,$R$9:$AC$9,R30:AC30) -> 0 | AJ30: =IF(M30=0,"","*") | AK30: =IF(N30=0,"","*") | AL30: =IF(O30=0,"","*") | AM30: =IF(P30=0,"","*") | AN30: =IF(Q30=0,"","*") | AO30: =IF(R30=0,"","*") | AP30: =IF(S30=0,"","*") | AQ30: =IF(T30=0,"","*") | ... AZ30: =IF(AC30=0,"","*")
A31: 22 | E31: =_xlfn.XLOOKUP($C$2,$R$9:$AC$9,R31:AC31) -> 0 | AJ31: =IF(M31=0,"","*") | AK31: =IF(N31=0,"","*") | AL31: =IF(O31=0,"","*") | AM31: =IF(P31=0,"","*") | AN31: =IF(Q31=0,"","*") | AO31: =IF(R31=0,"","*") | AP31: =IF(S31=0,"","*") | AQ31: =IF(T31=0,"","*") | ... AZ31: =IF(AC31=0,"","*")
A32: 23 | E32: =_xlfn.XLOOKUP($C$2,$R$9:$AC$9,R32:AC32) -> 0 | AJ32: =IF(M32=0,"","*") | AK32: =IF(N32=0,"","*") | AL32: =IF(O32=0,"","*") | AM32: =IF(P32=0,"","*") | AN32: =IF(Q32=0,"","*") | AO32: =IF(R32=0,"","*") | AP32: =IF(S32=0,"","*") | AQ32: =IF(T32=0,"","*") | ... AZ32: =IF(AC32=0,"","*")
A33: 24 | E33: =_xlfn.XLOOKUP($C$2,$R$9:$AC$9,R33:AC33) -> 0 | AE33: =IF(H33=0,"","*") | AF33: =IF(I33=0,"","*") | AG33: =IF(J33=0,"","*") | AH33: =IF(K33=0,"","*") | AI33: =IF(L33=0,"","*") | AJ33: =IF(M33=0,"","*") | AK33: =IF(N33=0,"","*") | AL33: =IF(O33=0,"","*") | ... AZ33: =IF(AC33=0,"","*") | BB33: =IF(H33=0,"","*") | BC33: =IF(I33=0,"","*") | BD33: =IF(J33=0,"","*") | BE33: =IF(K33=0,"","*") | BF33: =IF(L33=0,"","*") | BG33: =IF(M33=0,"","*") | BH33: =IF(N33=0,"","*") | BI33: =IF(O33=0,"","*") | ... BT33: =IF(Z33=0,"","*") | BV33: =IF(AB33=0,"","*") | BW33: =IF(AC33=0,"","*")
A34: 25 | E34: =_xlfn.XLOOKUP($C$2,$R$9:$AC$9,R34:AC34) -> 0 | AE34: =IF(H34=0,"","*") | AF34: =IF(I34=0,"","*") | AG34: =IF(J34=0,"","*") | AH34: =IF(K34=0,"","*") | AI34: =IF(L34=0,"","*") | AJ34: =IF(M34=0,"","*") | AK34: =IF(N34=0,"","*") | AL34: =IF(O34=0,"","*") | ... AZ34: =IF(AC34=0,"","*") | BB34: =IF(H34=0,"","*") | BC34: =IF(I34=0,"","*") | BD34: =IF(J34=0,"","*") | BE34: =IF(K34=0,"","*") | BF34: =IF(L34=0,"","*") | BG34: =IF(M34=0,"","*") | BH34: =IF(N34=0,"","*") | BI34: =IF(O34=0,"","*") | ... BT34: =IF(Z34=0,"","*") | BV34: =IF(AB34=0,"","*") | BW34: =IF(AC34=0,"","*")
B35: Provident fund withdrawals
A36: PF1 | B36: Retirement | D36: CINSF | E36: =_xlfn.XLOOKUP($C$2,$R$9:$AC$9,R36:AC36) -> 3110.354 | F36: Provident fund withdrawals | G36: Old age (7102) | U36: 503.481 | V36: 721.067 | W36: 640.36 | X36: 844.996 | Y36: 1502.866 | Z36: 1256.937 | AA36: 5439.896 | AB36: 3110.354 | AE36: =IF(H36=0,"","*") | AF36: =IF(I36=0,"","*") | AG36: =IF(J36=0,"","*") | AH36: =IF(K36=0,"","*") | AI36: =IF(L36=0,"","*") | AJ36: =IF(M36=0,"","*") | AK36: =IF(N36=0,"","*") | AL36: =IF(O36=0,"","*") | ... AQ36: =IF(T36=0,"","*") | AR36: 2016 Financial Accounts (p. 4) | AS36: 2016 Financial Accounts (p. 4) | AT36: 2017 Financial Accounts (p. 4) | AU36: 2018 Financial Accounts (p. 4) | AV36: 2019 Annual Report (p. 10) | AW36: 2020 Annual Report (p. 18) | AX36: 2021 Annual Report (p. 10) | AY36: 2022 Annual Report (p. 10) | AZ36: =IF(AC36=0,"","*") | BB36: =IF(H36=0,"","*") | BC36: =IF(I36=0,"","*") | BD36: =IF(J36=0,"","*") | BE36: =IF(K36=0,"","*") | BF36: =IF(L36=0,"","*") | BG36: =IF(M36=0,"","*") | BH36: =IF(N36=0,"","*") | BI36: =IF(O36=0,"","*") | ... BN36: =IF(T36=0,"","*") | BO36: Actual | BP36: Actual | BQ36: Actual | BR36: Actual | BS36: Actual | BT36: Actual | BU36: Actual | BV36: Actual | BW36: =IF(AC36=0,"","*")
A37: PF2 | B37: Death | D37: CINSF | E37: =_xlfn.XLOOKUP($C$2,$R$9:$AC$9,R37:AC37) -> 384.535 | F37: Provident fund withdrawals | G37: Survivors (7103) | U37: 194.265 | V37: 437.796 | W37: 399.598 | X37: 539.749 | Y37: 687.71 | Z37: 68.755 | AA37: 695.328 | AB37: 384.535 | AE37: =IF(H37=0,"","*") | AF37: =IF(I37=0,"","*") | AG37: =IF(J37=0,"","*") | AH37: =IF(K37=0,"","*") | AI37: =IF(L37=0,"","*") | AJ37: =IF(M37=0,"","*") | AK37: =IF(N37=0,"","*") | AL37: =IF(O37=0,"","*") | ... AQ37: =IF(T37=0,"","*") | AR37: 2016 Financial Accounts (p. 4) | AS37: 2016 Financial Accounts (p. 4) | AT37: 2017 Financial Accounts (p. 4) | AU37: 2018 Financial Accounts (p. 4) | AV37: 2019 Annual Report (p. 10) | AW37: 2020 Annual Report (p. 18) | AX37: 2021 Annual Report (p. 10) | AY37: 2022 Annual Report (p. 10) | AZ37: =IF(AC37=0,"","*") | BB37: =IF(H37=0,"","*") | BC37: =IF(I37=0,"","*") | BD37: =IF(J37=0,"","*") | BE37: =IF(K37=0,"","*") | BF37: =IF(L37=0,"","*") | BG37: =IF(M37=0,"","*") | BH37: =IF(N37=0,"","*") | BI37: =IF(O37=0,"","*") | ... BN37: =IF(T37=0,"","*") | BO37: Actual | BP37: Actual | BQ37: Actual | BR37: Actual | BS37: Actual | BT37: Actual | BU37: Actual | BV37: Actual | BW37: =IF(AC37=0,"","*")
A38: PF3 | B38: Insurance proceeds | D38: CINSF | E38: =_xlfn.XLOOKUP($C$2,$R$9:$AC$9,R38:AC38) -> 176.115 | F38: Provident fund withdrawals | U38: 148.396 | V38: 294.643 | W38: 277.021 | X38: 336.626 | Y38: 474.073 | Z38: 121.199 | AA38: 612.272 | AB38: 176.115 | AE38: =IF(H38=0,"","*") | AF38: =IF(I38=0,"","*") | AG38: =IF(J38=0,"","*") | AH38: =IF(K38=0,"","*") | AI38: =IF(L38=0,"","*") | AJ38: =IF(M38=0,"","*") | AK38: =IF(N38=0,"","*") | AL38: =IF(O38=0,"","*") | ... AQ38: =IF(T38=0,"","*") | AR38: 2016 Financial Accounts (p. 4) | AS38: 2016 Financial Accounts (p. 4) | AT38: 2017 Financial Accounts (p. 4) | AU38: 2018 Financial Accounts (p. 4) | AV38: 2019 Annual Report (p. 10) | AW38: 2020 Annual Report (p. 18) | AX38: 2021 Annual Report (p. 10) | AY38: 2022 Annual Report (p. 10) | AZ38: =IF(AC38=0,"","*") | BB38: =IF(H38=0,"","*") | BC38: =IF(I38=0,"","*") | BD38: =IF(J38=0,"","*") | BE38: =IF(K38=0,"","*") | BF38: =IF(L38=0,"","*") | BG38: =IF(M38=0,"","*") | BH38: =IF(N38=0,"","*") | BI38: =IF(O38=0,"","*") | ... BN38: =IF(T38=0,"","*") | BO38: Actual | BP38: Actual | BQ38: Actual | BR38: Actual | BS38: Actual | BT38: Actual | BU38: Actual | BV38: Actual | BW38: =IF(AC38=0,"","*")
A39: PF4 | B39: Pensions | D39: CINSF | E39: =_xlfn.XLOOKUP($C$2,$R$9:$AC$9,R39:AC39) -> 888.289 | F39: Provident fund withdrawals | G39: Old age (7102) | U39: 254.699 | V39: 327.933 | W39: 419.504 | X39: 502.859 | Y39: 144.761 | Z39: 775.052 | AA39: 813.135 | AB39: 888.289 | AE39: =IF(H39=0,"","*") | AF39: =IF(I39=0,"","*") | AG39: =IF(J39=0,"","*") | AH39: =IF(K39=0,"","*") | AI39: =IF(L39=0,"","*") | AJ39: =IF(M39=0,"","*") | AK39: =IF(N39=0,"","*") | AL39: =IF(O39=0,"","*") | ... AQ39: =IF(T39=0,"","*") | AR39: 2016 Financial Accounts (p. 4) | AS39: 2016 Financial Accounts (p. 4) | AT39: 2017 Financial Accounts (p. 4) | AU39: 2018 Financial Accounts (p. 4) | AV39: 2019 Annual Report (p. 10) | AW39: 2020 Annual Report (p. 18) | AX39: 2021 Annual Report (p. 10) | AY39: 2022 Annual Report (p. 10) | AZ39: =IF(AC39=0,"","*") | BB39: =IF(H39=0,"","*") | BC39: =IF(I39=0,"","*") | BD39: =IF(J39=0,"","*") | BE39: =IF(K39=0,"","*") | BF39: =IF(L39=0,"","*") | BG39: =IF(M39=0,"","*") | BH39: =IF(N39=0,"","*") | BI39: =IF(O39=0,"","*") | ... BN39: =IF(T39=0,"","*") | BO39: Actual | BP39: Actual | BQ39: Actual | BR39: Actual | BS39: Actual | BT39: Actual | BU39: Actual | BV39: Actual | BW39: =IF(AC39=0,"","*")
A40: PF5 | B40: Temporary and permanent disablement | D40: CINSF | E40: =_xlfn.XLOOKUP($C$2,$R$9:$AC$9,R40:AC40) -> 205.535 | F40: Provident fund withdrawals | G40: Sickness and disability (7101) | Y40: 14.355 | Z40: 60.033 | AA40: 60.033 | AB40: 205.535 | AE40: =IF(H40=0,"","*") | AF40: =IF(I40=0,"","*") | AG40: =IF(J40=0,"","*") | AH40: =IF(K40=0,"","*") | AI40: =IF(L40=0,"","*") | AJ40: =IF(M40=0,"","*") | AK40: =IF(N40=0,"","*") | AL40: =IF(O40=0,"","*") | ... AU40: =IF(X40=0,"","*") | AV40: 2019 Annual Report (p. 10) | AW40: 2020 Annual Report (p. 18) | AX40: 2021 Annual Report (p. 10) | AY40: 2022 Annual Report (p. 10) | AZ40: =IF(AC40=0,"","*") | BB40: =IF(H40=0,"","*") | BC40: =IF(I40=0,"","*") | BD40: =IF(J40=0,"","*") | BE40: =IF(K40=0,"","*") | BF40: =IF(L40=0,"","*") | BG40: =IF(M40=0,"","*") | BH40: =IF(N40=0,"","*") | BI40: =IF(O40=0,"","*") | ... BR40: =IF(X40=0,"","*") | BS40: Actual | BT40: Actual | BU40: Actual | BV40: Actual | BW40: =IF(AC40=0,"","*")
A41: PF6 | B41: Serious illness (Medical Disability) | D41: CINSF | E41: =_xlfn.XLOOKUP($C$2,$R$9:$AC$9,R41:AC41) -> 0 | F41: Provident fund withdrawals | G41: Sickness and disability (7101) | U41: 135.036 | V41: 90.399 | W41: 96.028 | X41: 144.575 | Y41: 23.619 | Z41: 71.659 | AA41: 47 | AB41: 0 | AE41: =IF(H41=0,"","*") | AF41: =IF(I41=0,"","*") | AG41: =IF(J41=0,"","*") | AH41: =IF(K41=0,"","*") | AI41: =IF(L41=0,"","*") | AJ41: =IF(M41=0,"","*") | AK41: =IF(N41=0,"","*") | AL41: =IF(O41=0,"","*") | ... AQ41: =IF(T41=0,"","*") | AR41: 2016 Financial Accounts (p. 4) | AS41: 2016 Financial Accounts (p. 4) | AT41: 2017 Financial Accounts (p. 4) | AU41: 2018 Financial Accounts (p. 4) | AV41: 2019 Annual Report (p. 10) | AW41: 2020 Annual Report (p. 18) | AX41: 2021 Annual Report (p. 10) | AY41: 2022 Annual Report (p. 10) | AZ41: =IF(AC41=0,"","*") | BB41: =IF(H41=0,"","*") | BC41: =IF(I41=0,"","*") | BD41: =IF(J41=0,"","*") | BE41: =IF(K41=0,"","*") | BF41: =IF(L41=0,"","*") | BG41: =IF(M41=0,"","*") | BH41: =IF(N41=0,"","*") | BI41: =IF(O41=0,"","*") | ... BN41: =IF(T41=0,"","*") | BO41: Actual | BP41: Actual | BQ41: Actual | BR41: Actual | BS41: Actual | BT41: Actual | BU41: Actual | BV41: =IF(AB41=0,"","*") | BW41: =IF(AC41=0,"","*")
A42: PF7 | E42: =_xlfn.XLOOKUP($C$2,$R$9:$AC$9,R42:AC42) -> 0 | AR42: =IF(U42=0,"","*") | AS42: =IF(V42=0,"","*") | AT42: =IF(W42=0,"","*") | AU42: =IF(X42=0,"","*") | AV42: =IF(Y42=0,"","*") | AW42: =IF(Z42=0,"","*") | AY42: =IF(AB42=0,"","*") | AZ42: =IF(AC42=0,"","*") | BN42: =IF(T42=0,"","*") | BO42: =IF(U42=0,"","*") | BP42: =IF(V42=0,"","*") | BQ42: =IF(W42=0,"","*") | BR42: =IF(X42=0,"","*") | BS42: =IF(Y42=0,"","*") | BT42: =IF(Z42=0,"","*") | BU42: =IF(AA42=0,"","*") | ... BW42: =IF(AC42=0,"","*")
A43: PF8 | E43: =_xlfn.XLOOKUP($C$2,$R$9:$AC$9,R43:AC43) -> 0 | AR43: =IF(U43=0,"","*") | AS43: =IF(V43=0,"","*") | AT43: =IF(W43=0,"","*") | AU43: =IF(X43=0,"","*") | AV43: =IF(Y43=0,"","*") | AW43: =IF(Z43=0,"","*") | AY43: =IF(AB43=0,"","*") | AZ43: =IF(AC43=0,"","*") | BN43: =IF(T43=0,"","*") | BO43: =IF(U43=0,"","*") | BP43: =IF(V43=0,"","*") | BQ43: =IF(W43=0,"","*") | BR43: =IF(X43=0,"","*") | BS43: =IF(Y43=0,"","*") | BT43: =IF(Z43=0,"","*") | BU43: =IF(AA43=0,"","*") | ... BW43: =IF(AC43=0,"","*")
A44: PF9 | E44: =_xlfn.XLOOKUP($C$2,$R$9:$AC$9,R44:AC44) -> 0 | AR44: =IF(U44=0,"","*") | AS44: =IF(V44=0,"","*") | AT44: =IF(W44=0,"","*") | AU44: =IF(X44=0,"","*") | AV44: =IF(Y44=0,"","*") | AW44: =IF(Z44=0,"","*") | AY44: =IF(AB44=0,"","*") | AZ44: =IF(AC44=0,"","*") | BN44: =IF(T44=0,"","*") | BO44: =IF(U44=0,"","*") | BP44: =IF(V44=0,"","*") | BQ44: =IF(W44=0,"","*") | BR44: =IF(X44=0,"","*") | BS44: =IF(Y44=0,"","*") | BT44: =IF(Z44=0,"","*") | BU44: =IF(AA44=0,"","*") | ... BW44: =IF(AC44=0,"","*")
A45: PF10 | E45: =_xlfn.XLOOKUP($C$2,$R$9:$AC$9,R45:AC45) -> 0 | AR45: =IF(U45=0,"","*") | AS45: =IF(V45=0,"","*") | AT45: =IF(W45=0,"","*") | AU45: =IF(X45=0,"","*") | AV45: =IF(Y45=0,"","*") | AW45: =IF(Z45=0,"","*") | AY45: =IF(AB45=0,"","*") | AZ45: =IF(AC45=0,"","*") | BN45: =IF(T45=0,"","*") | BO45: =IF(U45=0,"","*") | BP45: =IF(V45=0,"","*") | BQ45: =IF(W45=0,"","*") | BR45: =IF(X45=0,"","*") | BS45: =IF(Y45=0,"","*") | BT45: =IF(Z45=0,"","*") | BU45: =IF(AA45=0,"","*") | ... BW45: =IF(AC45=0,"","*")
A46: PF11 | E46: =_xlfn.XLOOKUP($C$2,$R$9:$AC$9,R46:AC46) -> 0 | AE46: =IF(H46=0,"","*") | AF46: =IF(I46=0,"","*") | AG46: =IF(J46=0,"","*") | AH46: =IF(K46=0,"","*") | AI46: =IF(L46=0,"","*") | AJ46: =IF(M46=0,"","*") | AK46: =IF(N46=0,"","*") | AL46: =IF(O46=0,"","*") | ... AW46: =IF(Z46=0,"","*") | AY46: =IF(AB46=0,"","*") | AZ46: =IF(AC46=0,"","*") | BB46: =IF(H46=0,"","*") | BC46: =IF(I46=0,"","*") | BD46: =IF(J46=0,"","*") | BE46: =IF(K46=0,"","*") | BF46: =IF(L46=0,"","*") | BG46: =IF(M46=0,"","*") | BH46: =IF(N46=0,"","*") | BI46: =IF(O46=0,"","*") | ... BW46: =IF(AC46=0,"","*")
A47: PF12 | E47: =_xlfn.XLOOKUP($C$2,$R$9:$AC$9,R47:AC47) -> 0 | AE47: =IF(H47=0,"","*") | AF47: =IF(I47=0,"","*") | AG47: =IF(J47=0,"","*") | AH47: =IF(K47=0,"","*") | AI47: =IF(L47=0,"","*") | AJ47: =IF(M47=0,"","*") | AK47: =IF(N47=0,"","*") | AL47: =IF(O47=0,"","*") | ... AW47: =IF(Z47=0,"","*") | AY47: =IF(AB47=0,"","*") | AZ47: =IF(AC47=0,"","*") | BB47: =IF(H47=0,"","*") | BC47: =IF(I47=0,"","*") | BD47: =IF(J47=0,"","*") | BE47: =IF(K47=0,"","*") | BF47: =IF(L47=0,"","*") | BG47: =IF(M47=0,"","*") | BH47: =IF(N47=0,"","*") | BI47: =IF(O47=0,"","*") | ... BW47: =IF(AC47=0,"","*")
A48: PF13 | E48: =_xlfn.XLOOKUP($C$2,$R$9:$AC$9,R48:AC48) -> 0 | AE48: =IF(H48=0,"","*") | AF48: =IF(I48=0,"","*") | AG48: =IF(J48=0,"","*") | AH48: =IF(K48=0,"","*") | AI48: =IF(L48=0,"","*") | AJ48: =IF(M48=0,"","*") | AK48: =IF(N48=0,"","*") | AL48: =IF(O48=0,"","*") | ... AW48: =IF(Z48=0,"","*") | AY48: =IF(AB48=0,"","*") | AZ48: =IF(AC48=0,"","*") | BB48: =IF(H48=0,"","*") | BC48: =IF(I48=0,"","*") | BD48: =IF(J48=0,"","*") | BE48: =IF(K48=0,"","*") | BF48: =IF(L48=0,"","*") | BG48: =IF(M48=0,"","*") | BH48: =IF(N48=0,"","*") | BI48: =IF(O48=0,"","*") | ... BW48: =IF(AC48=0,"","*")
A49: PF14 | E49: =_xlfn.XLOOKUP($C$2,$R$9:$AC$9,R49:AC49) -> 0 | AE49: =IF(H49=0,"","*") | AF49: =IF(I49=0,"","*") | AG49: =IF(J49=0,"","*") | AH49: =IF(K49=0,"","*") | AI49: =IF(L49=0,"","*") | AJ49: =IF(M49=0,"","*") | AK49: =IF(N49=0,"","*") | AL49: =IF(O49=0,"","*") | ... AW49: =IF(Z49=0,"","*") | AY49: =IF(AB49=0,"","*") | AZ49: =IF(AC49=0,"","*") | BB49: =IF(H49=0,"","*") | BC49: =IF(I49=0,"","*") | BD49: =IF(J49=0,"","*") | BE49: =IF(K49=0,"","*") | BF49: =IF(L49=0,"","*") | BG49: =IF(M49=0,"","*") | BH49: =IF(N49=0,"","*") | BI49: =IF(O49=0,"","*") | ... BW49: =IF(AC49=0,"","*")
A50: PF15 | E50: =_xlfn.XLOOKUP($C$2,$R$9:$AC$9,R50:AC50) -> 0 | AE50: =IF(H50=0,"","*") | AF50: =IF(I50=0,"","*") | AG50: =IF(J50=0,"","*") | AH50: =IF(K50=0,"","*") | AI50: =IF(L50=0,"","*") | AJ50: =IF(M50=0,"","*") | AK50: =IF(N50=0,"","*") | AL50: =IF(O50=0,"","*") | ... AW50: =IF(Z50=0,"","*") | AY50: =IF(AB50=0,"","*") | AZ50: =IF(AC50=0,"","*") | BB50: =IF(H50=0,"","*") | BC50: =IF(I50=0,"","*") | BD50: =IF(J50=0,"","*") | BE50: =IF(K50=0,"","*") | BF50: =IF(L50=0,"","*") | BG50: =IF(M50=0,"","*") | BH50: =IF(N50=0,"","*") | BI50: =IF(O50=0,"","*") | ... BW50: =IF(AC50=0,"","*")
A51: PF16 | E51: =_xlfn.XLOOKUP($C$2,$R$9:$AC$9,R51:AC51) -> 0 | AE51: =IF(H51=0,"","*") | AF51: =IF(I51=0,"","*") | AG51: =IF(J51=0,"","*") | AH51: =IF(K51=0,"","*") | AI51: =IF(L51=0,"","*") | AJ51: =IF(M51=0,"","*") | AK51: =IF(N51=0,"","*") | AL51: =IF(O51=0,"","*") | ... AW51: =IF(Z51=0,"","*") | AY51: =IF(AB51=0,"","*") | AZ51: =IF(AC51=0,"","*") | BB51: =IF(H51=0,"","*") | BC51: =IF(I51=0,"","*") | BD51: =IF(J51=0,"","*") | BE51: =IF(K51=0,"","*") | BF51: =IF(L51=0,"","*") | BG51: =IF(M51=0,"","*") | BH51: =IF(N51=0,"","*") | BI51: =IF(O51=0,"","*") | ... BT51: =IF(Z51=0,"","*") | BV51: =IF(AB51=0,"","*") | BW51: =IF(AC51=0,"","*")
A52: PF17 | E52: =_xlfn.XLOOKUP($C$2,$R$9:$AC$9,R52:AC52) -> 0 | AE52: =IF(H52=0,"","*") | AF52: =IF(I52=0,"","*") | AG52: =IF(J52=0,"","*") | AH52: =IF(K52=0,"","*") | AI52: =IF(L52=0,"","*") | AJ52: =IF(M52=0,"","*") | AK52: =IF(N52=0,"","*") | AL52: =IF(O52=0,"","*") | ... AW52: =IF(Z52=0,"","*") | AY52: =IF(AB52=0,"","*") | AZ52: =IF(AC52=0,"","*") | BB52: =IF(H52=0,"","*") | BC52: =IF(I52=0,"","*") | BD52: =IF(J52=0,"","*") | BE52: =IF(K52=0,"","*") | BF52: =IF(L52=0,"","*") | BG52: =IF(M52=0,"","*") | BH52: =IF(N52=0,"","*") | BI52: =IF(O52=0,"","*") | ... BT52: =IF(Z52=0,"","*") | BV52: =IF(AB52=0,"","*") | BW52: =IF(AC52=0,"","*")
A53: PF18 | E53: =_xlfn.XLOOKUP($C$2,$R$9:$AC$9,R53:AC53) -> 0 | AE53: =IF(H53=0,"","*") | AF53: =IF(I53=0,"","*") | AG53: =IF(J53=0,"","*") | AH53: =IF(K53=0,"","*") | AI53: =IF(L53=0,"","*") | AJ53: =IF(M53=0,"","*") | AK53: =IF(N53=0,"","*") | AL53: =IF(O53=0,"","*") | ... AW53: =IF(Z53=0,"","*") | AY53: =IF(AB53=0,"","*") | AZ53: =IF(AC53=0,"","*") | BB53: =IF(H53=0,"","*") | BC53: =IF(I53=0,"","*") | BD53: =IF(J53=0,"","*") | BE53: =IF(K53=0,"","*") | BF53: =IF(L53=0,"","*") | BG53: =IF(M53=0,"","*") | BH53: =IF(N53=0,"","*") | BI53: =IF(O53=0,"","*") | ... BT53: =IF(Z53=0,"","*") | BV53: =IF(AB53=0,"","*") | BW53: =IF(AC53=0,"","*")
B54: Not included
A55: NA1 | B55: Expatriate withdrawal | D55: CINSF | E55: =_xlfn.XLOOKUP($C$2,$R$9:$AC$9,R55:AC55) -> 1531.799 | F55: Provident fund withdrawals | U55: 214.002 | V55: 162.186 | W55: 629.966 | X55: 991.863 | Y55: 2303.911 | Z55: 1951.77 | AA55: 1842.877 | AB55: 1531.799 | AE55: =IF(H55=0,"","*") | AF55: =IF(I55=0,"","*") | AG55: =IF(J55=0,"","*") | AH55: =IF(K55=0,"","*") | AI55: =IF(L55=0,"","*") | AJ55: =IF(M55=0,"","*") | AK55: =IF(N55=0,"","*") | AL55: =IF(O55=0,"","*") | ... AQ55: =IF(T55=0,"","*") | AR55: 2016 Financial Accounts (p. 4) | AS55: 2016 Financial Accounts (p. 4) | AT55: 2017 Financial Accounts (p. 4) | AU55: 2018 Financial Accounts (p. 4) | AV55: 2019 Annual Report (p. 10) | AW55: 2020 Annual Report (p. 18) | AX55: 2021 Annual Report (p. 10) | AY55: 2022 Annual Report (p. 10) | AZ55: =IF(AC55=0,"","*") | BB55: =IF(H55=0,"","*") | BC55: =IF(I55=0,"","*") | BD55: =IF(J55=0,"","*") | BE55: =IF(K55=0,"","*") | BF55: =IF(L55=0,"","*") | BG55: =IF(M55=0,"","*") | BH55: =IF(N55=0,"","*") | BI55: =IF(O55=0,"","*") | ... BN55: =IF(T55=0,"","*") | BO55: Actual | BP55: Actual | BQ55: Actual | BR55: Actual | BS55: Actual | BT55: Actual | BU55: Actual | BV55: Actual | BW55: =IF(AC55=0,"","*")
A56: NA2 | B56: Withdrawn Membership | D56: CINSF | E56: =_xlfn.XLOOKUP($C$2,$R$9:$AC$9,R56:AC56) -> 0 | V56: 6.683 | W56: 14.848 | AE56: =IF(H56=0,"","*") | AF56: =IF(I56=0,"","*") | AG56: =IF(J56=0,"","*") | AH56: =IF(K56=0,"","*") | AI56: =IF(L56=0,"","*") | AJ56: =IF(M56=0,"","*") | AK56: =IF(N56=0,"","*") | AL56: =IF(O56=0,"","*") | ... AR56: =IF(U56=0,"","*") | AS56: 2016 Financial Accounts (p. 4) | AT56: 2017 Financial Accounts (p. 4) | AU56: =IF(X56=0,"","*") | AV56: =IF(Y56=0,"","*") | AW56: =IF(Z56=0,"","*") | AY56: =IF(AB56=0,"","*") | AZ56: =IF(AC56=0,"","*") | BB56: =IF(H56=0,"","*") | BC56: =IF(I56=0,"","*") | BD56: =IF(J56=0,"","*") | BE56: =IF(K56=0,"","*") | BF56: =IF(L56=0,"","*") | BG56: =IF(M56=0,"","*") | BH56: =IF(N56=0,"","*") | BI56: =IF(O56=0,"","*") | ... BO56: =IF(U56=0,"","*") | BP56: Actual | BQ56: Actual | BR56: =IF(X56=0,"","*") | BS56: =IF(Y56=0,"","*") | BT56: =IF(Z56=0,"","*") | BV56: =IF(AB56=0,"","*") | BW56: =IF(AC56=0,"","*")
A57: NA3 | B57: Forefeited benefits | D57: CINSF | E57: =_xlfn.XLOOKUP($C$2,$R$9:$AC$9,R57:AC57) -> 0 | V57: 1776.115 | AE57: =IF(H57=0,"","*") | AF57: =IF(I57=0,"","*") | AG57: =IF(J57=0,"","*") | AH57: =IF(K57=0,"","*") | AI57: =IF(L57=0,"","*") | AJ57: =IF(M57=0,"","*") | AK57: =IF(N57=0,"","*") | AL57: =IF(O57=0,"","*") | ... AR57: =IF(U57=0,"","*") | AS57: 2016 Financial Accounts (p. 4) | AT57: =IF(W57=0,"","*") | AU57: =IF(X57=0,"","*") | AV57: =IF(Y57=0,"","*") | AW57: =IF(Z57=0,"","*") | AY57: =IF(AB57=0,"","*") | AZ57: =IF(AC57=0,"","*") | BB57: =IF(H57=0,"","*") | BC57: =IF(I57=0,"","*") | BD57: =IF(J57=0,"","*") | BE57: =IF(K57=0,"","*") | BF57: =IF(L57=0,"","*") | BG57: =IF(M57=0,"","*") | BH57: =IF(N57=0,"","*") | BI57: =IF(O57=0,"","*") | ... BO57: =IF(U57=0,"","*") | BP57: Actual | BQ57: =IF(W57=0,"","*") | BR57: =IF(X57=0,"","*") | BS57: =IF(Y57=0,"","*") | BT57: =IF(Z57=0,"","*") | BV57: =IF(AB57=0,"","*") | BW57: =IF(AC57=0,"","*")
A58: NA4 | B58: Volunrary contribution withdrawals | D58: CINSF | E58: =_xlfn.XLOOKUP($C$2,$R$9:$AC$9,R58:AC58) -> 0 | V58: 73.4 | AE58: =IF(H58=0,"","*") | AF58: =IF(I58=0,"","*") | AG58: =IF(J58=0,"","*") | AH58: =IF(K58=0,"","*") | AI58: =IF(L58=0,"","*") | AJ58: =IF(M58=0,"","*") | AK58: =IF(N58=0,"","*") | AL58: =IF(O58=0,"","*") | ... AR58: =IF(U58=0,"","*") | AS58: 2016 Financial Accounts (p. 4) | AT58: =IF(W58=0,"","*") | AU58: =IF(X58=0,"","*") | AV58: =IF(Y58=0,"","*") | AW58: =IF(Z58=0,"","*") | AY58: =IF(AB58=0,"","*") | AZ58: =IF(AC58=0,"","*") | BB58: =IF(H58=0,"","*") | BC58: =IF(I58=0,"","*") | BD58: =IF(J58=0,"","*") | BE58: =IF(K58=0,"","*") | BF58: =IF(L58=0,"","*") | BG58: =IF(M58=0,"","*") | BH58: =IF(N58=0,"","*") | BI58: =IF(O58=0,"","*") | ... BO58: =IF(U58=0,"","*") | BP58: Actual | BQ58: =IF(W58=0,"","*") | BR58: =IF(X58=0,"","*") | BS58: =IF(Y58=0,"","*") | BT58: =IF(Z58=0,"","*") | BV58: =IF(AB58=0,"","*") | BW58: =IF(AC58=0,"","*")
A59: NA5 | E59: =_xlfn.XLOOKUP($C$2,$R$9:$AC$9,R59:AC59) -> 0 | AE59: =IF(H59=0,"","*") | AF59: =IF(I59=0,"","*") | AG59: =IF(J59=0,"","*") | AH59: =IF(K59=0,"","*") | AI59: =IF(L59=0,"","*") | AJ59: =IF(M59=0,"","*") | AK59: =IF(N59=0,"","*") | AL59: =IF(O59=0,"","*") | ... AW59: =IF(Z59=0,"","*") | AY59: =IF(AB59=0,"","*") | AZ59: =IF(AC59=0,"","*") | BB59: =IF(H59=0,"","*") | BC59: =IF(I59=0,"","*") | BD59: =IF(J59=0,"","*") | BE59: =IF(K59=0,"","*") | BF59: =IF(L59=0,"","*") | BG59: =IF(M59=0,"","*") | BH59: =IF(N59=0,"","*") | BI59: =IF(O59=0,"","*") | ... BT59: =IF(Z59=0,"","*") | BV59: =IF(AB59=0,"","*") | BW59: =IF(AC59=0,"","*")
A60: NA6 | E60: =_xlfn.XLOOKUP($C$2,$R$9:$AC$9,R60:AC60) -> 0 | AE60: =IF(H60=0,"","*") | AF60: =IF(I60=0,"","*") | AG60: =IF(J60=0,"","*") | AH60: =IF(K60=0,"","*") | AI60: =IF(L60=0,"","*") | AJ60: =IF(M60=0,"","*") | AK60: =IF(N60=0,"","*") | AL60: =IF(O60=0,"","*") | ... AW60: =IF(Z60=0,"","*") | AY60: =IF(AB60=0,"","*") | AZ60: =IF(AC60=0,"","*") | BB60: =IF(H60=0,"","*") | BC60: =IF(I60=0,"","*") | BD60: =IF(J60=0,"","*") | BE60: =IF(K60=0,"","*") | BF60: =IF(L60=0,"","*") | BG60: =IF(M60=0,"","*") | BH60: =IF(N60=0,"","*") | BI60: =IF(O60=0,"","*") | ... BT60: =IF(Z60=0,"","*") | BV60: =IF(AB60=0,"","*") | BW60: =IF(AC60=0,"","*")
A61: NA7 | E61: =_xlfn.XLOOKUP($C$2,$R$9:$AC$9,R61:AC61) -> 0 | AE61: =IF(H61=0,"","*") | AF61: =IF(I61=0,"","*") | AG61: =IF(J61=0,"","*") | AH61: =IF(K61=0,"","*") | AI61: =IF(L61=0,"","*") | AJ61: =IF(M61=0,"","*") | AK61: =IF(N61=0,"","*") | AL61: =IF(O61=0,"","*") | ... AW61: =IF(Z61=0,"","*") | AY61: =IF(AB61=0,"","*") | AZ61: =IF(AC61=0,"","*") | BB61: =IF(H61=0,"","*") | BC61: =IF(I61=0,"","*") | BD61: =IF(J61=0,"","*") | BE61: =IF(K61=0,"","*") | BF61: =IF(L61=0,"","*") | BG61: =IF(M61=0,"","*") | BH61: =IF(N61=0,"","*") | BI61: =IF(O61=0,"","*") | ... BT61: =IF(Z61=0,"","*") | BV61: =IF(AB61=0,"","*") | BW61: =IF(AC61=0,"","*")
A62: NA8 | E62: =_xlfn.XLOOKUP($C$2,$R$9:$AC$9,R62:AC62) -> 0 | AE62: =IF(H62=0,"","*") | AF62: =IF(I62=0,"","*") | AG62: =IF(J62=0,"","*") | AH62: =IF(K62=0,"","*") | AI62: =IF(L62=0,"","*") | AJ62: =IF(M62=0,"","*") | AK62: =IF(N62=0,"","*") | AL62: =IF(O62=0,"","*") | ... AW62: =IF(Z62=0,"","*") | AY62: =IF(AB62=0,"","*") | AZ62: =IF(AC62=0,"","*") | BB62: =IF(H62=0,"","*") | BC62: =IF(I62=0,"","*") | BD62: =IF(J62=0,"","*") | BE62: =IF(K62=0,"","*") | BF62: =IF(L62=0,"","*") | BG62: =IF(M62=0,"","*") | BH62: =IF(N62=0,"","*") | BI62: =IF(O62=0,"","*") | ... BT62: =IF(Z62=0,"","*") | BV62: =IF(AB62=0,"","*") | BW62: =IF(AC62=0,"","*")
A63: NA9 | E63: =_xlfn.XLOOKUP($C$2,$R$9:$AC$9,R63:AC63) -> 0 | AE63: =IF(H63=0,"","*") | AF63: =IF(I63=0,"","*") | AG63: =IF(J63=0,"","*") | AH63: =IF(K63=0,"","*") | AI63: =IF(L63=0,"","*") | AJ63: =IF(M63=0,"","*") | AK63: =IF(N63=0,"","*") | AL63: =IF(O63=0,"","*") | ... AW63: =IF(Z63=0,"","*") | AY63: =IF(AB63=0,"","*") | AZ63: =IF(AC63=0,"","*") | BB63: =IF(H63=0,"","*") | BC63: =IF(I63=0,"","*") | BD63: =IF(J63=0,"","*") | BE63: =IF(K63=0,"","*") | BF63: =IF(L63=0,"","*") | BG63: =IF(M63=0,"","*") | BH63: =IF(N63=0,"","*") | BI63: =IF(O63=0,"","*") | ... BT63: =IF(Z63=0,"","*") | BV63: =IF(AB63=0,"","*") | BW63: =IF(AC63=0,"","*")
A64: NA10 | E64: =_xlfn.XLOOKUP($C$2,$R$9:$AC$9,R64:AC64) -> 0 | AE64: =IF(H64=0,"","*") | AF64: =IF(I64=0,"","*") | AG64: =IF(J64=0,"","*") | AH64: =IF(K64=0,"","*") | AI64: =IF(L64=0,"","*") | AJ64: =IF(M64=0,"","*") | AK64: =IF(N64=0,"","*") | AL64: =IF(O64=0,"","*") | ... AW64: =IF(Z64=0,"","*") | AY64: =IF(AB64=0,"","*") | AZ64: =IF(AC64=0,"","*") | BB64: =IF(H64=0,"","*") | BC64: =IF(I64=0,"","*") | BD64: =IF(J64=0,"","*") | BE64: =IF(K64=0,"","*") | BF64: =IF(L64=0,"","*") | BG64: =IF(M64=0,"","*") | BH64: =IF(N64=0,"","*") | BI64: =IF(O64=0,"","*") | ... BT64: =IF(Z64=0,"","*") | BV64: =IF(AB64=0,"","*") | BW64: =IF(AC64=0,"","*")
A65: NA11 | E65: =_xlfn.XLOOKUP($C$2,$R$9:$AC$9,R65:AC65) -> 0 | AP65: =IF(S65=0,"","*") | AQ65: =IF(T65=0,"","*") | AR65: =IF(U65=0,"","*") | AS65: =IF(V65=0,"","*") | AT65: =IF(W65=0,"","*") | AU65: =IF(X65=0,"","*") | AV65: =IF(Y65=0,"","*") | AW65: =IF(Z65=0,"","*")
A66: NA12 | E66: =_xlfn.XLOOKUP($C$2,$R$9:$AC$9,R66:AC66) -> 0 | AP66: =IF(S66=0,"","*") | AQ66: =IF(T66=0,"","*") | AR66: =IF(U66=0,"","*") | AS66: =IF(V66=0,"","*") | AT66: =IF(W66=0,"","*") | AU66: =IF(X66=0,"","*") | AV66: =IF(Y66=0,"","*") | AW66: =IF(Z66=0,"","*")
A67: NA13 | E67: =_xlfn.XLOOKUP($C$2,$R$9:$AC$9,R67:AC67) -> 0 | AP67: =IF(S67=0,"","*") | AQ67: =IF(T67=0,"","*") | AR67: =IF(U67=0,"","*") | AS67: =IF(V67=0,"","*") | AT67: =IF(W67=0,"","*") | AU67: =IF(X67=0,"","*") | AV67: =IF(Y67=0,"","*") | AW67: =IF(Z67=0,"","*")
A68: NA14 | E68: =_xlfn.XLOOKUP($C$2,$R$9:$AC$9,R68:AC68) -> 0 | AP68: =IF(S68=0,"","*") | AQ68: =IF(T68=0,"","*") | AR68: =IF(U68=0,"","*") | AS68: =IF(V68=0,"","*") | AT68: =IF(W68=0,"","*") | AU68: =IF(X68=0,"","*") | AV68: =IF(Y68=0,"","*") | AW68: =IF(Z68=0,"","*")
A69: NA15 | E69: =_xlfn.XLOOKUP($C$2,$R$9:$AC$9,R69:AC69) -> 0
A70: NA16 | E70: =_xlfn.XLOOKUP($C$2,$R$9:$AC$9,R70:AC70) -> 0
A71: NA17 | E71: =_xlfn.XLOOKUP($C$2,$R$9:$AC$9,R71:AC71) -> 0
A72: NA18 | E72: =_xlfn.XLOOKUP($C$2,$R$9:$AC$9,R72:AC72) -> 0
A73: NA19 | E73: =_xlfn.XLOOKUP($C$2,$R$9:$AC$9,R73:AC73) -> 0
A74: NA20 | E74: =_xlfn.XLOOKUP($C$2,$R$9:$AC$9,R74:AC74) -> 0
B76: Notes
B77: - Budget data relates to fiscal year (1 July to 30 June). CINSF data relates to calendar year. - Detailed CINSF disaggregations not available for 2014 and earlier - GDP data is from Pacific Data Hub: https://pacificdata.org/ - GNI data is from UNData https://data.un.org/Data.aspx?q=Cook+Islands&d=SNAAMA&f=grID%3A103%3BcurrID%3AUSD%3BpcFlag%3A0%3BcrID%3A184 | G77: Economic classification
G78: =_xlfn.CONCAT(C4,", ",C6) -> NZD, thousands
G79: =Lists!$A$2 -> Social insurance benefits (271) | H79: =SUMIF($F$10:$F$53,$G79,H$10:H$53) -> 0 | I79: =SUMIF($F$10:$F$53,$G79,I$10:I$53) -> 0 | J79: =SUMIF($F$10:$F$53,$G79,J$10:J$53) -> 0 | K79: =SUMIF($F$10:$F$53,$G79,K$10:K$53) -> 0 | L79: =SUMIF($F$10:$F$53,$G79,L$10:L$53) -> 0 | M79: =SUMIF($F$10:$F$53,$G79,M$10:M$53) -> 0 | N79: =SUMIF($F$10:$F$53,$G79,N$10:N$53) -> 0 | O79: =SUMIF($F$10:$F$53,$G79,O$10:O$53) -> 0 | ... AC79: =SUMIF($F$10:$F$53,$G79,AC$10:AC$53) -> 0
G80: =Lists!$A$3 -> Social assistance benefits (272) | H80: =SUMIF($F$10:$F$53,$G80,H$10:H$53) -> 0 | I80: =SUMIF($F$10:$F$53,$G80,I$10:I$53) -> 0 | J80: =SUMIF($F$10:$F$53,$G80,J$10:J$53) -> 0 | K80: =SUMIF($F$10:$F$53,$G80,K$10:K$53) -> 0 | L80: =SUMIF($F$10:$F$53,$G80,L$10:L$53) -> 0 | M80: =SUMIF($F$10:$F$53,$G80,M$10:M$53) -> 0 | N80: =SUMIF($F$10:$F$53,$G80,N$10:N$53) -> 0 | O80: =SUMIF($F$10:$F$53,$G80,O$10:O$53) -> 0 | ... AC80: =SUMIF($F$10:$F$53,$G80,AC$10:AC$53) -> 23151.781
G81: =Lists!$A$4 -> Public servant benefits (273) | H81: =SUMIF($F$10:$F$53,$G81,H$10:H$53) -> 0 | I81: =SUMIF($F$10:$F$53,$G81,I$10:I$53) -> 0 | J81: =SUMIF($F$10:$F$53,$G81,J$10:J$53) -> 0 | K81: =SUMIF($F$10:$F$53,$G81,K$10:K$53) -> 0 | L81: =SUMIF($F$10:$F$53,$G81,L$10:L$53) -> 0 | M81: =SUMIF($F$10:$F$53,$G81,M$10:M$53) -> 0 | N81: =SUMIF($F$10:$F$53,$G81,N$10:N$53) -> 0 | O81: =SUMIF($F$10:$F$53,$G81,O$10:O$53) -> 0 | ... AC81: =SUMIF($F$10:$F$53,$G81,AC$10:AC$53) -> 0
G82: =Lists!$A$5 -> Social benefits (27) | H82: =SUM(H79:H81) -> 0 | I82: =SUM(I79:I81) -> 0 | J82: =SUM(J79:J81) -> 0 | K82: =SUM(K79:K81) -> 0 | L82: =SUM(L79:L81) -> 0 | M82: =SUM(M79:M81) -> 0 | N82: =SUM(N79:N81) -> 0 | O82: =SUM(O79:O81) -> 0 | ... AC82: =SUM(AC79:AC81) -> 23151.781
G84: =Lists!$A$7 -> Provident fund withdrawals | H84: =SUMIF($F$10:$F$53,$G84,H$10:H$53) -> 0 | I84: =SUMIF($F$10:$F$53,$G84,I$10:I$53) -> 0 | J84: =SUMIF($F$10:$F$53,$G84,J$10:J$53) -> 0 | K84: =SUMIF($F$10:$F$53,$G84,K$10:K$53) -> 0 | L84: =SUMIF($F$10:$F$53,$G84,L$10:L$53) -> 0 | M84: =SUMIF($F$10:$F$53,$G84,M$10:M$53) -> 0 | N84: =SUMIF($F$10:$F$53,$G84,N$10:N$53) -> 0 | O84: =SUMIF($F$10:$F$53,$G84,O$10:O$53) -> 0 | ... AC84: =SUMIF($F$10:$F$53,$G84,AC$10:AC$53) -> 0
G85: =Lists!$A$8 -> Social benefits (27) + provident fund withdrawals | H85: =H84+H82 -> 0 | I85: =I84+I82 -> 0 | J85: =J84+J82 -> 0 | K85: =K84+K82 -> 0 | L85: =L84+L82 -> 0 | M85: =M84+M82 -> 0 | N85: =N84+N82 -> 0 | O85: =O84+O82 -> 0 | ... AC85: =AC84+AC82 -> 23151.781
G87: % of GDP
G88: =G79 -> Social insurance benefits (271) | H88: =H$79/H$207 -> #N/A | I88: =I$79/I$207 -> #N/A | J88: =J$79/J$207 -> #N/A | K88: =K$79/K$207 -> #N/A | L88: =L$79/L$207 -> #N/A | M88: =M$79/M$207 -> #N/A | N88: =N$79/N$207 -> #N/A | O88: =O$79/O$207 -> #N/A | ... AC88: =AC$79/AC$207 -> #N/A
G89: =G80 -> Social assistance benefits (272) | H89: =H$80/H$207 -> #N/A | I89: =I$80/I$207 -> #N/A | J89: =J$80/J$207 -> #N/A | K89: =K$80/K$207 -> #N/A | L89: =L$80/L$207 -> #N/A | M89: =M$80/M$207 -> #N/A | N89: =N$80/N$207 -> #N/A | O89: =O$80/O$207 -> #N/A | ... AC89: =AC$80/AC$207 -> #N/A
G90: =G81 -> Public servant benefits (273) | H90: =H$81/H$207 -> #N/A | I90: =I$81/I$207 -> #N/A | J90: =J$81/J$207 -> #N/A | K90: =K$81/K$207 -> #N/A | L90: =L$81/L$207 -> #N/A | M90: =M$81/M$207 -> #N/A | N90: =N$81/N$207 -> #N/A | O90: =O$81/O$207 -> #N/A | ... AC90: =AC$81/AC$207 -> #N/A
G91: =G82 -> Social benefits (27) | H91: =H$82/H$207 -> #N/A | I91: =I$82/I$207 -> #N/A | J91: =J$82/J$207 -> #N/A | K91: =K$82/K$207 -> #N/A | L91: =L$82/L$207 -> #N/A | M91: =M$82/M$207 -> #N/A | N91: =N$82/N$207 -> #N/A | O91: =O$82/O$207 -> #N/A | ... AC91: =AC$82/AC$207 -> #N/A
B92: URLs for key data sources
B93: - National Budget documents (Ministry of Finance and Economic Management): https://www.mfem.gov.ck/the-national-budget - CINSF Annual Reports: https://www.cinsf.com/publications/annual-reports/ | G93: =G84 -> Provident fund withdrawals | H93: =H$84/H$207 -> #N/A | I93: =I$84/I$207 -> #N/A | J93: =J$84/J$207 -> #N/A | K93: =K$84/K$207 -> #N/A | L93: =L$84/L$207 -> #N/A | M93: =M$84/M$207 -> #N/A | N93: =N$84/N$207 -> #N/A | O93: =O$84/O$207 -> #N/A | ... AC93: =AC$84/AC$207 -> #N/A
G94: =G85 -> Social benefits (27) + provident fund withdrawals | H94: =H$85/H$207 -> #N/A | I94: =I$85/I$207 -> #N/A | J94: =J$85/J$207 -> #N/A | K94: =K$85/K$207 -> #N/A | L94: =L$85/L$207 -> #N/A | M94: =M$85/M$207 -> #N/A | N94: =N$85/N$207 -> #N/A | O94: =O$85/O$207 -> #N/A | ... AC94: =AC$85/AC$207 -> #N/A
G96: % of GNI
G97: =G88 -> Social insurance benefits (271) | H97: =H$79/H$211 -> #N/A | I97: =I$79/I$211 -> #N/A | J97: =J$79/J$211 -> #N/A | K97: =K$79/K$211 -> #N/A | L97: =L$79/L$211 -> #N/A | M97: =M$79/M$211 -> #N/A | N97: =N$79/N$211 -> #N/A | O97: =O$79/O$211 -> #N/A | ... AC97: =AC$79/AC$211 -> #N/A
G98: =G89 -> Social assistance benefits (272) | H98: =H$80/H$211 -> #N/A | I98: =I$80/I$211 -> #N/A | J98: =J$80/J$211 -> #N/A | K98: =K$80/K$211 -> #N/A | L98: =L$80/L$211 -> #N/A | M98: =M$80/M$211 -> #N/A | N98: =N$80/N$211 -> #N/A | O98: =O$80/O$211 -> #N/A | ... AC98: =AC$80/AC$211 -> #N/A
G99: =G90 -> Public servant benefits (273) | H99: =H$81/H$211 -> #N/A | I99: =I$81/I$211 -> #N/A | J99: =J$81/J$211 -> #N/A | K99: =K$81/K$211 -> #N/A | L99: =L$81/L$211 -> #N/A | M99: =M$81/M$211 -> #N/A | N99: =N$81/N$211 -> #N/A | O99: =O$81/O$211 -> #N/A | ... AC99: =AC$81/AC$211 -> #N/A
G100: =G91 -> Social benefits (27) | H100: =H$82/H$211 -> #N/A | I100: =I$82/I$211 -> #N/A | J100: =J$82/J$211 -> #N/A | K100: =K$82/K$211 -> #N/A | L100: =L$82/L$211 -> #N/A | M100: =M$82/M$211 -> #N/A | N100: =N$82/N$211 -> #N/A | O100: =O$82/O$211 -> #N/A | ... AC100: =AC$82/AC$211 -> #N/A
G102: =G93 -> Provident fund withdrawals | H102: =H$84/H$211 -> #N/A | I102: =I$84/I$211 -> #N/A | J102: =J$84/J$211 -> #N/A | K102: =K$84/K$211 -> #N/A | L102: =L$84/L$211 -> #N/A | M102: =M$84/M$211 -> #N/A | N102: =N$84/N$211 -> #N/A | O102: =O$84/O$211 -> #N/A | ... AC102: =AC$84/AC$211 -> #N/A
G103: =G94 -> Social benefits (27) + provident fund withdrawals | H103: =H$85/H$211 -> #N/A | I103: =I$85/I$211 -> #N/A | J103: =J$85/J$211 -> #N/A | K103: =K$85/K$211 -> #N/A | L103: =L$85/L$211 -> #N/A | M103: =M$85/M$211 -> #N/A | N103: =N$85/N$211 -> #N/A | O103: =O$85/O$211 -> #N/A | ... AC103: =AC$85/AC$211 -> #N/A
G105: % of government expenditure
G106: =G97 -> Social insurance benefits (271) | H106: =H$79/H$215 -> #N/A | I106: =I$79/I$215 -> #N/A | J106: =J$79/J$215 -> #N/A | K106: =K$79/K$215 -> #N/A | L106: =L$79/L$215 -> #N/A | M106: =M$79/M$215 -> #N/A | N106: =N$79/N$215 -> #N/A | O106: =O$79/O$215 -> #N/A | ... AC106: =AC$79/AC$215 -> #N/A
...

Sheet FJI
B1: Fiji
B2: Latest year of complete data | C2: 2022-23
B3: Budget cycle: | C3: August 1st - July 31st
B4: Currency | C4: FDJ
B5: Country code | C5: FJI
B6: Unit | C6: thousands
H7: Time series | AE7: Sources | BB7: Budgeted / actual
H8: 2003 | I8: 2004 | J8: 2005 | K8: 2006 | L8: 2007 | M8: 2008 | N8: 2009 | O8: 2010 | P8: 2011 | Q8: 2012 | R8: 2013 | S8: 2014 | T8: 2015 | U8: 2016 | V8: 2017 | W8: 2018 | X8: 2019 | Y8: 2020 | Z8: 2021 | AA8: 2022 | AB8: 2023 | AC8: 2024
B9: Programme | C9: Year Introduced | D9: Administrator | E9: =_xlfn.CONCAT("Expenditure (",C2,"), ",C4," ",C6,"") -> Expenditure (2022-23), FDJ thousands | F9: Economic classicfication (Expense) | G9: COFOG | P9: 2011 | Q9: 2012 | R9: 2013 | S9: 2014 | T9: 2015 | U9: 2016 | V9: 2016-17 | W9: 2017-18 | X9: 2018-19 | Y9: 2019-20 | Z9: 2020-21 | AA9: 2021-22 | AB9: 2022-23 | AC9: 2023-24 | AE9: =H9 -> 0 | AF9: =I9 -> 0 | AG9: =J9 -> 0 | AH9: =K9 -> 0 | AI9: =L9 -> 0 | AJ9: =M9 -> 0 | AK9: =N9 -> 0 | AL9: =O9 -> 0 | ... AZ9: =AC9 -> 2023-24 | BB9: =H9 -> 0 | BC9: =I9 -> 0 | BD9: =J9 -> 0 | BE9: =K9 -> 0 | BF9: =L9 -> 0 | BG9: =M9 -> 0 | BH9: =N9 -> 0 | BI9: =O9 -> 0 | ... BW9: =AC9 -> 2023-24
A10: 1 | B10: Social Pension Scheme | C10: 2013 | D10: MWCPA | E10: =_xlfn.XLOOKUP($C$2,$R$9:$AC$9,R10:AC10) -> 55000 | F10: Social assistance benefits (272) | G10: Old age (7102) | R10: 3240 | S10: 3000 | T10: 8000 | U10: 13000 | V10: 14000 | W10: 37200.35 | X10: 47434.56 | Y10: 46000 | Z10: 55301 | AA10: 53956.958 | AB10: 55000 | AC10: 78156 | AE10: =IF(H10=0,"","*") | AF10: =IF(I10=0,"","*") | AG10: =IF(J10=0,"","*") | AH10: =IF(K10=0,"","*") | AI10: =IF(L10=0,"","*") | AJ10: =IF(M10=0,"","*") | AK10: =IF(N10=0,"","*") | AL10: =IF(O10=0,"","*") | ... AN10: =IF(Q10=0,"","*") | AO10: 2013 Budget Estimates (p. 181) | AP10: 2014 Budget Estimates (p. 191) | AQ10: 2015 Budget Estimates (p. 195) | AR10: 2016 Budget Estimates (p. 173) | AS10: 2016-17 Budget Estimates (p. 179) | AT10: 2017-18 Budget Estimates (p. 165) | AU10: 2018-19 Budget Estimates (p. 164) | AV10: 2019-20 Budget Estimates (p. 163) | AW10: 2020-21 Budget Estimates (p. 153) | AX10: 2021-22 Budget Estimates (p. 154) | AY10: 2022-23 Budget Estimates (p. 153) | AZ10: 2023-24 Budget Estimates (p. 169) | BB10: =IF(H10=0,"","*") | BC10: =IF(I10=0,"","*") | BD10: =IF(J10=0,"","*") | BE10: =IF(K10=0,"","*") | BF10: =IF(L10=0,"","*") | BG10: =IF(M10=0,"","*") | BH10: =IF(N10=0,"","*") | BI10: =IF(O10=0,"","*") | ... BK10: =IF(Q10=0,"","*") | BL10: Budgeted | BM10: Budgeted | BN10: Budgeted | BO10: Budgeted | BP10: Budgeted | BQ10: Budgeted | BR10: Budgeted | BS10: Budgeted | BT10: Budgeted | BU10: Budgeted | BV10: Budgeted | BW10: Budgeted
A11: 2 | B11: Family Assistance Scheme / Poverty Benefit Scheme | C11: 2013 | D11: MWCPA | E11: =_xlfn.XLOOKUP($C$2,$R$9:$AC$9,R11:AC11) -> 34000 | F11: Social assistance benefits (272) | G11: Social exclusion n.e.c (7107) | Q11: 15000 | R11: 22660 | S11: 22011.22 | T11: 22000 | U11: 22000 | V11: 23200 | W11: 38050.931 | X11: 38050.931 | Y11: 36000 | Z11: 38336 | AA11: 31667.542 | AB11: 34000 | AC11: 45552 | AE11: =IF(H11=0,"","*") | AF11: =IF(I11=0,"","*") | AG11: =IF(J11=0,"","*") | AH11: =IF(K11=0,"","*") | AI11: =IF(L11=0,"","*") | AJ11: =IF(M11=0,"","*") | AK11: =IF(N11=0,"","*") | AL11: =IF(O11=0,"","*") | AM11: =IF(P11=0,"","*") | AN11: 2012 Budget Estimates (p. 179) | AO11: 2013 Budget Estimates (p. 181) | AP11: 2014 Budget Estimates (p. 191) | AQ11: 2015 Budget Estimates (p. 195) | AR11: 2016 Budget Estimates (p. 173) | AS11: 2016-17 Budget Estimates (p. 179) | AT11: 2017-18 Budget Estimates (p. 165) | AU11: 2018-19 Budget Estimates (p. 164) | AV11: 2019-20 Budget Estimates (p. 163) | AW11: 2020-21 Budget Estimates (p. 153) | AX11: 2021-22 Budget Estimates (p. 154) | AY11: 2022-23 Budget Estimates (p. 153) | AZ11: 2023-24 Budget Estimates (p. 169) | BB11: =IF(H11=0,"","*") | BC11: =IF(I11=0,"","*") | BD11: =IF(J11=0,"","*") | BE11: =IF(K11=0,"","*") | BF11: =IF(L11=0,"","*") | BG11: =IF(M11=0,"","*") | BH11: =IF(N11=0,"","*") | BI11: =IF(O11=0,"","*") | BJ11: =IF(P11=0,"","*") | BK11: Budgeted | BL11: Budgeted | BM11: Budgeted | BN11: Budgeted | BO11: Budgeted | BP11: Budgeted | BQ11: Budgeted | BR11: Budgeted | BS11: Budgeted | BT11: Budgeted | BU11: Budgeted | BV11: Budgeted | BW11: Budgeted
A12: 3 | B12: Child Protection Allowance / Care and Protection Program | C12: 2013 | D12: MWCPA | E12: =_xlfn.XLOOKUP($C$2,$R$9:$AC$9,R12:AC12) -> 13741.621 | F12: Social assistance benefits (272) | G12: Family and children (7104) | Q12: 4400 | R12: 5990 | S12: 4530 | T12: 2000 | U12: 3200 | V12: 3500 | W12: 6807.589 | X12: 9312.936 | Y12: 8000 | Z12: 12386 | AA12: 11312 | AB12: 13741.621 | AC12: 19911.48 | AE12: =IF(H12=0,"","*") | AF12: =IF(I12=0,"","*") | AG12: =IF(J12=0,"","*") | AH12: =IF(K12=0,"","*") | AI12: =IF(L12=0,"","*") | AJ12: =IF(M12=0,"","*") | AK12: =IF(N12=0,"","*") | AL12: =IF(O12=0,"","*") | AM12: =IF(P12=0,"","*") | AN12: 2012 Budget Estimates (p. 179) | AO12: 2013 Budget Estimates (p. 181) | AP12: 2014 Budget Estimates (p. 191) | AQ12: 2015 Budget Estimates (p. 195) | AR12: 2016 Budget Estimates (p. 173) | AS12: 2016-17 Budget Estimates (p. 179) | AT12: 2017-18 Budget Estimates (p. 165) | AU12: 2018-19 Budget Estimates (p. 164) | AV12: 2019-20 Budget Estimates (p. 163) | AW12: 2020-21 Budget Estimates (p. 153) | AX12: 2021-22 Budget Estimates (p. 154) | AY12: 2022-23 Budget Estimates (p. 153) | AZ12: 2023-24 Budget Estimates (p. 169) | BB12: =IF(H12=0,"","*") | BC12: =IF(I12=0,"","*") | BD12: =IF(J12=0,"","*") | BE12: =IF(K12=0,"","*") | BF12: =IF(L12=0,"","*") | BG12: =IF(M12=0,"","*") | BH12: =IF(N12=0,"","*") | BI12: =IF(O12=0,"","*") | BJ12: =IF(P12=0,"","*") | BK12: Budgeted | BL12: Budgeted | BM12: Budgeted | BN12: Budgeted | BO12: Budgeted | BP12: Budgeted | BQ12: Budgeted | BR12: Budgeted | BS12: Budgeted | BT12: Budgeted | BU12: Budgeted | BV12: Budgeted | BW12: Budgeted
A13: 4 | B13: Allowance for people with disabilities | C13: 42767 | D13: MWCPA | E13: =_xlfn.XLOOKUP($C$2,$R$9:$AC$9,R13:AC13) -> 10788.541 | F13: Social assistance benefits (272) | G13: Sickness and disability (7101) | W13: 7974.736 | X13: 6850.519 | Y13: 5000 | Z13: 9356 | AA13: 10788.541 | AB13: 10788.541 | AC13: 16360.032 | AE13: =IF(H13=0,"","*") | AF13: =IF(I13=0,"","*") | AG13: =IF(J13=0,"","*") | AH13: =IF(K13=0,"","*") | AI13: =IF(L13=0,"","*") | AJ13: =IF(M13=0,"","*") | AK13: =IF(N13=0,"","*") | AL13: =IF(O13=0,"","*") | ... AS13: =IF(V13=0,"","*") | AT13: 2017-18 Budget Estimates (p. 165) | AU13: 2018-19 Budget Estimates (p. 164) | AV13: 2019-20 Budget Estimates (p. 163) | AW13: 2020-21 Budget Estimates (p. 153) | AX13: 2021-22 Budget Estimates (p. 154) | AY13: 2022-23 Budget Estimates (p. 153) | AZ13: 2023-24 Budget Estimates (p. 169) | BB13: =IF(H13=0,"","*") | BC13: =IF(I13=0,"","*") | BD13: =IF(J13=0,"","*") | BE13: =IF(K13=0,"","*") | BF13: =IF(L13=0,"","*") | BG13: =IF(M13=0,"","*") | BH13: =IF(N13=0,"","*") | BI13: =IF(O13=0,"","*") | ... BP13: =IF(V13=0,"","*") | BQ13: Budgeted | BR13: Budgeted | BS13: Budgeted | BT13: Budgeted | BU13: Budgeted | BV13: Budgeted | BW13: Budgeted
A14: 5 | B14: Food Voucher Program for Rural Pregnant Women | C14: 2010 | D14: MWCPA | E14: =_xlfn.XLOOKUP($C$2,$R$9:$AC$9,R14:AC14) -> 800 | F14: Social assistance benefits (272) | G14: Family and children (7104) | S14: 1300 | T14: 1000 | U14: 500 | V14: 500 | W14: 1651.35 | X14: 1651.35 | Y14: 900 | Z14: 1200 | AA14: 555.7 | AB14: 800 | AC14: 800 | AE14: =IF(H14=0,"","*") | AF14: =IF(I14=0,"","*") | AG14: =IF(J14=0,"","*") | AH14: =IF(K14=0,"","*") | AI14: =IF(L14=0,"","*") | AJ14: =IF(M14=0,"","*") | AK14: =IF(N14=0,"","*") | AL14: =IF(O14=0,"","*") | ... AO14: =IF(R14=0,"","*") | AP14: 2014 Budget Estimates (p. 191) | AQ14: 2015 Budget Estimates (p. 195) | AR14: 2016 Budget Estimates (p. 173) | AS14: 2016-17 Budget Estimates (p. 179) | AT14: 2017-18 Budget Estimates (p. 165) | AU14: 2018-19 Budget Estimates (p. 164) | AV14: 2019-20 Budget Estimates (p. 163) | AW14: 2020-21 Budget Estimates (p. 153) | AX14: 2021-22 Budget Estimates (p. 154) | AY14: 2022-23 Budget Estimates (p. 153) | AZ14: 2023-24 Budget Estimates (p. 169) | BB14: =IF(H14=0,"","*") | BC14: =IF(I14=0,"","*") | BD14: =IF(J14=0,"","*") | BE14: =IF(K14=0,"","*") | BF14: =IF(L14=0,"","*") | BG14: =IF(M14=0,"","*") | BH14: =IF(N14=0,"","*") | BI14: =IF(O14=0,"","*") | ... BL14: =IF(R14=0,"","*") | BM14: Budgeted | BN14: Budgeted | BO14: Budgeted | BP14: Budgeted | BQ14: Budgeted | BR14: Budgeted | BS14: Budgeted | BT14: Budgeted | BU14: Budgeted | BV14: Budgeted | BW14: Budgeted
A15: 6 | B15: Bus Fare Programme for Old/Disabled Persons | D15: MWCPA | E15: =_xlfn.XLOOKUP($C$2,$R$9:$AC$9,R15:AC15) -> 10000 | F15: Social assistance benefits (272) | G15: Old age (7102) | R15: 150 | S15: 150 | U15: 150 | W15: 20 | X15: 20 | Y15: 10000 | Z15: 6500 | AA15: 6000 | AB15: 10000 | AC15: 10000 | AE15: =IF(H15=0,"","*") | AF15: =IF(I15=0,"","*") | AG15: =IF(J15=0,"","*") | AH15: =IF(K15=0,"","*") | AI15: =IF(L15=0,"","*") | AJ15: =IF(M15=0,"","*") | AK15: =IF(N15=0,"","*") | AL15: =IF(O15=0,"","*") | ... AN15: =IF(Q15=0,"","*") | AO15: 2013 Budget Estimates (p. 181) | AP15: 2014 Budget Estimates (p. 191) | AQ15: =IF(T15=0,"","*") | AR15: 2016 Budget Estimates (p. 173) | AS15: =IF(V15=0,"","*") | AT15: 2017-18 Budget Estimates (p. 165) | AU15: 2018-19 Budget Estimates (p. 164) | AV15: 2019-20 Budget Estimates (p. 163) | AW15: 2020-21 Budget Estimates (p. 153) | AX15: 2021-22 Budget Estimates (p. 154) | AY15: 2022-23 Budget Estimates (p. 153) | AZ15: 2023-24 Budget Estimates (p. 169) | BB15: =IF(H15=0,"","*") | BC15: =IF(I15=0,"","*") | BD15: =IF(J15=0,"","*") | BE15: =IF(K15=0,"","*") | BF15: =IF(L15=0,"","*") | BG15: =IF(M15=0,"","*") | BH15: =IF(N15=0,"","*") | BI15: =IF(O15=0,"","*") | ... BK15: =IF(Q15=0,"","*") | BL15: Budgeted | BM15: Budgeted | BN15: =IF(T15=0,"","*") | BO15: Budgeted | BP15: =IF(V15=0,"","*") | BQ15: Budgeted | BR15: Budgeted | BS15: Budgeted | BT15: Budgeted | BU15: Budgeted | BV15: Budgeted | BW15: Budgeted
A16: 7 | B16: Housing Assistance and Relief Trust (HART) Rental subsidy | C16: 1970 | D16: Public Rental Board, MHCD | E16: =_xlfn.XLOOKUP($C$2,$R$9:$AC$9,R16:AC16) -> 290 | F16: Social assistance benefits (272) | G16: Housing (7106) | Q16: 600 | R16: 600 | S16: 1000 | T16: 500 | U16: 500 | V16: 500 | W16: 500 | X16: 500 | Y16: 500 | Z16: 400 | AA16: 100 | AB16: 290 | AC16: 500 | AE16: =IF(H16=0,"","*") | AF16: =IF(I16=0,"","*") | AG16: =IF(J16=0,"","*") | AH16: =IF(K16=0,"","*") | AI16: =IF(L16=0,"","*") | AJ16: =IF(M16=0,"","*") | AK16: =IF(N16=0,"","*") | AL16: =IF(O16=0,"","*") | AM16: =IF(P16=0,"","*") | AN16: 2012 Budget Estimates (p. 179) | AO16: 2013 Budget Estimates (p. 175) | AP16: 2014 Budget Estimates (p. 185) | AQ16: 2015 Budget Estimates (p. 189) | AR16: 2016 Budget Estimates (p. 167) | AS16: 2016-17 Budget Estimates (p. 173) | AT16: 2017-18 Budget Estimates (p. 159) | AU16: 2018-19 Budget Estimates (p. 158) | AV16: 2019-20 Budget Estimates (p. 157) | AW16: 2020-21 Budget Estimates (p. 147) | AX16: 2021-22 Budget Estimates (p. 148) | AY16: 2022-23 Budget Estimates (p. 147) | AZ16: 2023-24 Budget Estimates (p. 163) | BB16: =IF(H16=0,"","*") | BC16: =IF(I16=0,"","*") | BD16: =IF(J16=0,"","*") | BE16: =IF(K16=0,"","*") | BF16: =IF(L16=0,"","*") | BG16: =IF(M16=0,"","*") | BH16: =IF(N16=0,"","*") | BI16: =IF(O16=0,"","*") | BJ16: =IF(P16=0,"","*") | BK16: Budgeted | BL16: Budgeted | BM16: Budgeted | BN16: Budgeted | BO16: Budgeted | BP16: Budgeted | BQ16: Budgeted | BR16: Budgeted | BS16: Budgeted | BT16: Budgeted | BU16: Budgeted | BV16: Budgeted | BW16: Budgeted
A17: 8 | B17: Public Rental Board Subsidy | C17: 1989 | D17: Public Rental Board, MHCD | E17: =_xlfn.XLOOKUP($C$2,$R$9:$AC$9,R17:AC17) -> 1386.485 | F17: Social assistance benefits (272) | G17: Sickness and disability (7101) | Q17: 1000 | R17: 1000 | S17: 1000 | T17: 1000 | U17: 1000 | V17: 1000 | W17: 1000 | X17: 1300 | Y17: 1600 | Z17: 1300 | AA17: 600 | AB17: 1386.485 | AC17: 1116.451 | AE17: =IF(H17=0,"","*") | AF17: =IF(I17=0,"","*") | AG17: =IF(J17=0,"","*") | AH17: =IF(K17=0,"","*") | AI17: =IF(L17=0,"","*") | AJ17: =IF(M17=0,"","*") | AK17: =IF(N17=0,"","*") | AL17: =IF(O17=0,"","*") | AM17: =IF(P17=0,"","*") | AN17: 2012 Budget Estimates (p. 179) | AO17: 2013 Budget Estimates (p. 175) | AP17: 2014 Budget Estimates (p. 185) | AQ17: 2015 Budget Estimates (p. 189) | AR17: 2016 Budget Estimates (p. 167) | AS17: 2016-17 Budget Estimates (p. 173) | AT17: 2017-18 Budget Estimates (p. 159) | AU17: 2018-19 Budget Estimates (p. 158) | AV17: 2019-20 Budget Estimates (p. 157) | AW17: 2020-21 Budget Estimates (p. 147) | AX17: 2021-22 Budget Estimates (p. 148) | AY17: 2022-23 Budget Estimates (p. 147) | AZ17: 2023-24 Budget Estimates (p. 163) | BB17: =IF(H17=0,"","*") | BC17: =IF(I17=0,"","*") | BD17: =IF(J17=0,"","*") | BE17: =IF(K17=0,"","*") | BF17: =IF(L17=0,"","*") | BG17: =IF(M17=0,"","*") | BH17: =IF(N17=0,"","*") | BI17: =IF(O17=0,"","*") | BJ17: =IF(P17=0,"","*") | BK17: Budgeted | BL17: Budgeted | BM17: Budgeted | BN17: Budgeted | BO17: Budgeted | BP17: Budgeted | BQ17: Budgeted | BR17: Budgeted | BS17: Budgeted | BT17: Budgeted | BU17: Budgeted | BV17: Budgeted | BW17: Budgeted
A18: 9 | B18: Housing assistance for people with disabilities | C18: 2018 | D18: MHCD | E18: =_xlfn.XLOOKUP($C$2,$R$9:$AC$9,R18:AC18) -> 250 | F18: Social assistance benefits (272) | G18: Old age (7102) | Z18: 100 | AA18: 100 | AB18: 250 | AC18: 500 | AE18: =IF(H18=0,"","*") | AF18: =IF(I18=0,"","*") | AG18: =IF(J18=0,"","*") | AH18: =IF(K18=0,"","*") | AI18: =IF(L18=0,"","*") | AJ18: =IF(M18=0,"","*") | AK18: =IF(N18=0,"","*") | AL18: =IF(O18=0,"","*") | ... AV18: =IF(Y18=0,"","*") | AW18: 2020-21 Budget Estimates (p. 147) | AX18: 2021-22 Budget Estimates (p. 148) | AY18: 2022-23 Budget Estimates (p. 147) | AZ18: 2023-24 Budget Estimates (p. 163) | BB18: =IF(H18=0,"","*") | BC18: =IF(I18=0,"","*") | BD18: =IF(J18=0,"","*") | BE18: =IF(K18=0,"","*") | BF18: =IF(L18=0,"","*") | BG18: =IF(M18=0,"","*") | BH18: =IF(N18=0,"","*") | BI18: =IF(O18=0,"","*") | ... BS18: =IF(Y18=0,"","*") | BT18: Budgeted | BU18: Budgeted | BV18: Budgeted | BW18: Budgeted
A19: 10 | B19: Fiji Servicemen’s After Care Fund | C19: 2017 | D19: MDNS | E19: =_xlfn.XLOOKUP($C$2,$R$9:$AC$9,R19:AC19) -> 12452.688 | F19: Public servant benefits (273) | G19: Sickness and disability (7101) | Q19: 6881.645 | R19: 6881.645 | S19: 6881.645 | T19: 8400 | U19: 8776.749 | V19: 8776.749 | W19: 10985.749 | X19: 11685.749 | Y19: 11685.789 | Z19: 11486 | AA19: 12045.239 | AB19: 12452.688 | AC19: 14947.35 | AE19: =IF(H19=0,"","*") | AF19: =IF(I19=0,"","*") | AG19: =IF(J19=0,"","*") | AH19: =IF(K19=0,"","*") | AI19: =IF(L19=0,"","*") | AJ19: =IF(M19=0,"","*") | AK19: =IF(N19=0,"","*") | AL19: =IF(O19=0,"","*") | AM19: =IF(P19=0,"","*") | AN19: 2012 Budget Estimates (p. 179) | AO19: 2013 Budget Estimates (p. 33) | AP19: 2014 Budget Estimates (p. 35) | AQ19: 2015 Budget Estimates (p. 31) | AR19: 2016 Budget Estimates (p. 27) | AS19: 2016-17 Budget Estimates (p. 27) | AT19: 2017-18 Budget Estimates (p. 27) | AU19: 2018-19 Budget Estimates (p. 28) | AV19: 2019-20 Budget Estimates (p. 43) | AW19: 2020-21 Budget Estimates (p. 45) | AX19: 2021-22 Budget Estimates (p. 46) | AY19: 2022-23 Budget Estimates (p. 45) | AZ19: 2023-24 Budget Estimates (p. 17) | BB19: =IF(H19=0,"","*") | BC19: =IF(I19=0,"","*") | BD19: =IF(J19=0,"","*") | BE19: =IF(K19=0,"","*") | BF19: =IF(L19=0,"","*") | BG19: =IF(M19=0,"","*") | BH19: =IF(N19=0,"","*") | BI19: =IF(O19=0,"","*") | BJ19: =IF(P19=0,"","*") | BK19: Budgeted | BL19: Budgeted | BM19: Budgeted | BN19: Budgeted | BO19: Budgeted | BP19: Budgeted | BQ19: Budgeted | BR19: Budgeted | BS19: Budgeted | BT19: Budgeted | BU19: Budgeted | BV19: Budgeted | BW19: Budgeted
A20: 11 | B20: Accident Compensation Commission of Fiji (ACCF) | C20: 2014 | D20: MEPIR | E20: =_xlfn.XLOOKUP($C$2,$R$9:$AC$9,R20:AC20) -> 2406 | F20: Social insurance benefits (271) | G20: Old age (7102) | W20: 1000 | X20: 1700 | Y20: 2100 | Z20: 2184.5 | AA20: 2156 | AB20: 2406 | AC20: 2845.7 | AE20: =IF(H20=0,"","*") | AF20: =IF(I20=0,"","*") | AG20: =IF(J20=0,"","*") | AH20: =IF(K20=0,"","*") | AI20: =IF(L20=0,"","*") | AJ20: =IF(M20=0,"","*") | AK20: =IF(N20=0,"","*") | AL20: =IF(O20=0,"","*") | ... AS20: =IF(V20=0,"","*") | AT20: 2019-20 Budget Estimates (p. 58) | AU20: 2020-21 Budget Estimates (p. 60) | AV20: 2020-21 Budget Estimates (p. 60) | AW20: 2022-23 Budget Estimates (p. 60) | AX20: 2023-24 Budget Estimates (p. 68) | AY20: 2023-24 Budget Estimates (p. 68) | AZ20: 2023-24 Budget Estimates (p. 68) | BB20: =IF(H20=0,"","*") | BC20: =IF(I20=0,"","*") | BD20: =IF(J20=0,"","*") | BE20: =IF(K20=0,"","*") | BF20: =IF(L20=0,"","*") | BG20: =IF(M20=0,"","*") | BH20: =IF(N20=0,"","*") | BI20: =IF(O20=0,"","*") | ... BP20: =IF(V20=0,"","*") | BQ20: Actual | BR20: Actual | BS20: Revised estimate | BT20: Actual | BU20: Actual | BV20: Revised estimate | BW20: Budgeted
A21: 12 | B21: Pensions, gratuities and compassionate allowances | D21: Ministry of Economy | E21: =_xlfn.XLOOKUP($C$2,$R$9:$AC$9,R21:AC21) -> 31773.8 | F21: Public servant benefits (273) | G21: Old age (7102) | Q21: 36371.1 | R21: 34340.6 | S21: 36785.4 | T21: 39179.9 | U21: 38012.3 | V21: 34880.4 | W21: 36956.7 | X21: 34418.5 | Y21: 29620 | Z21: 30760.7 | AA21: 30022.1 | AB21: 31773.8 | AC21: 36539.9 | AE21: =IF(H21=0,"","*") | AF21: =IF(I21=0,"","*") | AG21: =IF(J21=0,"","*") | AH21: =IF(K21=0,"","*") | AI21: =IF(L21=0,"","*") | AJ21: =IF(M21=0,"","*") | AK21: =IF(N21=0,"","*") | AL21: =IF(O21=0,"","*") | AM21: =IF(P21=0,"","*") | AN21: 2014 Budget Estimates (p. 332) | AO21: 2015 Budget Estimates (p. 346)) | AP21: 2016 Budget Estimates (p. 300) | AQ21: 2016-17 Budget Estimates (p. 306) | AR21: 2017-18 Budget Estimates (p. 300) | AS21: 2018-19 Budget Estimates (p. 295) | AT21: 2019-20 Budget Estimates (p. 282) | AU21: 2020-21 Budget Estimates (p. 278) | AV21: 2020-21 Budget Estimates (p. 278) | AW21: 2022-23 Budget Estimates (p. 280) | AX21: 2023-24 Budget Estimates (p. 308) | AY21: 2023-24 Budget Estimates (p. 308) | AZ21: 2023-24 Budget Estimates (p. 308) | BB21: =IF(H21=0,"","*") | BC21: =IF(I21=0,"","*") | BD21: =IF(J21=0,"","*") | BE21: =IF(K21=0,"","*") | BF21: =IF(L21=0,"","*") | BG21: =IF(M21=0,"","*") | BH21: =IF(N21=0,"","*") | BI21: =IF(O21=0,"","*") | BJ21: =IF(P21=0,"","*") | BK21: Actual | BL21: Actual | BM21: Actual | BN21: Actual | BO21: Actual | BP21: Actual | BQ21: Actual | BR21: Actual | BS21: Revised estimate | BT21: Actual | BU21: Actual | BV21: Revised estimate | BW21: Budgeted
A22: 13 | B22: Social Welfare Top-Up (DFAT) | C22: 2020-21 | D22: MWCPA | E22: =_xlfn.XLOOKUP($C$2,$R$9:$AC$9,R22:AC22) -> 0 | F22: Social assistance benefits (272) | G22: Social protection n.e.c (7019) | Z22: 7804.792 | AE22: =IF(H22=0,"","*") | AF22: =IF(I22=0,"","*") | AG22: =IF(J22=0,"","*") | AH22: =IF(K22=0,"","*") | AI22: =IF(L22=0,"","*") | AJ22: =IF(M22=0,"","*") | AK22: =IF(N22=0,"","*") | AL22: =IF(O22=0,"","*") | ... AV22: =IF(Y22=0,"","*") | AW22: 2020-21 Budget Estimates (p. 153) | AX22: =IF(AA22=0,"","*") | AY22: =IF(AB22=0,"","*") | AZ22: =IF(AC22=0,"","*") | BB22: =IF(H22=0,"","*") | BC22: =IF(I22=0,"","*") | BD22: =IF(J22=0,"","*") | BE22: =IF(K22=0,"","*") | BF22: =IF(L22=0,"","*") | BG22: =IF(M22=0,"","*") | BH22: =IF(N22=0,"","*") | BI22: =IF(O22=0,"","*") | ... BS22: =IF(Y22=0,"","*") | BT22: Budgeted | BU22: =IF(AA22=0,"","*") | BV22: =IF(AB22=0,"","*") | BW22: =IF(AC22=0,"","*")
A23: 14 | B23: Child protection programme | D23: MWCPA | E23: =_xlfn.XLOOKUP($C$2,$R$9:$AC$9,R23:AC23) -> 100 | F23: Social assistance benefits (272) | G23: Family and children (7104) | R23: 150 | S23: 215.43 | U23: 500 | V23: 1000 | W23: 1256.785 | X23: 1256.785 | Y23: 500 | Z23: 100 | AA23: 50 | AB23: 100 | AC23: 200 | AE23: =IF(H23=0,"","*") | AF23: =IF(I23=0,"","*") | AG23: =IF(J23=0,"","*") | AH23: =IF(K23=0,"","*") | AI23: =IF(L23=0,"","*") | AJ23: =IF(M23=0,"","*") | AK23: =IF(N23=0,"","*") | AL23: =IF(O23=0,"","*") | ... AN23: =IF(Q23=0,"","*") | AO23: 2013 Budget Estimates (p. 181) | AP23: 2014 Budget Estimates (p. 191) | AQ23: =IF(T23=0,"","*") | AR23: 2016 Budget Estimates (p. 173) | AS23: 2016-17 Budget Estimates (p. 179) | AT23: 2017-18 Budget Estimates (p. 165) | AU23: 2018-19 Budget Estimates (p. 164) | AV23: 2019-20 Budget Estimates (p. 163) | AW23: 2020-21 Budget Estimates (p. 153) | AX23: 2021-22 Budget Estimates (p. 154) | AY23: 2022-23 Budget Estimates (p. 153) | AZ23: 2023-24 Budget Estimates (p. 169) | BB23: =IF(H23=0,"","*") | BC23: =IF(I23=0,"","*") | BD23: =IF(J23=0,"","*") | BE23: =IF(K23=0,"","*") | BF23: =IF(L23=0,"","*") | BG23: =IF(M23=0,"","*") | BH23: =IF(N23=0,"","*") | BI23: =IF(O23=0,"","*") | ... BK23: =IF(Q23=0,"","*") | BL23: Budgeted | BM23: Budgeted | BN23: =IF(T23=0,"","*") | BO23: Budgeted | BP23: Budgeted | BQ23: Budgeted | BR23: Budgeted | BS23: Budgeted | BT23: Budgeted | BU23: Budgeted | BV23: Budgeted | BW23: Budgeted
A24: 15 | B24: Child helpline | D24: MWCPA | E24: =_xlfn.XLOOKUP($C$2,$R$9:$AC$9,R24:AC24) -> 200 | F24: Social assistance benefits (272) | G24: Family and children (7104) | Z24: 200 | AA24: 180 | AB24: 200 | AC24: 200 | AE24: =IF(H24=0,"","*") | AF24: =IF(I24=0,"","*") | AG24: =IF(J24=0,"","*") | AH24: =IF(K24=0,"","*") | AI24: =IF(L24=0,"","*") | AJ24: =IF(M24=0,"","*") | AK24: =IF(N24=0,"","*") | AL24: =IF(O24=0,"","*") | ... AV24: =IF(Y24=0,"","*") | AW24: 2020-21 Budget Estimates (p. 153) | AX24: 2021-22 Budget Estimates (p. 154) | AY24: 2022-23 Budget Estimates (p. 153) | AZ24: 2023-24 Budget Estimates (p. 169) | BB24: =IF(H24=0,"","*") | BC24: =IF(I24=0,"","*") | BD24: =IF(J24=0,"","*") | BE24: =IF(K24=0,"","*") | BF24: =IF(L24=0,"","*") | BG24: =IF(M24=0,"","*") | BH24: =IF(N24=0,"","*") | BI24: =IF(O24=0,"","*") | ... BS24: =IF(Y24=0,"","*") | BT24: Budgeted | BU24: Budgeted | BV24: Budgeted | BW24: Budgeted
A25: 16 | B25: Social Welfare Management Information System (DFAT) | D25: MWCPA | E25: =_xlfn.XLOOKUP($C$2,$R$9:$AC$9,R25:AC25) -> 500 | F25: Social assistance benefits (272) | G25: Social protection n.e.c (7019) | Z25: 2193.702 | AA25: 150 | AB25: 500 | AC25: 1800 | AE25: =IF(H25=0,"","*") | AF25: =IF(I25=0,"","*") | AG25: =IF(J25=0,"","*") | AH25: =IF(K25=0,"","*") | AI25: =IF(L25=0,"","*") | AJ25: =IF(M25=0,"","*") | AK25: =IF(N25=0,"","*") | AL25: =IF(O25=0,"","*") | ... AV25: =IF(Y25=0,"","*") | AW25: 2020-21 Budget Estimates (p. 153) | AX25: 2021-22 Budget Estimates (p. 154) | AY25: 2022-23 Budget Estimates (p. 153) | AZ25: 2023-24 Budget Estimates (p. 169) | BB25: =IF(H25=0,"","*") | BC25: =IF(I25=0,"","*") | BD25: =IF(J25=0,"","*") | BE25: =IF(K25=0,"","*") | BF25: =IF(L25=0,"","*") | BG25: =IF(M25=0,"","*") | BH25: =IF(N25=0,"","*") | BI25: =IF(O25=0,"","*") | ... BS25: =IF(Y25=0,"","*") | BT25: Budgeted | BU25: Budgeted | BV25: Budgeted | BW25: Budgeted
A26: 17 | B26: Ageing with Dignity | D26: MWCPA | E26: =_xlfn.XLOOKUP($C$2,$R$9:$AC$9,R26:AC26) -> 45 | F26: Social assistance benefits (272) | G26: Old age (7102) | AB26: 45 | AE26: =IF(H26=0,"","*") | AF26: =IF(I26=0,"","*") | AG26: =IF(J26=0,"","*") | AH26: =IF(K26=0,"","*") | AI26: =IF(L26=0,"","*") | AJ26: =IF(M26=0,"","*") | AK26: =IF(N26=0,"","*") | AL26: =IF(O26=0,"","*") | ... AW26: =IF(Z26=0,"","*") | AY26: 2022-23 Budget Estimates (p. 153) | AZ26: =IF(AC26=0,"","*") | BB26: =IF(H26=0,"","*") | BC26: =IF(I26=0,"","*") | BD26: =IF(J26=0,"","*") | BE26: =IF(K26=0,"","*") | BF26: =IF(L26=0,"","*") | BG26: =IF(M26=0,"","*") | BH26: =IF(N26=0,"","*") | BI26: =IF(O26=0,"","*") | ... BT26: =IF(Z26=0,"","*") | BV26: Budgeted | BW26: =IF(AC26=0,"","*")
A27: 18 | B27: Welfare Graduation Programme | D27: MWCPA | E27: =_xlfn.XLOOKUP($C$2,$R$9:$AC$9,R27:AC27) -> 0 | F27: Social assistance benefits (272) | G27: Social exclusion n.e.c (7107) | AC27: 200 | AE27: =IF(H27=0,"","*") | AF27: =IF(I27=0,"","*") | AG27: =IF(J27=0,"","*") | AH27: =IF(K27=0,"","*") | AI27: =IF(L27=0,"","*") | AJ27: =IF(M27=0,"","*") | AK27: =IF(N27=0,"","*") | AL27: =IF(O27=0,"","*") | ... AW27: =IF(Z27=0,"","*") | AY27: =IF(AB27=0,"","*") | AZ27: 2023-24 Budget Estimates (p. 169) | BB27: =IF(H27=0,"","*") | BC27: =IF(I27=0,"","*") | BD27: =IF(J27=0,"","*") | BE27: =IF(K27=0,"","*") | BF27: =IF(L27=0,"","*") | BG27: =IF(M27=0,"","*") | BH27: =IF(N27=0,"","*") | BI27: =IF(O27=0,"","*") | ... BT27: =IF(Z27=0,"","*") | BV27: =IF(AB27=0,"","*") | BW27: Budgeted
A28: 19 | B28: Unemployment benefit (COVID-19) | C28: 2020-22 | F28: Social assistance benefits (272) | G28: Unemployment (7105) | Z28: 191301.9 | AA28: 193150.8 | AW28: 2022-23 Budget Estimates (p. 276) | AX28: 2023-24 Budget Estimates (p. 304) | BR28: =IF(X28=0,"","*") | BS28: =IF(Y28=0,"","*") | BT28: Actual | BU28: Actual | BV28: =IF(AB28=0,"","*") | BW28: =IF(AC28=0,"","*")
A29: 20 | B29: Inflation mitigation - children and C&P allowance | C29: 2022-23 | F29: Social assistance benefits (272) | G29: Family and children (7104) | AB29: 50997.592 | AY29: Author calculations based on media reports | BV29: Actual
A30: 21 | B30: Inflation mitigation - tertiary students | C30: 2022-23 | F30: Social assistance benefits (272) | G30: Social protection n.e.c (7019) | AB30: 3821.04 | AY30: Author calculations based on media reports | BV30: Actual
A31: 22 | B31: Inflation mitigation - Social pension scheme | C31: 2022-23 | F31: Social assistance benefits (272) | G31: Old age (7102) | AB31: 7906.28 | AY31: Author calculations based on media reports | BV31: Actual
A32: 23 | B32: Inflation mitigation - Disability allowance | C32: 2022-23 | F32: Social assistance benefits (272) | G32: Sickness and disability (7101) | AB32: 1569.408 | AY32: Author calculations based on media reports | BV32: Actual
A33: 24 | B33: Inflation mitigation - FAS / PBS | C33: 2022-23 | F33: Social assistance benefits (272) | G33: Social exclusion n.e.c (7107) | AB33: 4042.36 | AE33: =IF(H33=0,"","*") | AF33: =IF(I33=0,"","*") | AG33: =IF(J33=0,"","*") | AH33: =IF(K33=0,"","*") | AI33: =IF(L33=0,"","*") | AJ33: =IF(M33=0,"","*") | AK33: =IF(N33=0,"","*") | AL33: =IF(O33=0,"","*") | ... AW33: =IF(Z33=0,"","*") | AY33: Author calculations based on media reports | AZ33: =IF(AC33=0,"","*") | BB33: =IF(H33=0,"","*") | BC33: =IF(I33=0,"","*") | BD33: =IF(J33=0,"","*") | BE33: =IF(K33=0,"","*") | BF33: =IF(L33=0,"","*") | BG33: =IF(M33=0,"","*") | BH33: =IF(N33=0,"","*") | BI33: =IF(O33=0,"","*") | ... BT33: =IF(Z33=0,"","*") | BV33: Actual | BW33: =IF(AC33=0,"","*")
A34: 25 | B34: Inflation mitigation - Aftercare and pensioners | C34: 2022-23 | F34: Public servant benefits (273) | G34: Old age (7102) | AB34: 1293.84 | AE34: =IF(H34=0,"","*") | AF34: =IF(I34=0,"","*") | AG34: =IF(J34=0,"","*") | AH34: =IF(K34=0,"","*") | AI34: =IF(L34=0,"","*") | AJ34: =IF(M34=0,"","*") | AK34: =IF(N34=0,"","*") | AL34: =IF(O34=0,"","*") | ... AW34: =IF(Z34=0,"","*") | AY34: Author calculations based on media reports | AZ34: =IF(AC34=0,"","*") | BB34: =IF(H34=0,"","*") | BC34: =IF(I34=0,"","*") | BD34: =IF(J34=0,"","*") | BE34: =IF(K34=0,"","*") | BF34: =IF(L34=0,"","*") | BG34: =IF(M34=0,"","*") | BH34: =IF(N34=0,"","*") | BI34: =IF(O34=0,"","*") | ... BT34: =IF(Z34=0,"","*") | BV34: Actual | BW34: =IF(AC34=0,"","*")
B35: Provident fund withdrawals
A36: PF1 | B36: FNPF - Retirement (55 years and over) | C36: 1966 | D36: FNPF | E36: =_xlfn.XLOOKUP($C$2,$R$9:$AC$9,R36:AC36) -> 189690 | F36: Provident fund withdrawals | G36: Old age (7102) | P36: 120700 | Q36: 117500 | R36: 109300 | S36: 115000 | T36: 123100 | U36: 136000 | V36: 137306 | W36: 143981 | X36: 167131 | Y36: 191798 | Z36: 217917 | AA36: 209785 | AB36: 189690 | AE36: =IF(H36=0,"","*") | AF36: =IF(I36=0,"","*") | AG36: =IF(J36=0,"","*") | AH36: =IF(K36=0,"","*") | AI36: =IF(L36=0,"","*") | AJ36: =IF(M36=0,"","*") | AK36: =IF(N36=0,"","*") | AL36: =IF(O36=0,"","*") | AM36: FNPF Annual Report 2015 (p. 5) | AN36: FNPF Annual Report 2015 (p. 5) | AO36: FNPF Annual Report 2015 (p. 5) | AP36: FNPF Annual Report 2015 (p. 5) | AQ36: FNPF Annual Report 2015 (p. 5) | AR36: FNPF Annual Report 2015 (p. 5) | AS36: FNPF Annual Report 2017 (p.106) | AT36: FNPF Annual Report 2018 (p.105) | AU36: FNPF Annual Report 2019 (p.135) | AV36: FNPF Annual Report 2021 (p.103) | AW36: FNPF Annual Report 2021 (p.103) | AX36: FNPF Annual Report 2022 (p.102) | AY36: FNPF Annual Report 2023 (p.100) | AZ36: =IF(AC36=0,"","*") | BB36: =IF(H36=0,"","*") | BC36: =IF(I36=0,"","*") | BD36: =IF(J36=0,"","*") | BE36: =IF(K36=0,"","*") | BF36: =IF(L36=0,"","*") | BG36: =IF(M36=0,"","*") | BH36: =IF(N36=0,"","*") | BI36: =IF(O36=0,"","*") | BJ36: Actual | BK36: Actual | BL36: Actual | BM36: Actual | BN36: Actual | BO36: Actual | BP36: Actual | BQ36: Actual | BR36: Actual | BS36: Actual | BT36: Actual | BU36: Actual | BV36: Actual | BW36: =IF(AC36=0,"","*")
A37: PF2 | B37: FNPF - Disability | C37: 1966 | D37: FNPF | E37: =_xlfn.XLOOKUP($C$2,$R$9:$AC$9,R37:AC37) -> 7542 | F37: Provident fund withdrawals | G37: Survivors (7103) | P37: 3600 | Q37: 3500 | R37: 4900 | S37: 3200 | T37: 3200 | U37: 4754 | V37: 4555 | W37: 4827 | X37: 4517 | Y37: 3899 | Z37: 5080 | AA37: 5637 | AB37: 7542 | AE37: =IF(H37=0,"","*") | AF37: =IF(I37=0,"","*") | AG37: =IF(J37=0,"","*") | AH37: =IF(K37=0,"","*") | AI37: =IF(L37=0,"","*") | AJ37: =IF(M37=0,"","*") | AK37: =IF(N37=0,"","*") | AL37: =IF(O37=0,"","*") | AM37: FNPF Annual Report 2015 (p. 5) | AN37: FNPF Annual Report 2015 (p. 5) | AO37: FNPF Annual Report 2015 (p. 5) | AP37: FNPF Annual Report 2015 (p. 5) | AQ37: FNPF Annual Report 2015 (p. 5) | AR37: FNPF Annual Report 2015 (p. 5) | AS37: FNPF Annual Report 2017 (p.106) | AT37: FNPF Annual Report 2018 (p.105) | AU37: FNPF Annual Report 2019 (p.135) | AV37: FNPF Annual Report 2021 (p.103) | AW37: FNPF Annual Report 2021 (p.103) | AX37: FNPF Annual Report 2022 (p.102) | AY37: FNPF Annual Report 2023 (p.100) | AZ37: =IF(AC37=0,"","*") | BB37: =IF(H37=0,"","*") | BC37: =IF(I37=0,"","*") | BD37: =IF(J37=0,"","*") | BE37: =IF(K37=0,"","*") | BF37: =IF(L37=0,"","*") | BG37: =IF(M37=0,"","*") | BH37: =IF(N37=0,"","*") | BI37: =IF(O37=0,"","*") | BJ37: Actual | BK37: Actual | BL37: Actual | BM37: Actual | BN37: Actual | BO37: Actual | BP37: Actual | BQ37: Actual | BR37: Actual | BS37: Actual | BT37: Actual | BU37: Actual | BV37: Actual | BW37: =IF(AC37=0,"","*")
A38: PF3 | B38: FNPF - Death | C38: 1966 | D38: FNPF | E38: =_xlfn.XLOOKUP($C$2,$R$9:$AC$9,R38:AC38) -> 34137 | F38: Provident fund withdrawals | G38: Sickness and disability (7101) | P38: 10700 | Q38: 15100 | R38: 17400 | S38: 15700 | T38: 14500 | U38: 17593 | V38: 21962 | W38: 22490 | X38: 23455 | Y38: 26742 | Z38: 26561 | AA38: 37908 | AB38: 34137 | AE38: =IF(H38=0,"","*") | AF38: =IF(I38=0,"","*") | AG38: =IF(J38=0,"","*") | AH38: =IF(K38=0,"","*") | AI38: =IF(L38=0,"","*") | AJ38: =IF(M38=0,"","*") | AK38: =IF(N38=0,"","*") | AL38: =IF(O38=0,"","*") | AM38: FNPF Annual Report 2015 (p. 5) | AN38: FNPF Annual Report 2015 (p. 5) | AO38: FNPF Annual Report 2015 (p. 5) | AP38: FNPF Annual Report 2015 (p. 5) | AQ38: FNPF Annual Report 2015 (p. 5) | AR38: FNPF Annual Report 2015 (p. 5) | AS38: FNPF Annual Report 2017 (p.106) | AT38: FNPF Annual Report 2018 (p.105) | AU38: FNPF Annual Report 2019 (p.135) | AV38: FNPF Annual Report 2021 (p.103) | AW38: FNPF Annual Report 2021 (p.103) | AX38: FNPF Annual Report 2022 (p.102) | AY38: FNPF Annual Report 2023 (p.100) | AZ38: =IF(AC38=0,"","*") | BB38: =IF(H38=0,"","*") | BC38: =IF(I38=0,"","*") | BD38: =IF(J38=0,"","*") | BE38: =IF(K38=0,"","*") | BF38: =IF(L38=0,"","*") | BG38: =IF(M38=0,"","*") | BH38: =IF(N38=0,"","*") | BI38: =IF(O38=0,"","*") | BJ38: Actual | BK38: Actual | BL38: Actual | BM38: Actual | BN38: Actual | BO38: Actual | BP38: Actual | BQ38: Actual | BR38: Actual | BS38: Actual | BT38: Actual | BU38: Actual | BV38: Actual | BW38: =IF(AC38=0,"","*")
A39: PF4 | B39: FNPF - Housing transfers | C39: 1966 | D39: FNPF | E39: =_xlfn.XLOOKUP($C$2,$R$9:$AC$9,R39:AC39) -> 61997 | F39: Provident fund withdrawals | G39: Housing (7106) | P39: 33300 | Q39: 40200 | R39: 47800 | S39: 48700 | T39: 59500 | U39: 44853 | V39: 32848 | W39: 44234 | X39: 57545 | Y39: 55525 | Z39: 66866 | AA39: 78465 | AB39: 61997 | AE39: =IF(H39=0,"","*") | AF39: =IF(I39=0,"","*") | AG39: =IF(J39=0,"","*") | AH39: =IF(K39=0,"","*") | AI39: =IF(L39=0,"","*") | AJ39: =IF(M39=0,"","*") | AK39: =IF(N39=0,"","*") | AL39: =IF(O39=0,"","*") | AM39: FNPF Annual Report 2015 (p. 5) | AN39: FNPF Annual Report 2015 (p. 5) | AO39: FNPF Annual Report 2015 (p. 5) | AP39: FNPF Annual Report 2015 (p. 5) | AQ39: FNPF Annual Report 2015 (p. 5) | AR39: FNPF Annual Report 2015 (p. 5) | AS39: FNPF Annual Report 2017 (p.106) | AT39: FNPF Annual Report 2018 (p.105) | AU39: FNPF Annual Report 2019 (p.135) | AV39: FNPF Annual Report 2021 (p.103) | AW39: FNPF Annual Report 2021 (p.103) | AX39: FNPF Annual Report 2022 (p.102) | AY39: FNPF Annual Report 2023 (p.100) | AZ39: =IF(AC39=0,"","*") | BB39: =IF(H39=0,"","*") | BC39: =IF(I39=0,"","*") | BD39: =IF(J39=0,"","*") | BE39: =IF(K39=0,"","*") | BF39: =IF(L39=0,"","*") | BG39: =IF(M39=0,"","*") | BH39: =IF(N39=0,"","*") | BI39: =IF(O39=0,"","*") | BJ39: Actual | BK39: Actual | BL39: Actual | BM39: Actual | BN39: Actual | BO39: Actual | BP39: Actual | BQ39: Actual | BR39: Actual | BS39: Actual | BT39: Actual | BU39: Actual | BV39: Actual | BW39: =IF(AC39=0,"","*")
A40: PF7 | B40: FNPF - Partial including COVID-19 | C40: 1966 | D40: FNPF | E40: =_xlfn.XLOOKUP($C$2,$R$9:$AC$9,R40:AC40) -> 49359 | F40: Provident fund withdrawals | G40: Unemployment (7105) | P40: 45200 | Q40: 45500 | R40: 52700 | S40: 49800 | T40: 58200 | U40: 52613 | V40: 47500 | W40: 63771 | X40: 56241 | Y40: 117527 | Z40: 144948 | AA40: 64367 | AB40: 49359 | AE40: =IF(H40=0,"","*") | AF40: =IF(I40=0,"","*") | AG40: =IF(J40=0,"","*") | AH40: =IF(K40=0,"","*") | AI40: =IF(L40=0,"","*") | AJ40: =IF(M40=0,"","*") | AK40: =IF(N40=0,"","*") | AL40: =IF(O40=0,"","*") | AM40: FNPF Annual Report 2015 (p. 5) | AN40: FNPF Annual Report 2015 (p. 5) | AO40: FNPF Annual Report 2015 (p. 5) | AP40: FNPF Annual Report 2015 (p. 5) | AQ40: FNPF Annual Report 2015 (p. 5) | AR40: FNPF Annual Report 2015 (p. 5) | AS40: FNPF Annual Report 2017 (p.106) | AT40: FNPF Annual Report 2018 (p.105) | AU40: FNPF Annual Report 2019 (p.135) | AV40: FNPF Annual Report 2021 (p.103) | AW40: FNPF Annual Report 2021 (p.103) | AX40: FNPF Annual Report 2022 (p.102) | AY40: FNPF Annual Report 2023 (p.100) | AZ40: =IF(AC40=0,"","*") | BB40: =IF(H40=0,"","*") | BC40: =IF(I40=0,"","*") | BD40: =IF(J40=0,"","*") | BE40: =IF(K40=0,"","*") | BF40: =IF(L40=0,"","*") | BG40: =IF(M40=0,"","*") | BH40: =IF(N40=0,"","*") | BI40: =IF(O40=0,"","*") | BJ40: Actual | BK40: Actual | BL40: Actual | BM40: Actual | BN40: Actual | BO40: Actual | BP40: Actual | BQ40: Actual | BR40: Actual | BS40: Actual | BT40: Actual | BU40: Actual | BV40: Actual | BW40: =IF(AC40=0,"","*")
A41: PF8 | B41: FNPF - Small accounts | C41: 1966 | D41: FNPF | E41: =_xlfn.XLOOKUP($C$2,$R$9:$AC$9,R41:AC41) -> 5912 | F41: Provident fund withdrawals | G41: Social protection n.e.c (7019) | U41: 341 | V41: 302 | W41: 2210 | X41: 1448 | Y41: 1444 | Z41: 1883 | AA41: 17509 | AB41: 5912 | AE41: =IF(H41=0,"","*") | AF41: =IF(I41=0,"","*") | AG41: =IF(J41=0,"","*") | AH41: =IF(K41=0,"","*") | AI41: =IF(L41=0,"","*") | AJ41: =IF(M41=0,"","*") | AK41: =IF(N41=0,"","*") | AL41: =IF(O41=0,"","*") | ... AQ41: =IF(T41=0,"","*") | AR41: FNPF Annual Report 2015 (p. 5) | AS41: FNPF Annual Report 2017 (p.106) | AT41: FNPF Annual Report 2018 (p.105) | AU41: FNPF Annual Report 2019 (p.135) | AV41: FNPF Annual Report 2021 (p.103) | AW41: FNPF Annual Report 2021 (p.103) | AX41: FNPF Annual Report 2022 (p.102) | AY41: FNPF Annual Report 2023 (p.100) | AZ41: =IF(AC41=0,"","*") | BB41: =IF(H41=0,"","*") | BC41: =IF(I41=0,"","*") | BD41: =IF(J41=0,"","*") | BE41: =IF(K41=0,"","*") | BF41: =IF(L41=0,"","*") | BG41: =IF(M41=0,"","*") | BH41: =IF(N41=0,"","*") | BI41: =IF(O41=0,"","*") | ... BN41: =IF(T41=0,"","*") | BO41: Actual | BP41: Actual | BQ41: Actual | BR41: Actual | BS41: Actual | BT41: Actual | BU41: Actual | BV41: Actual | BW41: =IF(AC41=0,"","*")
A42: PF9 | B42: FNPF - Annuities | C42: 1966 | D42: FNPF | E42: =_xlfn.XLOOKUP($C$2,$R$9:$AC$9,R42:AC42) -> 26179 | F42: Provident fund withdrawals | G42: Old age (7102) | P42: 49100 | Q42: 43200 | R42: 23400 | S42: 23900 | T42: 23600 | U42: 24237 | V42: 24314 | W42: 23782 | X42: 24357 | Y42: 29340 | Z42: 25281 | AA42: 25740 | AB42: 26179 | AE42: =IF(H42=0,"","*") | AF42: =IF(I42=0,"","*") | AG42: =IF(J42=0,"","*") | AH42: =IF(K42=0,"","*") | AI42: =IF(L42=0,"","*") | AJ42: =IF(M42=0,"","*") | AK42: =IF(N42=0,"","*") | AL42: =IF(O42=0,"","*") | AM42: FNPF Annual Report 2015 (p. 5) | AN42: FNPF Annual Report 2015 (p. 5) | AO42: FNPF Annual Report 2015 (p. 5) | AP42: FNPF Annual Report 2015 (p. 5) | AQ42: FNPF Annual Report 2015 (p. 5) | AR42: FNPF Annual Report 2015 (p. 5) | AS42: FNPF Annual Report 2017 (p.106) | AT42: FNPF Annual Report 2018 (p.105) | AU42: FNPF Annual Report 2019 (p.135) | AV42: FNPF Annual Report 2021 (p.103) | AW42: FNPF Annual Report 2021 (p.103) | AX42: FNPF Annual Report 2022 (p.102) | AY42: FNPF Annual Report 2023 (p.100) | AZ42: =IF(AC42=0,"","*") | BB42: =IF(H42=0,"","*") | BC42: =IF(I42=0,"","*") | BD42: =IF(J42=0,"","*") | BE42: =IF(K42=0,"","*") | BF42: =IF(L42=0,"","*") | BG42: =IF(M42=0,"","*") | BH42: =IF(N42=0,"","*") | BI42: =IF(O42=0,"","*") | BJ42: Actual | BK42: Actual | BL42: Actual | BM42: Actual | BN42: Actual | BO42: Actual | BP42: Actual | BQ42: Actual | BR42: Actual | BS42: Actual | BT42: Actual | BU42: Actual | BV42: Actual | BW42: =IF(AC42=0,"","*")
A43: PF10 | B43: FNPF - TC Winston Assistance | C43: 1966 | D43: FNPF | E43: =_xlfn.XLOOKUP($C$2,$R$9:$AC$9,R43:AC43) -> 0 | F43: Provident fund withdrawals | G43: Social protection n.e.c (7019) | U43: 275492 | AE43: =IF(H43=0,"","*") | AF43: =IF(I43=0,"","*") | AG43: =IF(J43=0,"","*") | AH43: =IF(K43=0,"","*") | AI43: =IF(L43=0,"","*") | AJ43: =IF(M43=0,"","*") | AK43: =IF(N43=0,"","*") | AL43: =IF(O43=0,"","*") | ... AQ43: =IF(T43=0,"","*") | AR43: FNPF Annual Report 2015 (p. 5) | AS43: =IF(V43=0,"","*") | AT43: =IF(W43=0,"","*") | AU43: =IF(X43=0,"","*") | AV43: =IF(Y43=0,"","*") | AW43: =IF(Z43=0,"","*") | AZ43: =IF(AC43=0,"","*") | BB43: =IF(H43=0,"","*") | BC43: =IF(I43=0,"","*") | BD43: =IF(J43=0,"","*") | BE43: =IF(K43=0,"","*") | BF43: =IF(L43=0,"","*") | BG43: =IF(M43=0,"","*") | BH43: =IF(N43=0,"","*") | BI43: =IF(O43=0,"","*") | ... BN43: =IF(T43=0,"","*") | BO43: Actual | BP43: Actual | BQ43: =IF(W43=0,"","*") | BR43: =IF(X43=0,"","*") | BS43: =IF(Y43=0,"","*") | BT43: =IF(Z43=0,"","*") | BU43: =IF(AA43=0,"","*") | BV43: =IF(AB43=0,"","*") | BW43: =IF(AC43=0,"","*")
A44: PF11 | B44: FNPF - Unclaimed - Over 65 years | C44: 1966 | D44: FNPF | E44: =_xlfn.XLOOKUP($C$2,$R$9:$AC$9,R44:AC44) -> 0 | F44: Provident fund withdrawals | G44: Social protection n.e.c (7019) | U44: 106 | AE44: =IF(H44=0,"","*") | AF44: =IF(I44=0,"","*") | AG44: =IF(J44=0,"","*") | AH44: =IF(K44=0,"","*") | AI44: =IF(L44=0,"","*") | AJ44: =IF(M44=0,"","*") | AK44: =IF(N44=0,"","*") | AL44: =IF(O44=0,"","*") | ... AQ44: =IF(T44=0,"","*") | AR44: FNPF Annual Report 2015 (p. 5) | AS44: =IF(V44=0,"","*") | AT44: =IF(W44=0,"","*") | AU44: =IF(X44=0,"","*") | AV44: =IF(Y44=0,"","*") | AW44: =IF(Z44=0,"","*") | AZ44: =IF(AC44=0,"","*") | BB44: =IF(H44=0,"","*") | BC44: =IF(I44=0,"","*") | BD44: =IF(J44=0,"","*") | BE44: =IF(K44=0,"","*") | BF44: =IF(L44=0,"","*") | BG44: =IF(M44=0,"","*") | BH44: =IF(N44=0,"","*") | BI44: =IF(O44=0,"","*") | ... BN44: =IF(T44=0,"","*") | BO44: Actual | BP44: Actual | BQ44: =IF(W44=0,"","*") | BR44: =IF(X44=0,"","*") | BS44: =IF(Y44=0,"","*") | BT44: =IF(Z44=0,"","*") | BU44: =IF(AA44=0,"","*") | BV44: =IF(AB44=0,"","*") | BW44: =IF(AC44=0,"","*")
A45: PF12
A46: PF13
A47: PF14
A48: PF15
A49: PF16
A50: PF17
A51: PF18
A52: PF19 | AE52: =IF(H52=0,"","*") | AF52: =IF(I52=0,"","*") | AG52: =IF(J52=0,"","*") | AH52: =IF(K52=0,"","*") | AI52: =IF(L52=0,"","*") | AJ52: =IF(M52=0,"","*") | AK52: =IF(N52=0,"","*") | AL52: =IF(O52=0,"","*") | ... AW52: =IF(Z52=0,"","*") | AY52: =IF(AB52=0,"","*") | AZ52: =IF(AC52=0,"","*") | BB52: =IF(H52=0,"","*") | BC52: =IF(I52=0,"","*") | BD52: =IF(J52=0,"","*") | BE52: =IF(K52=0,"","*") | BF52: =IF(L52=0,"","*") | BG52: =IF(M52=0,"","*") | BH52: =IF(N52=0,"","*") | BI52: =IF(O52=0,"","*") | ... BT52: =IF(Z52=0,"","*") | BV52: =IF(AB52=0,"","*") | BW52: =IF(AC52=0,"","*")
A53: PF20 | AE53: =IF(H53=0,"","*") | AF53: =IF(I53=0,"","*") | AG53: =IF(J53=0,"","*") | AH53: =IF(K53=0,"","*") | AI53: =IF(L53=0,"","*") | AJ53: =IF(M53=0,"","*") | AK53: =IF(N53=0,"","*") | AL53: =IF(O53=0,"","*") | ... AW53: =IF(Z53=0,"","*") | AY53: =IF(AB53=0,"","*") | AZ53: =IF(AC53=0,"","*") | BB53: =IF(H53=0,"","*") | BC53: =IF(I53=0,"","*") | BD53: =IF(J53=0,"","*") | BE53: =IF(K53=0,"","*") | BF53: =IF(L53=0,"","*") | BG53: =IF(M53=0,"","*") | BH53: =IF(N53=0,"","*") | BI53: =IF(O53=0,"","*") | ... BT53: =IF(Z53=0,"","*") | BV53: =IF(AB53=0,"","*") | BW53: =IF(AC53=0,"","*")
B54: Not included
A55: NA1 | B55: FNPF - Migration | C55: 1966 | D55: FNPF | E55: =_xlfn.XLOOKUP($C$2,$R$9:$AC$9,R55:AC55) -> 75334 | F55: Provident fund withdrawals | P55: 31900 | Q55: 37800 | R55: 27800 | S55: 25300 | T55: 27100 | U55: 28016 | V55: 28223 | W55: 25536 | X55: 26681 | Y55: 24190 | Z55: 20847 | AA55: 36184 | AB55: 75334 | AE55: =IF(H55=0,"","*") | AF55: =IF(I55=0,"","*") | AG55: =IF(J55=0,"","*") | AH55: =IF(K55=0,"","*") | AI55: =IF(L55=0,"","*") | AJ55: =IF(M55=0,"","*") | AK55: =IF(N55=0,"","*") | AL55: =IF(O55=0,"","*") | AM55: FNPF Annual Report 2015 (p. 5) | AN55: FNPF Annual Report 2015 (p. 5) | AO55: FNPF Annual Report 2015 (p. 5) | AP55: FNPF Annual Report 2015 (p. 5) | AQ55: FNPF Annual Report 2015 (p. 5) | AR55: FNPF Annual Report 2015 (p. 5) | AS55: FNPF Annual Report 2017 (p.106) | AT55: FNPF Annual Report 2018 (p.105) | AU55: FNPF Annual Report 2019 (p.135) | AV55: FNPF Annual Report 2021 (p.103) | AW55: FNPF Annual Report 2021 (p.103) | AX55: FNPF Annual Report 2022 (p.102) | AY55: FNPF Annual Report 2023 (p.100) | AZ55: =IF(AC55=0,"","*") | BB55: =IF(H55=0,"","*") | BC55: =IF(I55=0,"","*") | BD55: =IF(J55=0,"","*") | BE55: =IF(K55=0,"","*") | BF55: =IF(L55=0,"","*") | BG55: =IF(M55=0,"","*") | BH55: =IF(N55=0,"","*") | BI55: =IF(O55=0,"","*") | BJ55: Actual | BK55: Actual | BL55: Actual | BM55: Actual | BN55: Actual | BO55: Actual | BP55: Actual | BQ55: Actual | BR55: Actual | BS55: Actual | BT55: Actual | BV55: Actual | BW55: =IF(AC55=0,"","*")
A56: NA2 | B56: FNPF - Non-citizen migrating | C56: 1966 | D56: FNPF | E56: =_xlfn.XLOOKUP($C$2,$R$9:$AC$9,R56:AC56) -> 8457 | F56: Provident fund withdrawals | P56: 5100 | Q56: 6500 | R56: 6500 | S56: 5700 | T56: 5200 | U56: 6317 | V56: 7956 | W56: 7785 | X56: 9918 | Y56: 9375 | Z56: 9085 | AA56: 6770 | AB56: 8457 | AE56: =IF(H56=0,"","*") | AF56: =IF(I56=0,"","*") | AG56: =IF(J56=0,"","*") | AH56: =IF(K56=0,"","*") | AI56: =IF(L56=0,"","*") | AJ56: =IF(M56=0,"","*") | AK56: =IF(N56=0,"","*") | AL56: =IF(O56=0,"","*") | AM56: FNPF Annual Report 2015 (p. 5) | AN56: FNPF Annual Report 2015 (p. 5) | AO56: FNPF Annual Report 2015 (p. 5) | AP56: FNPF Annual Report 2015 (p. 5) | AQ56: FNPF Annual Report 2015 (p. 5) | AR56: FNPF Annual Report 2015 (p. 5) | AS56: FNPF Annual Report 2017 (p.106) | AT56: FNPF Annual Report 2018 (p.105) | AU56: FNPF Annual Report 2019 (p.135) | AV56: FNPF Annual Report 2021 (p.103) | AW56: FNPF Annual Report 2021 (p.103) | AX56: FNPF Annual Report 2022 (p.102) | AY56: FNPF Annual Report 2023 (p.100) | AZ56: =IF(AC56=0,"","*") | BB56: =IF(H56=0,"","*") | BC56: =IF(I56=0,"","*") | BD56: =IF(J56=0,"","*") | BE56: =IF(K56=0,"","*") | BF56: =IF(L56=0,"","*") | BG56: =IF(M56=0,"","*") | BH56: =IF(N56=0,"","*") | BI56: =IF(O56=0,"","*") | BJ56: Actual | BK56: Actual | BL56: Actual | BM56: Actual | BN56: Actual | BO56: Actual | BP56: Actual | BQ56: Actual | BR56: Actual | BS56: Actual | BT56: Actual | BV56: Actual | BW56: =IF(AC56=0,"","*")
A57: NA3 | AE57: =IF(H57=0,"","*") | AF57: =IF(I57=0,"","*") | AG57: =IF(J57=0,"","*") | AH57: =IF(K57=0,"","*") | AI57: =IF(L57=0,"","*") | AJ57: =IF(M57=0,"","*") | AK57: =IF(N57=0,"","*") | AL57: =IF(O57=0,"","*") | ... AW57: =IF(Z57=0,"","*") | AY57: =IF(AB57=0,"","*") | AZ57: =IF(AC57=0,"","*") | BB57: =IF(H57=0,"","*") | BC57: =IF(I57=0,"","*") | BD57: =IF(J57=0,"","*") | BE57: =IF(K57=0,"","*") | BF57: =IF(L57=0,"","*") | BG57: =IF(M57=0,"","*") | BH57: =IF(N57=0,"","*") | BI57: =IF(O57=0,"","*") | BJ57: Actual | BK57: =IF(Q57=0,"","*") | BL57: =IF(R57=0,"","*") | BM57: =IF(S57=0,"","*") | BN57: =IF(T57=0,"","*") | BO57: =IF(U57=0,"","*") | BP57: =IF(V57=0,"","*") | BQ57: =IF(W57=0,"","*") | BR57: =IF(X57=0,"","*") | ... BT57: =IF(Z57=0,"","*") | BV57: =IF(AB57=0,"","*") | BW57: =IF(AC57=0,"","*")
A58: NA4 | AE58: =IF(H58=0,"","*") | AF58: =IF(I58=0,"","*") | AG58: =IF(J58=0,"","*") | AH58: =IF(K58=0,"","*") | AI58: =IF(L58=0,"","*") | AJ58: =IF(M58=0,"","*") | AK58: =IF(N58=0,"","*") | AL58: =IF(O58=0,"","*") | ... AW58: =IF(Z58=0,"","*") | AY58: =IF(AB58=0,"","*") | AZ58: =IF(AC58=0,"","*") | BB58: =IF(H58=0,"","*") | BC58: =IF(I58=0,"","*") | BD58: =IF(J58=0,"","*") | BE58: =IF(K58=0,"","*") | BF58: =IF(L58=0,"","*") | BG58: =IF(M58=0,"","*") | BH58: =IF(N58=0,"","*") | BI58: =IF(O58=0,"","*") | BJ58: Actual | BK58: =IF(Q58=0,"","*") | BL58: =IF(R58=0,"","*") | BM58: =IF(S58=0,"","*") | BN58: =IF(T58=0,"","*") | BO58: =IF(U58=0,"","*") | BP58: =IF(V58=0,"","*") | BQ58: =IF(W58=0,"","*") | BR58: =IF(X58=0,"","*") | ... BT58: =IF(Z58=0,"","*") | BV58: =IF(AB58=0,"","*") | BW58: =IF(AC58=0,"","*")
A59: NA5 | AE59: =IF(H59=0,"","*") | AF59: =IF(I59=0,"","*") | AG59: =IF(J59=0,"","*") | AH59: =IF(K59=0,"","*") | AI59: =IF(L59=0,"","*") | AJ59: =IF(M59=0,"","*") | AK59: =IF(N59=0,"","*") | AL59: =IF(O59=0,"","*") | ... AW59: =IF(Z59=0,"","*") | AY59: =IF(AB59=0,"","*") | AZ59: =IF(AC59=0,"","*") | BB59: =IF(H59=0,"","*") | BC59: =IF(I59=0,"","*") | BD59: =IF(J59=0,"","*") | BE59: =IF(K59=0,"","*") | BF59: =IF(L59=0,"","*") | BG59: =IF(M59=0,"","*") | BH59: =IF(N59=0,"","*") | BI59: =IF(O59=0,"","*") | BJ59: Actual | BK59: =IF(Q59=0,"","*") | BL59: =IF(R59=0,"","*") | BM59: =IF(S59=0,"","*") | BN59: =IF(T59=0,"","*") | BO59: =IF(U59=0,"","*") | BP59: =IF(V59=0,"","*") | BQ59: =IF(W59=0,"","*") | BR59: =IF(X59=0,"","*") | ... BT59: =IF(Z59=0,"","*") | BV59: =IF(AB59=0,"","*") | BW59: =IF(AC59=0,"","*")
A60: NA6 | AE60: =IF(H60=0,"","*") | AF60: =IF(I60=0,"","*") | AG60: =IF(J60=0,"","*") | AH60: =IF(K60=0,"","*") | AI60: =IF(L60=0,"","*") | AJ60: =IF(M60=0,"","*") | AK60: =IF(N60=0,"","*") | AL60: =IF(O60=0,"","*") | ... AW60: =IF(Z60=0,"","*") | AY60: =IF(AB60=0,"","*") | AZ60: =IF(AC60=0,"","*") | BB60: =IF(H60=0,"","*") | BC60: =IF(I60=0,"","*") | BD60: =IF(J60=0,"","*") | BE60: =IF(K60=0,"","*") | BF60: =IF(L60=0,"","*") | BG60: =IF(M60=0,"","*") | BH60: =IF(N60=0,"","*") | BI60: =IF(O60=0,"","*") | BJ60: Actual | BK60: =IF(Q60=0,"","*") | BL60: =IF(R60=0,"","*") | BM60: =IF(S60=0,"","*") | BN60: =IF(T60=0,"","*") | BO60: =IF(U60=0,"","*") | BP60: =IF(V60=0,"","*") | BQ60: =IF(W60=0,"","*") | BR60: =IF(X60=0,"","*") | ... BT60: =IF(Z60=0,"","*") | BV60: =IF(AB60=0,"","*") | BW60: =IF(AC60=0,"","*")
A61: NA7 | AE61: =IF(H61=0,"","*") | AF61: =IF(I61=0,"","*") | AG61: =IF(J61=0,"","*") | AH61: =IF(K61=0,"","*") | AI61: =IF(L61=0,"","*") | AJ61: =IF(M61=0,"","*") | AK61: =IF(N61=0,"","*") | AL61: =IF(O61=0,"","*") | ... AW61: =IF(Z61=0,"","*") | AY61: =IF(AB61=0,"","*") | AZ61: =IF(AC61=0,"","*") | BB61: =IF(H61=0,"","*") | BC61: =IF(I61=0,"","*") | BD61: =IF(J61=0,"","*") | BE61: =IF(K61=0,"","*") | BF61: =IF(L61=0,"","*") | BG61: =IF(M61=0,"","*") | BH61: =IF(N61=0,"","*") | BI61: =IF(O61=0,"","*") | BJ61: Actual | BK61: =IF(Q61=0,"","*") | BL61: =IF(R61=0,"","*") | BM61: =IF(S61=0,"","*") | BN61: =IF(T61=0,"","*") | BO61: =IF(U61=0,"","*") | BP61: =IF(V61=0,"","*") | BQ61: =IF(W61=0,"","*") | BR61: =IF(X61=0,"","*") | ... BT61: =IF(Z61=0,"","*") | BV61: =IF(AB61=0,"","*") | BW61: =IF(AC61=0,"","*")
A62: NA8 | AE62: =IF(H62=0,"","*") | AF62: =IF(I62=0,"","*") | AG62: =IF(J62=0,"","*") | AH62: =IF(K62=0,"","*") | AI62: =IF(L62=0,"","*") | AJ62: =IF(M62=0,"","*") | AK62: =IF(N62=0,"","*") | AL62: =IF(O62=0,"","*") | ... AW62: =IF(Z62=0,"","*") | AY62: =IF(AB62=0,"","*") | AZ62: =IF(AC62=0,"","*") | BB62: =IF(H62=0,"","*") | BC62: =IF(I62=0,"","*") | BD62: =IF(J62=0,"","*") | BE62: =IF(K62=0,"","*") | BF62: =IF(L62=0,"","*") | BG62: =IF(M62=0,"","*") | BH62: =IF(N62=0,"","*") | BI62: =IF(O62=0,"","*") | BJ62: Actual | BK62: =IF(Q62=0,"","*") | BL62: =IF(R62=0,"","*") | BM62: =IF(S62=0,"","*") | BN62: =IF(T62=0,"","*") | BO62: =IF(U62=0,"","*") | BP62: =IF(V62=0,"","*") | BQ62: =IF(W62=0,"","*") | BR62: =IF(X62=0,"","*") | ... BT62: =IF(Z62=0,"","*") | BV62: =IF(AB62=0,"","*") | BW62: =IF(AC62=0,"","*")
A63: NA9 | AE63: =IF(H63=0,"","*") | AF63: =IF(I63=0,"","*") | AG63: =IF(J63=0,"","*") | AH63: =IF(K63=0,"","*") | AI63: =IF(L63=0,"","*") | AJ63: =IF(M63=0,"","*") | AK63: =IF(N63=0,"","*") | AL63: =IF(O63=0,"","*") | ... AW63: =IF(Z63=0,"","*") | AY63: =IF(AB63=0,"","*") | AZ63: =IF(AC63=0,"","*") | BB63: =IF(H63=0,"","*") | BC63: =IF(I63=0,"","*") | BD63: =IF(J63=0,"","*") | BE63: =IF(K63=0,"","*") | BF63: =IF(L63=0,"","*") | BG63: =IF(M63=0,"","*") | BH63: =IF(N63=0,"","*") | BI63: =IF(O63=0,"","*") | BJ63: Actual | BK63: =IF(Q63=0,"","*") | BL63: =IF(R63=0,"","*") | BM63: =IF(S63=0,"","*") | BN63: =IF(T63=0,"","*") | BO63: =IF(U63=0,"","*") | BP63: =IF(V63=0,"","*") | BQ63: =IF(W63=0,"","*") | BR63: =IF(X63=0,"","*") | ... BT63: =IF(Z63=0,"","*") | BV63: =IF(AB63=0,"","*") | BW63: =IF(AC63=0,"","*")
A64: NA10 | AE64: =IF(H64=0,"","*") | AF64: =IF(I64=0,"","*") | AG64: =IF(J64=0,"","*") | AH64: =IF(K64=0,"","*") | AI64: =IF(L64=0,"","*") | AJ64: =IF(M64=0,"","*") | AK64: =IF(N64=0,"","*") | AL64: =IF(O64=0,"","*") | ... AW64: =IF(Z64=0,"","*") | AY64: =IF(AB64=0,"","*") | AZ64: =IF(AC64=0,"","*") | BB64: =IF(H64=0,"","*") | BC64: =IF(I64=0,"","*") | BD64: =IF(J64=0,"","*") | BE64: =IF(K64=0,"","*") | BF64: =IF(L64=0,"","*") | BG64: =IF(M64=0,"","*") | BH64: =IF(N64=0,"","*") | BI64: =IF(O64=0,"","*") | BJ64: Actual | BK64: =IF(Q64=0,"","*") | BL64: =IF(R64=0,"","*") | BM64: =IF(S64=0,"","*") | BN64: =IF(T64=0,"","*") | BO64: =IF(U64=0,"","*") | BP64: =IF(V64=0,"","*") | BQ64: =IF(W64=0,"","*") | BR64: =IF(X64=0,"","*") | ... BT64: =IF(Z64=0,"","*") | BV64: =IF(AB64=0,"","*") | BW64: =IF(AC64=0,"","*")
A65: NA11 | BJ65: Actual
A66: NA12 | BJ66: Actual
A67: NA13 | BJ67: Actual
A68: NA14 | BJ68: Actual
A69: NA15 | BJ69: Actual
A70: NA16 | BJ70: Actual
A71: NA17 | BJ71: Actual
A72: NA18 | BJ72: Actual
A73: NA19 | BJ73: Actual
A74: NA20 | BJ74: Actual
B76: Notes
B77: - In absence of disaggregated data for "Bus Fare Programme" all expenditure is classified under the Old age (7102) function - In absence of disaggregated data for "Pensions, gratuities and compassionate allowances", all expenditure is classified under the Old age (7102) function - Note that the budget year changed from calendar to fiscal year in 2016-17 - FNPF figures are all for financial year (rather than calendar year) for all years. | G77: Economic classification
G78: =_xlfn.CONCAT(C4,", ",C6) -> FDJ, thousands
G79: =Lists!$A$2 -> Social insurance benefits (271) | H79: =SUMIF($F$10:$F$53,$G79,H$10:H$53) -> 0 | I79: =SUMIF($F$10:$F$53,$G79,I$10:I$53) -> 0 | J79: =SUMIF($F$10:$F$53,$G79,J$10:J$53) -> 0 | K79: =SUMIF($F$10:$F$53,$G79,K$10:K$53) -> 0 | L79: =SUMIF($F$10:$F$53,$G79,L$10:L$53) -> 0 | M79: =SUMIF($F$10:$F$53,$G79,M$10:M$53) -> 0 | N79: =SUMIF($F$10:$F$53,$G79,N$10:N$53) -> 0 | O79: =SUMIF($F$10:$F$53,$G79,O$10:O$53) -> 0 | ... AC79: =SUMIF($F$10:$F$53,$G79,AC$10:AC$53) -> 2845.7
G80: =Lists!$A$3 -> Social assistance benefits (272) | H80: =SUMIF($F$10:$F$53,$G80,H$10:H$53) -> 0 | I80: =SUMIF($F$10:$F$53,$G80,I$10:I$53) -> 0 | J80: =SUMIF($F$10:$F$53,$G80,J$10:J$53) -> 0 | K80: =SUMIF($F$10:$F$53,$G80,K$10:K$53) -> 0 | L80: =SUMIF($F$10:$F$53,$G80,L$10:L$53) -> 0 | M80: =SUMIF($F$10:$F$53,$G80,M$10:M$53) -> 0 | N80: =SUMIF($F$10:$F$53,$G80,N$10:N$53) -> 0 | O80: =SUMIF($F$10:$F$53,$G80,O$10:O$53) -> 0 | ... AC80: =SUMIF($F$10:$F$53,$G80,AC$10:AC$53) -> 175295.96
G81: =Lists!$A$4 -> Public servant benefits (273) | H81: =SUMIF($F$10:$F$53,$G81,H$10:H$53) -> 0 | I81: =SUMIF($F$10:$F$53,$G81,I$10:I$53) -> 0 | J81: =SUMIF($F$10:$F$53,$G81,J$10:J$53) -> 0 | K81: =SUMIF($F$10:$F$53,$G81,K$10:K$53) -> 0 | L81: =SUMIF($F$10:$F$53,$G81,L$10:L$53) -> 0 | M81: =SUMIF($F$10:$F$53,$G81,M$10:M$53) -> 0 | N81: =SUMIF($F$10:$F$53,$G81,N$10:N$53) -> 0 | O81: =SUMIF($F$10:$F$53,$G81,O$10:O$53) -> 0 | ... AC81: =SUMIF($F$10:$F$53,$G81,AC$10:AC$53) -> 51487.25
G82: =Lists!$A$5 -> Social benefits (27) | H82: =SUM(H79:H81) -> 0 | I82: =SUM(I79:I81) -> 0 | J82: =SUM(J79:J81) -> 0 | K82: =SUM(K79:K81) -> 0 | L82: =SUM(L79:L81) -> 0 | M82: =SUM(M79:M81) -> 0 | N82: =SUM(N79:N81) -> 0 | O82: =SUM(O79:O81) -> 0 | ... AC82: =SUM(AC79:AC81) -> 229628.91
G84: =Lists!$A$7 -> Provident fund withdrawals | H84: =SUMIF($F$10:$F$53,$G84,H$10:H$53) -> 0 | I84: =SUMIF($F$10:$F$53,$G84,I$10:I$53) -> 0 | J84: =SUMIF($F$10:$F$53,$G84,J$10:J$53) -> 0 | K84: =SUMIF($F$10:$F$53,$G84,K$10:K$53) -> 0 | L84: =SUMIF($F$10:$F$53,$G84,L$10:L$53) -> 0 | M84: =SUMIF($F$10:$F$53,$G84,M$10:M$53) -> 0 | N84: =SUMIF($F$10:$F$53,$G84,N$10:N$53) -> 0 | O84: =SUMIF($F$10:$F$53,$G84,O$10:O$53) -> 0 | ... AC84: =SUMIF($F$10:$F$53,$G84,AC$10:AC$53) -> 0
G85: =Lists!$A$8 -> Social benefits (27) + provident fund withdrawals | H85: =H84+H82 -> 0 | I85: =I84+I82 -> 0 | J85: =J84+J82 -> 0 | K85: =K84+K82 -> 0 | L85: =L84+L82 -> 0 | M85: =M84+M82 -> 0 | N85: =N84+N82 -> 0 | O85: =O84+O82 -> 0 | ... AC85: =AC84+AC82 -> 229628.91
G87: % of GDP
G88: =G79 -> Social insurance benefits (271) | H88: =H$79/H$207 -> 0 | I88: =I$79/I$207 -> 0 | J88: =J$79/J$207 -> 0 | K88: =K$79/K$207 -> 0 | L88: =L$79/L$207 -> 0 | M88: =M$79/M$207 -> 0 | N88: =N$79/N$207 -> 0 | O88: =O$79/O$207 -> 0 | ... AC88: =AC$79/AC$207 -> 0.00021187551
G89: =G80 -> Social assistance benefits (272) | H89: =H$80/H$207 -> 0 | I89: =I$80/I$207 -> 0 | J89: =J$80/J$207 -> 0 | K89: =K$80/K$207 -> 0 | L89: =L$80/L$207 -> 0 | M89: =M$80/M$207 -> 0 | N89: =N$80/N$207 -> 0 | O89: =O$80/O$207 -> 0 | ... AC89: =AC$80/AC$207 -> 0.013051594
G90: =G81 -> Public servant benefits (273) | H90: =H$81/H$207 -> 0 | I90: =I$81/I$207 -> 0 | J90: =J$81/J$207 -> 0 | K90: =K$81/K$207 -> 0 | L90: =L$81/L$207 -> 0 | M90: =M$81/M$207 -> 0 | N90: =N$81/N$207 -> 0 | O90: =O$81/O$207 -> 0 | ... AC90: =AC$81/AC$207 -> 0.0038334636
G91: =G82 -> Social benefits (27) | H91: =H$82/H$207 -> 0 | I91: =I$82/I$207 -> 0 | J91: =J$82/J$207 -> 0 | K91: =K$82/K$207 -> 0 | L91: =L$82/L$207 -> 0 | M91: =M$82/M$207 -> 0 | N91: =N$82/N$207 -> 0 | O91: =O$82/O$207 -> 0 | ... AC91: =AC$82/AC$207 -> 0.017096933
B92: URLs for key data sources
B93: - Budget documents (Ministry of Finance): https://www.finance.gov.fj/budget-document/ - FNPF Annual Reports: https://myfnpf.com.fj/annual_reports/ | G93: =G84 -> Provident fund withdrawals | H93: =H$84/H$207 -> 0 | I93: =I$84/I$207 -> 0 | J93: =J$84/J$207 -> 0 | K93: =K$84/K$207 -> 0 | L93: =L$84/L$207 -> 0 | M93: =M$84/M$207 -> 0 | N93: =N$84/N$207 -> 0 | O93: =O$84/O$207 -> 0 | ... AC93: =AC$84/AC$207 -> 0
G94: =G85 -> Social benefits (27) + provident fund withdrawals | H94: =H$85/H$207 -> 0 | I94: =I$85/I$207 -> 0 | J94: =J$85/J$207 -> 0 | K94: =K$85/K$207 -> 0 | L94: =L$85/L$207 -> 0 | M94: =M$85/M$207 -> 0 | N94: =N$85/N$207 -> 0 | O94: =O$85/O$207 -> 0 | ... AC94: =AC$85/AC$207 -> 0.017096933
G96: % of GNI
G97: =G88 -> Social insurance benefits (271) | H97: =H$79/H$211 -> 0 | I97: =I$79/I$211 -> 0 | J97: =J$79/J$211 -> 0 | K97: =K$79/K$211 -> 0 | L97: =L$79/L$211 -> 0 | M97: =M$79/M$211 -> 0 | N97: =N$79/N$211 -> 0 | O97: =O$79/O$211 -> 0 | ... AC97: =AC$79/AC$211 -> 0.00022555968
G98: =G89 -> Social assistance benefits (272) | H98: =H$80/H$211 -> 0 | I98: =I$80/I$211 -> 0 | J98: =J$80/J$211 -> 0 | K98: =K$80/K$211 -> 0 | L98: =L$80/L$211 -> 0 | M98: =M$80/M$211 -> 0 | N98: =N$80/N$211 -> 0 | O98: =O$80/O$211 -> 0 | ... AC98: =AC$80/AC$211 -> 0.013894543
G99: =G90 -> Public servant benefits (273) | H99: =H$81/H$211 -> 0 | I99: =I$81/I$211 -> 0 | J99: =J$81/J$211 -> 0 | K99: =K$81/K$211 -> 0 | L99: =L$81/L$211 -> 0 | M99: =M$81/M$211 -> 0 | N99: =N$81/N$211 -> 0 | O99: =O$81/O$211 -> 0 | ... AC99: =AC$81/AC$211 -> 0.0040810512
G100: =G91 -> Social benefits (27) | H100: =H$82/H$211 -> 0 | I100: =I$82/I$211 -> 0 | J100: =J$82/J$211 -> 0 | K100: =K$82/K$211 -> 0 | L100: =L$82/L$211 -> 0 | M100: =M$82/M$211 -> 0 | N100: =N$82/N$211 -> 0 | O100: =O$82/O$211 -> 0 | ... AC100: =AC$82/AC$211 -> 0.018201154
G102: =G93 -> Provident fund withdrawals | H102: =H$84/H$211 -> 0 | I102: =I$84/I$211 -> 0 | J102: =J$84/J$211 -> 0 | K102: =K$84/K$211 -> 0 | L102: =L$84/L$211 -> 0 | M102: =M$84/M$211 -> 0 | N102: =N$84/N$211 -> 0 | O102: =O$84/O$211 -> 0 | ... AC102: =AC$84/AC$211 -> 0
G103: =G94 -> Social benefits (27) + provident fund withdrawals | H103: =H$85/H$211 -> 0 | I103: =I$85/I$211 -> 0 | J103: =J$85/J$211 -> 0 | K103: =K$85/K$211 -> 0 | L103: =L$85/L$211 -> 0 | M103: =M$85/M$211 -> 0 | N103: =N$85/N$211 -> 0 | O103: =O$85/O$211 -> 0 | ... AC103: =AC$85/AC$211 -> 0.018201154
G105: % of government expenditure
G106: =G97 -> Social insurance benefits (271) | H106: =H$79/H$217 -> 0 | I106: =I$79/I$217 -> 0 | J106: =J$79/J$217 -> 0 | K106: =K$79/K$217 -> 0 | L106: =L$79/L$217 -> 0 | M106: =M$79/M$217 -> 0 | N106: =N$79/N$217 -> 0 | O106: =O$79/O$217 -> 0 | ... AC106: =AC$79/AC$217 -> 0.0006729014
...

Sheet FSM
B1: Federated States of Micronesia
B2: Latest year of complete data | C2: 2021
B3: Budget cycle: | C3: January 1st - December 31st
B4: Currency | C4: USD
B5: Country code | C5: FSM
B6: Unit | C6: thousands
H7: Time series | AE7: Sources | BB7: Budgeted / actual
H8: 2002 | I8: 2003 | J8: 2004 | K8: 2005 | L8: 2006 | M8: 2007 | N8: 2008 | O8: 2009 | P8: 2010 | Q8: 2011 | R8: 2012 | S8: 2013 | T8: 2014 | U8: 2015 | V8: 2016 | W8: 2017 | X8: 2018 | Y8: 2019 | Z8: 2020 | AA8: 2021 | AB8: 2022 | AC8: 2023
B9: Programme | C9: Year Introduced | D9: Administrator | E9: =_xlfn.CONCAT("Expenditure (",C2,"), ",C4," ",C6,"") -> Expenditure (2021), USD thousands | F9: Economic classicfication (Expense) | G9: COFOG | I9: 2003 | J9: 2004 | K9: 2005 | L9: 2006 | M9: 2007 | N9: 2008 | O9: 2009 | P9: 2010 | Q9: 2011 | R9: 2012 | S9: 2013 | T9: 2014 | U9: 2015 | V9: 2016 | W9: 2017 | X9: 2018 | Y9: 2019 | Z9: 2020 | AA9: 2021 | AE9: =H9 -> 0 | AF9: =I9 -> 2003 | AG9: =J9 -> 2004 | AH9: =K9 -> 2005 | AI9: =L9 -> 2006 | AJ9: =M9 -> 2007 | AK9: =N9 -> 2008 | AL9: =O9 -> 2009 | ... AZ9: =AC9 -> 0 | BB9: =H9 -> 0 | BC9: =I9 -> 2003 | BD9: =J9 -> 2004 | BE9: =K9 -> 2005 | BF9: =L9 -> 2006 | BG9: =M9 -> 2007 | BH9: =N9 -> 2008 | BI9: =O9 -> 2009 | ... BW9: =AC9 -> 0
A10: 1 | B10: Retirement | D10: Federated States of Micronesia Social Security Administration (FSMSSA) | E10: =_xlfn.XLOOKUP($C$2,$R$9:$AC$9,R10:AC10) -> 15168.986 | F10: Social insurance benefits (271) | G10: Old age (7102) | I10: 6290.71 | J10: 6550.765 | K10: 6870.291 | L10: 7368.763 | M10: 7885.913 | N10: 8309.308 | O10: 9188.597 | P10: 10137.489 | Q10: 10870.989 | R10: 11038.569 | S10: 11544.369 | T10: 11799.765 | U10: 12086.658 | V10: 12675.626 | W10: 13121.012 | X10: 14121.716 | Y10: 14477.467 | Z10: 15005.02 | AA10: 15168.986 | AE10: =IF(H10=0,"","*") | AF10: =IF(I10=0,"","*") -> * | AG10: =IF(J10=0,"","*") -> * | AH10: 2006 Financial Statement (p. 9) | AI10: 2006 Financial Statement (p. 9) | AJ10: 2009 Financial Statement (p. 6) | AK10: 2009 Financial Statement (p. 6) | AL10: 2009 Financial Statement (p. 6) | AM10: 2012 Financial Statement (p. 6) | AN10: 2012 Financial Statement (p. 6) | AO10: 2012 Financial Statement (p. 6) | AP10: 2014 Financial Statement (p. 12) | AQ10: 2014 Financial Statement (p. 12) | AR10: 2016 Financial Statement (p. 12) | AS10: 2016 Financial Statement (p. 12) | AT10: 2017 Financial Statement (p. 27) | AU10: 2019 Financial Statement (p. 12) | AV10: 2019 Financial Statement (p. 12) | AW10: 2021 Financial Statement (p. 12) | AX10: 2021 Financial Statement (p. 12) | AY10: =IF(AB10=0,"","*") | AZ10: =IF(AC10=0,"","*") | BH10: =IF(N10=0,"","*") -> * | BI10: =IF(O10=0,"","*") -> * | BJ10: Actual | BK10: Actual | BL10: Actual | BM10: Actual | BN10: Actual | BO10: Actual | BP10: Actual | BQ10: Actual | BR10: Actual | BS10: Actual | BT10: Actual | BU10: Actual | BV10: =IF(AB10=0,"","*") | BW10: =IF(AC10=0,"","*")
A11: 2 | B11: Survivors | D11: Federated States of Micronesia Social Security Administration (FSMSSA) | E11: =_xlfn.XLOOKUP($C$2,$R$9:$AC$9,R11:AC11) -> 6007.546 | F11: Social insurance benefits (271) | G11: Survivors (7103) | I11: 3859.375 | J11: 4025.827 | K11: 4269.263 | L11: 4646.194 | M11: 4563.095 | N11: 4603.842 | O11: 4646.298 | P11: 4738.969 | Q11: 4881.958 | R11: 5068.023 | S11: 5325.547 | T11: 5621.815 | U11: 5503.425 | V11: 5662.711 | W11: 5736.893 | X11: 5914.975 | Y11: 6029.017 | Z11: 6098.272 | AA11: 6007.546 | AE11: =IF(H11=0,"","*") | AF11: =IF(I11=0,"","*") -> * | AG11: =IF(J11=0,"","*") -> * | AH11: 2006 Financial Statement (p. 9) | AI11: 2006 Financial Statement (p. 9) | AJ11: 2009 Financial Statement (p. 6) | AK11: 2009 Financial Statement (p. 6) | AL11: 2009 Financial Statement (p. 6) | AM11: 2012 Financial Statement (p. 6) | AN11: 2012 Financial Statement (p. 6) | AO11: 2012 Financial Statement (p. 6) | AP11: 2014 Financial Statement (p. 12) | AQ11: 2014 Financial Statement (p. 12) | AR11: 2016 Financial Statement (p. 12) | AS11: 2016 Financial Statement (p. 12) | AT11: 2017 Financial Statement (p. 27) | AU11: 2019 Financial Statement (p. 12) | AV11: 2019 Financial Statement (p. 12) | AW11: 2021 Financial Statement (p. 12) | AX11: 2021 Financial Statement (p. 12) | AY11: =IF(AB11=0,"","*") | AZ11: =IF(AC11=0,"","*") | BG11: =IF(M11=0,"","*") -> * | BH11: =IF(N11=0,"","*") -> * | BI11: =IF(O11=0,"","*") -> * | BJ11: Actual | BK11: Actual | BL11: Actual | BM11: Actual | BN11: Actual | BO11: Actual | BP11: Actual | BQ11: Actual | BR11: Actual | BS11: Actual | BT11: Actual | BU11: Actual | BV11: =IF(AB11=0,"","*") | BW11: =IF(AC11=0,"","*")
A12: 3 | B12: Disability | D12: Federated States of Micronesia Social Security Administration (FSMSSA) | E12: =_xlfn.XLOOKUP($C$2,$R$9:$AC$9,R12:AC12) -> 1737.9 | F12: Social insurance benefits (271) | G12: Sickness and disability (7101) | I12: 635.004 | J12: 710.668 | K12: 830.813 | L12: 841.012 | M12: 947.87 | N12: 1046.397 | O12: 1264.648 | P12: 1356.728 | Q12: 1395.552 | R12: 1456.825 | S12: 1523.375 | T12: 1502.864 | U12: 1514.583 | V12: 1632.87 | W12: 1718.405 | X12: 1828.928 | Y12: 1790.616 | Z12: 1785.76 | AA12: 1737.9 | AE12: =IF(H12=0,"","*") | AF12: =IF(I12=0,"","*") -> * | AG12: =IF(J12=0,"","*") -> * | AH12: 2006 Financial Statement (p. 9) | AI12: 2006 Financial Statement (p. 9) | AJ12: 2009 Financial Statement (p. 6) | AK12: 2009 Financial Statement (p. 6) | AL12: 2009 Financial Statement (p. 6) | AM12: 2012 Financial Statement (p. 6) | AN12: 2012 Financial Statement (p. 6) | AO12: 2012 Financial Statement (p. 6) | AP12: 2014 Financial Statement (p. 12) | AQ12: 2014 Financial Statement (p. 12) | AR12: 2016 Financial Statement (p. 12) | AS12: 2016 Financial Statement (p. 12) | AT12: 2017 Financial Statement (p. 27) | AU12: 2019 Financial Statement (p. 12) | AV12: 2019 Financial Statement (p. 12) | AW12: 2021 Financial Statement (p. 12) | AX12: 2021 Financial Statement (p. 12) | AY12: =IF(AB12=0,"","*") | AZ12: =IF(AC12=0,"","*") | BG12: =IF(M12=0,"","*") -> * | BH12: =IF(N12=0,"","*") -> * | BI12: =IF(O12=0,"","*") -> * | BJ12: Actual | BK12: Actual | BL12: Actual | BM12: Actual | BN12: Actual | BO12: Actual | BP12: Actual | BQ12: Actual | BR12: Actual | BS12: Actual | BT12: Actual | BU12: Actual | BV12: =IF(AB12=0,"","*") | BW12: =IF(AC12=0,"","*")
A13: 4 | B13: Lump sum | D13: Federated States of Micronesia Social Security Administration (FSMSSA) | E13: =_xlfn.XLOOKUP($C$2,$R$9:$AC$9,R13:AC13) -> 148.89 | F13: Social insurance benefits (271) | G13: Social protection n.e.c (7019) | I13: 60.941 | J13: 33.088 | K13: 36.562 | L13: 154.287 | M13: 267.002 | N13: 263.241 | O13: 205.161 | P13: 255.552 | Q13: 217.981 | R13: 182.031 | S13: 261.724 | T13: 369.481 | U13: 319.275 | V13: 249.568 | W13: 201.739 | X13: 313.564 | Y13: 267.515 | Z13: 214.406 | AA13: 148.89 | AE13: =IF(H13=0,"","*") | AF13: =IF(I13=0,"","*") -> * | AG13: =IF(J13=0,"","*") -> * | AH13: 2006 Financial Statement (p. 9) | AI13: 2006 Financial Statement (p. 9) | AJ13: 2009 Financial Statement (p. 6) | AK13: 2009 Financial Statement (p. 6) | AL13: 2009 Financial Statement (p. 6) | AM13: 2012 Financial Statement (p. 6) | AN13: 2012 Financial Statement (p. 6) | AO13: 2012 Financial Statement (p. 6) | AP13: 2014 Financial Statement (p. 12) | AQ13: 2014 Financial Statement (p. 12) | AR13: 2016 Financial Statement (p. 12) | AS13: 2016 Financial Statement (p. 12) | AT13: 2017 Financial Statement (p. 27) | AU13: 2019 Financial Statement (p. 12) | AV13: 2019 Financial Statement (p. 12) | AW13: 2021 Financial Statement (p. 12) | AX13: 2021 Financial Statement (p. 12) | AY13: =IF(AB13=0,"","*") | AZ13: =IF(AC13=0,"","*") | BG13: =IF(M13=0,"","*") -> * | BH13: =IF(N13=0,"","*") -> * | BI13: =IF(O13=0,"","*") -> * | BJ13: Actual | BK13: Actual | BL13: Actual | BM13: Actual | BN13: Actual | BO13: Actual | BP13: Actual | BQ13: Actual | BR13: Actual | BS13: Actual | BT13: Actual | BU13: Actual | BV13: =IF(AB13=0,"","*") | BW13: =IF(AC13=0,"","*")
A14: 5 | E14: =_xlfn.XLOOKUP($C$2,$R$9:$AC$9,R14:AC14) -> 0 | AJ14: =IF(M14=0,"","*") | AK14: =IF(N14=0,"","*") | AL14: =IF(O14=0,"","*") | AM14: =IF(P14=0,"","*") | AN14: =IF(Q14=0,"","*") | AO14: =IF(R14=0,"","*") | AP14: =IF(S14=0,"","*") | AQ14: =IF(T14=0,"","*") | ... AZ14: =IF(AC14=0,"","*") | BG14: =IF(M14=0,"","*") | BH14: =IF(N14=0,"","*") | BI14: =IF(O14=0,"","*") | BJ14: =IF(P14=0,"","*") | BK14: =IF(Q14=0,"","*") | BL14: =IF(R14=0,"","*") | BM14: =IF(S14=0,"","*") | BN14: =IF(T14=0,"","*") | ... BW14: =IF(AC14=0,"","*")
A15: 6 | E15: =_xlfn.XLOOKUP($C$2,$R$9:$AC$9,R15:AC15) -> 0 | AJ15: =IF(M15=0,"","*") | AK15: =IF(N15=0,"","*") | AL15: =IF(O15=0,"","*") | AM15: =IF(P15=0,"","*") | AN15: =IF(Q15=0,"","*") | AO15: =IF(R15=0,"","*") | AP15: =IF(S15=0,"","*") | AQ15: =IF(T15=0,"","*") | ... AZ15: =IF(AC15=0,"","*") | BG15: =IF(M15=0,"","*") | BH15: =IF(N15=0,"","*") | BI15: =IF(O15=0,"","*") | BJ15: =IF(P15=0,"","*") | BK15: =IF(Q15=0,"","*") | BL15: =IF(R15=0,"","*") | BM15: =IF(S15=0,"","*") | BN15: =IF(T15=0,"","*") | ... BW15: =IF(AC15=0,"","*")
A16: 7 | E16: =_xlfn.XLOOKUP($C$2,$R$9:$AC$9,R16:AC16) -> 0 | AJ16: =IF(M16=0,"","*") | AK16: =IF(N16=0,"","*") | AL16: =IF(O16=0,"","*") | AM16: =IF(P16=0,"","*") | AN16: =IF(Q16=0,"","*") | AO16: =IF(R16=0,"","*") | AP16: =IF(S16=0,"","*") | AQ16: =IF(T16=0,"","*") | ... AZ16: =IF(AC16=0,"","*") | BG16: =IF(M16=0,"","*") | BH16: =IF(N16=0,"","*") | BI16: =IF(O16=0,"","*") | BJ16: =IF(P16=0,"","*") | BK16: =IF(Q16=0,"","*") | BL16: =IF(R16=0,"","*") | BM16: =IF(S16=0,"","*") | BN16: =IF(T16=0,"","*") | ... BW16: =IF(AC16=0,"","*")
A17: 8 | E17: =_xlfn.XLOOKUP($C$2,$R$9:$AC$9,R17:AC17) -> 0 | BG17: =IF(M17=0,"","*") | BH17: =IF(N17=0,"","*") | BI17: =IF(O17=0,"","*") | BJ17: =IF(P17=0,"","*") | BK17: =IF(Q17=0,"","*") | BL17: =IF(R17=0,"","*") | BM17: =IF(S17=0,"","*") | BN17: =IF(T17=0,"","*") | ... BW17: =IF(AC17=0,"","*")
A18: 9 | E18: =_xlfn.XLOOKUP($C$2,$R$9:$AC$9,R18:AC18) -> 0 | BG18: =IF(M18=0,"","*") | BH18: =IF(N18=0,"","*") | BI18: =IF(O18=0,"","*") | BJ18: =IF(P18=0,"","*") | BK18: =IF(Q18=0,"","*") | BL18: =IF(R18=0,"","*") | BM18: =IF(S18=0,"","*") | BN18: =IF(T18=0,"","*") | ... BW18: =IF(AC18=0,"","*")
A19: 10 | E19: =_xlfn.XLOOKUP($C$2,$R$9:$AC$9,R19:AC19) -> 0 | AO19: =IF(R19=0,"","*") | AP19: =IF(S19=0,"","*") | AQ19: =IF(T19=0,"","*") | AR19: =IF(U19=0,"","*") | AS19: =IF(V19=0,"","*") | AT19: =IF(W19=0,"","*") | AU19: =IF(X19=0,"","*") | AV19: =IF(Y19=0,"","*") | ... AZ19: =IF(AC19=0,"","*") | BG19: =IF(M19=0,"","*") | BH19: =IF(N19=0,"","*") | BI19: =IF(O19=0,"","*") | BJ19: =IF(P19=0,"","*") | BK19: =IF(Q19=0,"","*") | BL19: =IF(R19=0,"","*") | BM19: =IF(S19=0,"","*") | BN19: =IF(T19=0,"","*") | ... BW19: =IF(AC19=0,"","*")
A20: 11 | E20: =_xlfn.XLOOKUP($C$2,$R$9:$AC$9,R20:AC20) -> 0 | AO20: =IF(R20=0,"","*") | AP20: =IF(S20=0,"","*") | AQ20: =IF(T20=0,"","*") | AR20: =IF(U20=0,"","*") | AS20: =IF(V20=0,"","*") | AT20: =IF(W20=0,"","*") | AU20: =IF(X20=0,"","*") | AV20: =IF(Y20=0,"","*") | ... AZ20: =IF(AC20=0,"","*") | BG20: =IF(M20=0,"","*") | BH20: =IF(N20=0,"","*") | BI20: =IF(O20=0,"","*") | BJ20: =IF(P20=0,"","*") | BK20: =IF(Q20=0,"","*") | BL20: =IF(R20=0,"","*") | BM20: =IF(S20=0,"","*") | BN20: =IF(T20=0,"","*") | ... BW20: =IF(AC20=0,"","*")
A21: 12 | E21: =_xlfn.XLOOKUP($C$2,$R$9:$AC$9,R21:AC21) -> 0 | AO21: =IF(R21=0,"","*") | AP21: =IF(S21=0,"","*") | AQ21: =IF(T21=0,"","*") | AR21: =IF(U21=0,"","*") | AS21: =IF(V21=0,"","*") | AT21: =IF(W21=0,"","*") | AU21: =IF(X21=0,"","*") | AV21: =IF(Y21=0,"","*") | ... AZ21: =IF(AC21=0,"","*") | BG21: =IF(M21=0,"","*") | BH21: =IF(N21=0,"","*") | BI21: =IF(O21=0,"","*") | BJ21: =IF(P21=0,"","*") | BK21: =IF(Q21=0,"","*") | BL21: =IF(R21=0,"","*") | BM21: =IF(S21=0,"","*") | BN21: =IF(T21=0,"","*") | ... BW21: =IF(AC21=0,"","*")
A22: 13 | E22: =_xlfn.XLOOKUP($C$2,$R$9:$AC$9,R22:AC22) -> 0 | AO22: =IF(R22=0,"","*") | AP22: =IF(S22=0,"","*") | AQ22: =IF(T22=0,"","*") | AR22: =IF(U22=0,"","*") | AS22: =IF(V22=0,"","*") | AT22: =IF(W22=0,"","*") | AU22: =IF(X22=0,"","*") | AV22: =IF(Y22=0,"","*") | ... AZ22: =IF(AC22=0,"","*") | BG22: =IF(M22=0,"","*") | BH22: =IF(N22=0,"","*") | BI22: =IF(O22=0,"","*") | BJ22: =IF(P22=0,"","*") | BK22: =IF(Q22=0,"","*") | BL22: =IF(R22=0,"","*") | BM22: =IF(S22=0,"","*") | BN22: =IF(T22=0,"","*") | ... BW22: =IF(AC22=0,"","*")
A23: 14 | E23: =_xlfn.XLOOKUP($C$2,$R$9:$AC$9,R23:AC23) -> 0 | AO23: =IF(R23=0,"","*") | AP23: =IF(S23=0,"","*") | AQ23: =IF(T23=0,"","*") | AR23: =IF(U23=0,"","*") | AS23: =IF(V23=0,"","*") | AT23: =IF(W23=0,"","*") | AU23: =IF(X23=0,"","*") | AV23: =IF(Y23=0,"","*") | ... AZ23: =IF(AC23=0,"","*") | BG23: =IF(M23=0,"","*") | BH23: =IF(N23=0,"","*") | BI23: =IF(O23=0,"","*") | BJ23: =IF(P23=0,"","*") | BK23: =IF(Q23=0,"","*") | BL23: =IF(R23=0,"","*") | BM23: =IF(S23=0,"","*") | BN23: =IF(T23=0,"","*") | ... BW23: =IF(AC23=0,"","*")
A24: 15 | E24: =_xlfn.XLOOKUP($C$2,$R$9:$AC$9,R24:AC24) -> 0 | AO24: =IF(R24=0,"","*") | AP24: =IF(S24=0,"","*") | AQ24: =IF(T24=0,"","*") | AR24: =IF(U24=0,"","*") | AS24: =IF(V24=0,"","*") | AT24: =IF(W24=0,"","*") | AU24: =IF(X24=0,"","*") | AV24: =IF(Y24=0,"","*") | ... AZ24: =IF(AC24=0,"","*") | BG24: =IF(M24=0,"","*") | BH24: =IF(N24=0,"","*") | BI24: =IF(O24=0,"","*") | BJ24: =IF(P24=0,"","*") | BK24: =IF(Q24=0,"","*") | BL24: =IF(R24=0,"","*") | BM24: =IF(S24=0,"","*") | BN24: =IF(T24=0,"","*") | ... BW24: =IF(AC24=0,"","*")
A25: 16 | E25: =_xlfn.XLOOKUP($C$2,$R$9:$AC$9,R25:AC25) -> 0 | AO25: =IF(R25=0,"","*") | AP25: =IF(S25=0,"","*") | AQ25: =IF(T25=0,"","*") | AR25: =IF(U25=0,"","*") | AS25: =IF(V25=0,"","*") | AT25: =IF(W25=0,"","*") | AU25: =IF(X25=0,"","*") | AV25: =IF(Y25=0,"","*") | ... AZ25: =IF(AC25=0,"","*") | BG25: =IF(M25=0,"","*") | BH25: =IF(N25=0,"","*") | BI25: =IF(O25=0,"","*") | BJ25: =IF(P25=0,"","*") | BK25: =IF(Q25=0,"","*") | BL25: =IF(R25=0,"","*") | BM25: =IF(S25=0,"","*") | BN25: =IF(T25=0,"","*") | ... BW25: =IF(AC25=0,"","*")
A26: 17 | E26: =_xlfn.XLOOKUP($C$2,$R$9:$AC$9,R26:AC26) -> 0 | AO26: =IF(R26=0,"","*") | AP26: =IF(S26=0,"","*") | AQ26: =IF(T26=0,"","*") | AR26: =IF(U26=0,"","*") | AS26: =IF(V26=0,"","*") | AT26: =IF(W26=0,"","*") | AU26: =IF(X26=0,"","*") | AV26: =IF(Y26=0,"","*") | ... AZ26: =IF(AC26=0,"","*") | BG26: =IF(M26=0,"","*") | BH26: =IF(N26=0,"","*") | BI26: =IF(O26=0,"","*") | BJ26: =IF(P26=0,"","*") | BK26: =IF(Q26=0,"","*") | BL26: =IF(R26=0,"","*") | BM26: =IF(S26=0,"","*") | BN26: =IF(T26=0,"","*") | ... BW26: =IF(AC26=0,"","*")
A27: 18 | E27: =_xlfn.XLOOKUP($C$2,$R$9:$AC$9,R27:AC27) -> 0 | AO27: =IF(R27=0,"","*") | AP27: =IF(S27=0,"","*") | AQ27: =IF(T27=0,"","*") | AR27: =IF(U27=0,"","*") | AS27: =IF(V27=0,"","*") | AT27: =IF(W27=0,"","*") | AU27: =IF(X27=0,"","*") | AV27: =IF(Y27=0,"","*") | ... AZ27: =IF(AC27=0,"","*") | BG27: =IF(M27=0,"","*") | BH27: =IF(N27=0,"","*") | BI27: =IF(O27=0,"","*") | BJ27: =IF(P27=0,"","*") | BK27: =IF(Q27=0,"","*") | BL27: =IF(R27=0,"","*") | BM27: =IF(S27=0,"","*") | BN27: =IF(T27=0,"","*") | ... BW27: =IF(AC27=0,"","*")
A28: 19 | E28: =_xlfn.XLOOKUP($C$2,$R$9:$AC$9,R28:AC28) -> 0
A29: 20 | E29: =_xlfn.XLOOKUP($C$2,$R$9:$AC$9,R29:AC29) -> 0
A30: 21 | E30: =_xlfn.XLOOKUP($C$2,$R$9:$AC$9,R30:AC30) -> 0
A31: 22 | E31: =_xlfn.XLOOKUP($C$2,$R$9:$AC$9,R31:AC31) -> 0
A32: 23 | E32: =_xlfn.XLOOKUP($C$2,$R$9:$AC$9,R32:AC32) -> 0
A33: 24 | E33: =_xlfn.XLOOKUP($C$2,$R$9:$AC$9,R33:AC33) -> 0 | AE33: =IF(H33=0,"","*") | AF33: =IF(I33=0,"","*") | AG33: =IF(J33=0,"","*") | AH33: =IF(K33=0,"","*") | AI33: =IF(L33=0,"","*") | AJ33: =IF(M33=0,"","*") | AK33: =IF(N33=0,"","*") | AL33: =IF(O33=0,"","*") | ... AW33: =IF(Z33=0,"","*") | AY33: =IF(AB33=0,"","*") | AZ33: =IF(AC33=0,"","*") | BB33: =IF(H33=0,"","*") | BC33: =IF(I33=0,"","*") | BD33: =IF(J33=0,"","*") | BE33: =IF(K33=0,"","*") | BF33: =IF(L33=0,"","*") | BG33: =IF(M33=0,"","*") | BH33: =IF(N33=0,"","*") | BI33: =IF(O33=0,"","*") | ... BT33: =IF(Z33=0,"","*") | BV33: =IF(AB33=0,"","*") | BW33: =IF(AC33=0,"","*")
A34: 25 | E34: =_xlfn.XLOOKUP($C$2,$R$9:$AC$9,R34:AC34) -> 0 | AE34: =IF(H34=0,"","*") | AF34: =IF(I34=0,"","*") | AG34: =IF(J34=0,"","*") | AH34: =IF(K34=0,"","*") | AI34: =IF(L34=0,"","*") | AJ34: =IF(M34=0,"","*") | AK34: =IF(N34=0,"","*") | AL34: =IF(O34=0,"","*") | ... AW34: =IF(Z34=0,"","*") | AY34: =IF(AB34=0,"","*") | AZ34: =IF(AC34=0,"","*") | BB34: =IF(H34=0,"","*") | BC34: =IF(I34=0,"","*") | BD34: =IF(J34=0,"","*") | BE34: =IF(K34=0,"","*") | BF34: =IF(L34=0,"","*") | BG34: =IF(M34=0,"","*") | BH34: =IF(N34=0,"","*") | BI34: =IF(O34=0,"","*") | ... BT34: =IF(Z34=0,"","*") | BV34: =IF(AB34=0,"","*") | BW34: =IF(AC34=0,"","*")
B35: Provident fund withdrawals
A36: PF1 | E36: =_xlfn.XLOOKUP($C$2,$R$9:$AC$9,R36:AC36) -> 0 | AE36: =IF(H36=0,"","*") | AF36: =IF(I36=0,"","*") | AG36: =IF(J36=0,"","*") | AH36: =IF(K36=0,"","*") | AI36: =IF(L36=0,"","*") | AJ36: =IF(M36=0,"","*") | AK36: =IF(N36=0,"","*") | AL36: =IF(O36=0,"","*") | ... AZ36: =IF(AC36=0,"","*") | BB36: =IF(H36=0,"","*") | BC36: =IF(I36=0,"","*") | BD36: =IF(J36=0,"","*") | BE36: =IF(K36=0,"","*") | BF36: =IF(L36=0,"","*") | BG36: =IF(M36=0,"","*") | BH36: =IF(N36=0,"","*") | BI36: =IF(O36=0,"","*") | ... BT36: =IF(Z36=0,"","*") | BV36: =IF(AB36=0,"","*") | BW36: =IF(AC36=0,"","*")
A37: PF2 | E37: =_xlfn.XLOOKUP($C$2,$R$9:$AC$9,R37:AC37) -> 0 | AE37: =IF(H37=0,"","*") | AF37: =IF(I37=0,"","*") | AG37: =IF(J37=0,"","*") | AH37: =IF(K37=0,"","*") | AI37: =IF(L37=0,"","*") | AJ37: =IF(M37=0,"","*") | AK37: =IF(N37=0,"","*") | AL37: =IF(O37=0,"","*") | ... AZ37: =IF(AC37=0,"","*") | BB37: =IF(H37=0,"","*") | BC37: =IF(I37=0,"","*") | BD37: =IF(J37=0,"","*") | BE37: =IF(K37=0,"","*") | BF37: =IF(L37=0,"","*") | BG37: =IF(M37=0,"","*") | BH37: =IF(N37=0,"","*") | BI37: =IF(O37=0,"","*") | ... BT37: =IF(Z37=0,"","*") | BV37: =IF(AB37=0,"","*") | BW37: =IF(AC37=0,"","*")
A38: PF3 | E38: =_xlfn.XLOOKUP($C$2,$R$9:$AC$9,R38:AC38) -> 0 | AE38: =IF(H38=0,"","*") | AF38: =IF(I38=0,"","*") | AG38: =IF(J38=0,"","*") | AH38: =IF(K38=0,"","*") | AI38: =IF(L38=0,"","*") | AJ38: =IF(M38=0,"","*") | AK38: =IF(N38=0,"","*") | AL38: =IF(O38=0,"","*") | ... AZ38: =IF(AC38=0,"","*") | BB38: =IF(H38=0,"","*") | BC38: =IF(I38=0,"","*") | BD38: =IF(J38=0,"","*") | BE38: =IF(K38=0,"","*") | BF38: =IF(L38=0,"","*") | BG38: =IF(M38=0,"","*") | BH38: =IF(N38=0,"","*") | BI38: =IF(O38=0,"","*") | ... BT38: =IF(Z38=0,"","*") | BV38: =IF(AB38=0,"","*") | BW38: =IF(AC38=0,"","*")
A39: PF4 | E39: =_xlfn.XLOOKUP($C$2,$R$9:$AC$9,R39:AC39) -> 0 | AE39: =IF(H39=0,"","*") | AF39: =IF(I39=0,"","*") | AG39: =IF(J39=0,"","*") | AH39: =IF(K39=0,"","*") | AI39: =IF(L39=0,"","*") | AJ39: =IF(M39=0,"","*") | AK39: =IF(N39=0,"","*") | AL39: =IF(O39=0,"","*") | ... AZ39: =IF(AC39=0,"","*") | BB39: =IF(H39=0,"","*") | BC39: =IF(I39=0,"","*") | BD39: =IF(J39=0,"","*") | BE39: =IF(K39=0,"","*") | BF39: =IF(L39=0,"","*") | BG39: =IF(M39=0,"","*") | BH39: =IF(N39=0,"","*") | BI39: =IF(O39=0,"","*") | ... BT39: =IF(Z39=0,"","*") | BV39: =IF(AB39=0,"","*") | BW39: =IF(AC39=0,"","*")
A40: PF5 | E40: =_xlfn.XLOOKUP($C$2,$R$9:$AC$9,R40:AC40) -> 0 | AE40: =IF(H40=0,"","*") | AF40: =IF(I40=0,"","*") | AG40: =IF(J40=0,"","*") | AH40: =IF(K40=0,"","*") | AI40: =IF(L40=0,"","*") | AJ40: =IF(M40=0,"","*") | AK40: =IF(N40=0,"","*") | AL40: =IF(O40=0,"","*") | ... AZ40: =IF(AC40=0,"","*") | BB40: =IF(H40=0,"","*") | BC40: =IF(I40=0,"","*") | BD40: =IF(J40=0,"","*") | BE40: =IF(K40=0,"","*") | BF40: =IF(L40=0,"","*") | BG40: =IF(M40=0,"","*") | BH40: =IF(N40=0,"","*") | BI40: =IF(O40=0,"","*") | ... BT40: =IF(Z40=0,"","*") | BV40: =IF(AB40=0,"","*") | BW40: =IF(AC40=0,"","*")
A41: PF6 | E41: =_xlfn.XLOOKUP($C$2,$R$9:$AC$9,R41:AC41) -> 0 | AE41: =IF(H41=0,"","*") | AF41: =IF(I41=0,"","*") | AG41: =IF(J41=0,"","*") | AH41: =IF(K41=0,"","*") | AI41: =IF(L41=0,"","*") | AJ41: =IF(M41=0,"","*") | AK41: =IF(N41=0,"","*") | AL41: =IF(O41=0,"","*") | ... AZ41: =IF(AC41=0,"","*") | BB41: =IF(H41=0,"","*") | BC41: =IF(I41=0,"","*") | BD41: =IF(J41=0,"","*") | BE41: =IF(K41=0,"","*") | BF41: =IF(L41=0,"","*") | BG41: =IF(M41=0,"","*") | BH41: =IF(N41=0,"","*") | BI41: =IF(O41=0,"","*") | ... BT41: =IF(Z41=0,"","*") | BV41: =IF(AB41=0,"","*") | BW41: =IF(AC41=0,"","*")
A42: PF7 | E42: =_xlfn.XLOOKUP($C$2,$R$9:$AC$9,R42:AC42) -> 0 | AE42: =IF(H42=0,"","*") | AF42: =IF(I42=0,"","*") | AG42: =IF(J42=0,"","*") | AH42: =IF(K42=0,"","*") | AI42: =IF(L42=0,"","*") | AJ42: =IF(M42=0,"","*") | AK42: =IF(N42=0,"","*") | AL42: =IF(O42=0,"","*") | ... AZ42: =IF(AC42=0,"","*") | BB42: =IF(H42=0,"","*") | BC42: =IF(I42=0,"","*") | BD42: =IF(J42=0,"","*") | BE42: =IF(K42=0,"","*") | BF42: =IF(L42=0,"","*") | BG42: =IF(M42=0,"","*") | BH42: =IF(N42=0,"","*") | BI42: =IF(O42=0,"","*") | ... BT42: =IF(Z42=0,"","*") | BV42: =IF(AB42=0,"","*") | BW42: =IF(AC42=0,"","*")
A43: PF8 | E43: =_xlfn.XLOOKUP($C$2,$R$9:$AC$9,R43:AC43) -> 0 | AE43: =IF(H43=0,"","*") | AF43: =IF(I43=0,"","*") | AG43: =IF(J43=0,"","*") | AH43: =IF(K43=0,"","*") | AI43: =IF(L43=0,"","*") | AJ43: =IF(M43=0,"","*") | AK43: =IF(N43=0,"","*") | AL43: =IF(O43=0,"","*") | ... AZ43: =IF(AC43=0,"","*") | BB43: =IF(H43=0,"","*") | BC43: =IF(I43=0,"","*") | BD43: =IF(J43=0,"","*") | BE43: =IF(K43=0,"","*") | BF43: =IF(L43=0,"","*") | BG43: =IF(M43=0,"","*") | BH43: =IF(N43=0,"","*") | BI43: =IF(O43=0,"","*") | ... BT43: =IF(Z43=0,"","*") | BV43: =IF(AB43=0,"","*") | BW43: =IF(AC43=0,"","*")
A44: PF9 | E44: =_xlfn.XLOOKUP($C$2,$R$9:$AC$9,R44:AC44) -> 0 | AE44: =IF(H44=0,"","*") | AF44: =IF(I44=0,"","*") | AG44: =IF(J44=0,"","*") | AH44: =IF(K44=0,"","*") | AI44: =IF(L44=0,"","*") | AJ44: =IF(M44=0,"","*") | AK44: =IF(N44=0,"","*") | AL44: =IF(O44=0,"","*") | ... AZ44: =IF(AC44=0,"","*") | BB44: =IF(H44=0,"","*") | BC44: =IF(I44=0,"","*") | BD44: =IF(J44=0,"","*") | BE44: =IF(K44=0,"","*") | BF44: =IF(L44=0,"","*") | BG44: =IF(M44=0,"","*") | BH44: =IF(N44=0,"","*") | BI44: =IF(O44=0,"","*") | ... BT44: =IF(Z44=0,"","*") | BV44: =IF(AB44=0,"","*") | BW44: =IF(AC44=0,"","*")
A45: PF10 | E45: =_xlfn.XLOOKUP($C$2,$R$9:$AC$9,R45:AC45) -> 0 | AE45: =IF(H45=0,"","*") | AF45: =IF(I45=0,"","*") | AG45: =IF(J45=0,"","*") | AH45: =IF(K45=0,"","*") | AI45: =IF(L45=0,"","*") | AJ45: =IF(M45=0,"","*") | AK45: =IF(N45=0,"","*") | AL45: =IF(O45=0,"","*") | ... AZ45: =IF(AC45=0,"","*") | BB45: =IF(H45=0,"","*") | BC45: =IF(I45=0,"","*") | BD45: =IF(J45=0,"","*") | BE45: =IF(K45=0,"","*") | BF45: =IF(L45=0,"","*") | BG45: =IF(M45=0,"","*") | BH45: =IF(N45=0,"","*") | BI45: =IF(O45=0,"","*") | ... BT45: =IF(Z45=0,"","*") | BV45: =IF(AB45=0,"","*") | BW45: =IF(AC45=0,"","*")
A46: PF11 | E46: =_xlfn.XLOOKUP($C$2,$R$9:$AC$9,R46:AC46) -> 0 | AE46: =IF(H46=0,"","*") | AF46: =IF(I46=0,"","*") | AG46: =IF(J46=0,"","*") | AH46: =IF(K46=0,"","*") | AI46: =IF(L46=0,"","*") | AJ46: =IF(M46=0,"","*") | AK46: =IF(N46=0,"","*") | AL46: =IF(O46=0,"","*") | ... AZ46: =IF(AC46=0,"","*") | BB46: =IF(H46=0,"","*") | BC46: =IF(I46=0,"","*") | BD46: =IF(J46=0,"","*") | BE46: =IF(K46=0,"","*") | BF46: =IF(L46=0,"","*") | BG46: =IF(M46=0,"","*") | BH46: =IF(N46=0,"","*") | BI46: =IF(O46=0,"","*") | ... BT46: =IF(Z46=0,"","*") | BV46: =IF(AB46=0,"","*") | BW46: =IF(AC46=0,"","*")
A47: PF12 | E47: =_xlfn.XLOOKUP($C$2,$R$9:$AC$9,R47:AC47) -> 0 | AE47: =IF(H47=0,"","*") | AF47: =IF(I47=0,"","*") | AG47: =IF(J47=0,"","*") | AH47: =IF(K47=0,"","*") | AI47: =IF(L47=0,"","*") | AJ47: =IF(M47=0,"","*") | AK47: =IF(N47=0,"","*") | AL47: =IF(O47=0,"","*") | ... AZ47: =IF(AC47=0,"","*") | BB47: =IF(H47=0,"","*") | BC47: =IF(I47=0,"","*") | BD47: =IF(J47=0,"","*") | BE47: =IF(K47=0,"","*") | BF47: =IF(L47=0,"","*") | BG47: =IF(M47=0,"","*") | BH47: =IF(N47=0,"","*") | BI47: =IF(O47=0,"","*") | ... BT47: =IF(Z47=0,"","*") | BV47: =IF(AB47=0,"","*") | BW47: =IF(AC47=0,"","*")
A48: PF13 | E48: =_xlfn.XLOOKUP($C$2,$R$9:$AC$9,R48:AC48) -> 0 | AE48: =IF(H48=0,"","*") | AF48: =IF(I48=0,"","*") | AG48: =IF(J48=0,"","*") | AH48: =IF(K48=0,"","*") | AI48: =IF(L48=0,"","*") | AJ48: =IF(M48=0,"","*") | AK48: =IF(N48=0,"","*") | AL48: =IF(O48=0,"","*") | ... AW48: =IF(Z48=0,"","*") | AY48: =IF(AB48=0,"","*") | AZ48: =IF(AC48=0,"","*") | BB48: =IF(H48=0,"","*") | BC48: =IF(I48=0,"","*") | BD48: =IF(J48=0,"","*") | BE48: =IF(K48=0,"","*") | BF48: =IF(L48=0,"","*") | BG48: =IF(M48=0,"","*") | BH48: =IF(N48=0,"","*") | BI48: =IF(O48=0,"","*") | ... BT48: =IF(Z48=0,"","*") | BV48: =IF(AB48=0,"","*") | BW48: =IF(AC48=0,"","*")
A49: PF14 | E49: =_xlfn.XLOOKUP($C$2,$R$9:$AC$9,R49:AC49) -> 0 | AE49: =IF(H49=0,"","*") | AF49: =IF(I49=0,"","*") | AG49: =IF(J49=0,"","*") | AH49: =IF(K49=0,"","*") | AI49: =IF(L49=0,"","*") | AJ49: =IF(M49=0,"","*") | AK49: =IF(N49=0,"","*") | AL49: =IF(O49=0,"","*") | ... AW49: =IF(Z49=0,"","*") | AY49: =IF(AB49=0,"","*") | AZ49: =IF(AC49=0,"","*") | BB49: =IF(H49=0,"","*") | BC49: =IF(I49=0,"","*") | BD49: =IF(J49=0,"","*") | BE49: =IF(K49=0,"","*") | BF49: =IF(L49=0,"","*") | BG49: =IF(M49=0,"","*") | BH49: =IF(N49=0,"","*") | BI49: =IF(O49=0,"","*") | ... BT49: =IF(Z49=0,"","*") | BV49: =IF(AB49=0,"","*") | BW49: =IF(AC49=0,"","*")
A50: PF15 | E50: =_xlfn.XLOOKUP($C$2,$R$9:$AC$9,R50:AC50) -> 0 | AE50: =IF(H50=0,"","*") | AF50: =IF(I50=0,"","*") | AG50: =IF(J50=0,"","*") | AH50: =IF(K50=0,"","*") | AI50: =IF(L50=0,"","*") | AJ50: =IF(M50=0,"","*") | AK50: =IF(N50=0,"","*") | AL50: =IF(O50=0,"","*") | ... AW50: =IF(Z50=0,"","*") | AY50: =IF(AB50=0,"","*") | AZ50: =IF(AC50=0,"","*") | BB50: =IF(H50=0,"","*") | BC50: =IF(I50=0,"","*") | BD50: =IF(J50=0,"","*") | BE50: =IF(K50=0,"","*") | BF50: =IF(L50=0,"","*") | BG50: =IF(M50=0,"","*") | BH50: =IF(N50=0,"","*") | BI50: =IF(O50=0,"","*") | ... BT50: =IF(Z50=0,"","*") | BV50: =IF(AB50=0,"","*") | BW50: =IF(AC50=0,"","*")
A51: PF16 | E51: =_xlfn.XLOOKUP($C$2,$R$9:$AC$9,R51:AC51) -> 0 | AE51: =IF(H51=0,"","*") | AF51: =IF(I51=0,"","*") | AG51: =IF(J51=0,"","*") | AH51: =IF(K51=0,"","*") | AI51: =IF(L51=0,"","*") | AJ51: =IF(M51=0,"","*") | AK51: =IF(N51=0,"","*") | AL51: =IF(O51=0,"","*") | ... AW51: =IF(Z51=0,"","*") | AY51: =IF(AB51=0,"","*") | AZ51: =IF(AC51=0,"","*") | BB51: =IF(H51=0,"","*") | BC51: =IF(I51=0,"","*") | BD51: =IF(J51=0,"","*") | BE51: =IF(K51=0,"","*") | BF51: =IF(L51=0,"","*") | BG51: =IF(M51=0,"","*") | BH51: =IF(N51=0,"","*") | BI51: =IF(O51=0,"","*") | ... BT51: =IF(Z51=0,"","*") | BV51: =IF(AB51=0,"","*") | BW51: =IF(AC51=0,"","*")
A52: PF17 | E52: =_xlfn.XLOOKUP($C$2,$R$9:$AC$9,R52:AC52) -> 0 | AE52: =IF(H52=0,"","*") | AF52: =IF(I52=0,"","*") | AG52: =IF(J52=0,"","*") | AH52: =IF(K52=0,"","*") | AI52: =IF(L52=0,"","*") | AJ52: =IF(M52=0,"","*") | AK52: =IF(N52=0,"","*") | AL52: =IF(O52=0,"","*") | ... AW52: =IF(Z52=0,"","*") | AY52: =IF(AB52=0,"","*") | AZ52: =IF(AC52=0,"","*") | BB52: =IF(H52=0,"","*") | BC52: =IF(I52=0,"","*") | BD52: =IF(J52=0,"","*") | BE52: =IF(K52=0,"","*") | BF52: =IF(L52=0,"","*") | BG52: =IF(M52=0,"","*") | BH52: =IF(N52=0,"","*") | BI52: =IF(O52=0,"","*") | ... BT52: =IF(Z52=0,"","*") | BV52: =IF(AB52=0,"","*") | BW52: =IF(AC52=0,"","*")
A53: PF18 | E53: =_xlfn.XLOOKUP($C$2,$R$9:$AC$9,R53:AC53) -> 0 | AE53: =IF(H53=0,"","*") | AF53: =IF(I53=0,"","*") | AG53: =IF(J53=0,"","*") | AH53: =IF(K53=0,"","*") | AI53: =IF(L53=0,"","*") | AJ53: =IF(M53=0,"","*") | AK53: =IF(N53=0,"","*") | AL53: =IF(O53=0,"","*") | ... AW53: =IF(Z53=0,"","*") | AY53: =IF(AB53=0,"","*") | AZ53: =IF(AC53=0,"","*") | BB53: =IF(H53=0,"","*") | BC53: =IF(I53=0,"","*") | BD53: =IF(J53=0,"","*") | BE53: =IF(K53=0,"","*") | BF53: =IF(L53=0,"","*") | BG53: =IF(M53=0,"","*") | BH53: =IF(N53=0,"","*") | BI53: =IF(O53=0,"","*") | ... BT53: =IF(Z53=0,"","*") | BV53: =IF(AB53=0,"","*") | BW53: =IF(AC53=0,"","*")
B54: Not included
A55: NA1 | E55: =_xlfn.XLOOKUP($C$2,$R$9:$AC$9,R55:AC55) -> 0 | AJ55: =IF(M55=0,"","*") | AK55: =IF(N55=0,"","*") | AL55: =IF(O55=0,"","*") | AM55: =IF(P55=0,"","*") | AN55: =IF(Q55=0,"","*") | AO55: =IF(R55=0,"","*") | AP55: =IF(S55=0,"","*") | AQ55: =IF(T55=0,"","*") | ... AZ55: =IF(AC55=0,"","*") | BG55: =IF(M55=0,"","*") | BH55: =IF(N55=0,"","*") | BI55: =IF(O55=0,"","*") | BJ55: =IF(P55=0,"","*") | BK55: =IF(Q55=0,"","*") | BL55: =IF(R55=0,"","*") | BM55: =IF(S55=0,"","*") | BN55: =IF(T55=0,"","*") | ... BW55: =IF(AC55=0,"","*")
A56: NA2 | E56: =_xlfn.XLOOKUP($C$2,$R$9:$AC$9,R56:AC56) -> 0 | AJ56: =IF(M56=0,"","*") | AK56: =IF(N56=0,"","*") | AL56: =IF(O56=0,"","*") | AM56: =IF(P56=0,"","*") | AN56: =IF(Q56=0,"","*") | AO56: =IF(R56=0,"","*") | AP56: =IF(S56=0,"","*") | AQ56: =IF(T56=0,"","*") | ... AZ56: =IF(AC56=0,"","*") | BG56: =IF(M56=0,"","*") | BH56: =IF(N56=0,"","*") | BI56: =IF(O56=0,"","*") | BJ56: =IF(P56=0,"","*") | BK56: =IF(Q56=0,"","*") | BL56: =IF(R56=0,"","*") | BM56: =IF(S56=0,"","*") | BN56: =IF(T56=0,"","*") | ... BW56: =IF(AC56=0,"","*")
A57: NA3 | E57: =_xlfn.XLOOKUP($C$2,$R$9:$AC$9,R57:AC57) -> 0 | AE57: =IF(H57=0,"","*") | AF57: =IF(I57=0,"","*") | AG57: =IF(J57=0,"","*") | AH57: =IF(K57=0,"","*") | AI57: =IF(L57=0,"","*") | AJ57: =IF(M57=0,"","*") | AK57: =IF(N57=0,"","*") | AL57: =IF(O57=0,"","*") | ... AZ57: =IF(AC57=0,"","*") | BB57: =IF(H57=0,"","*") | BC57: =IF(I57=0,"","*") | BD57: =IF(J57=0,"","*") | BE57: =IF(K57=0,"","*") | BF57: =IF(L57=0,"","*") | BG57: =IF(M57=0,"","*") | BH57: =IF(N57=0,"","*") | BI57: =IF(O57=0,"","*") | ... BW57: =IF(AC57=0,"","*")
A58: NA4 | E58: =_xlfn.XLOOKUP($C$2,$R$9:$AC$9,R58:AC58) -> 0 | AE58: =IF(H58=0,"","*") | AF58: =IF(I58=0,"","*") | AG58: =IF(J58=0,"","*") | AH58: =IF(K58=0,"","*") | AI58: =IF(L58=0,"","*") | AJ58: =IF(M58=0,"","*") | AK58: =IF(N58=0,"","*") | AL58: =IF(O58=0,"","*") | ... AZ58: =IF(AC58=0,"","*") | BB58: =IF(H58=0,"","*") | BC58: =IF(I58=0,"","*") | BD58: =IF(J58=0,"","*") | BE58: =IF(K58=0,"","*") | BF58: =IF(L58=0,"","*") | BG58: =IF(M58=0,"","*") | BH58: =IF(N58=0,"","*") | BI58: =IF(O58=0,"","*") | ... BW58: =IF(AC58=0,"","*")
A59: NA5 | E59: =_xlfn.XLOOKUP($C$2,$R$9:$AC$9,R59:AC59) -> 0 | AE59: =IF(H59=0,"","*") | AF59: =IF(I59=0,"","*") | AG59: =IF(J59=0,"","*") | AH59: =IF(K59=0,"","*") | AI59: =IF(L59=0,"","*") | AJ59: =IF(M59=0,"","*") | AK59: =IF(N59=0,"","*") | AL59: =IF(O59=0,"","*") | ... AZ59: =IF(AC59=0,"","*") | BB59: =IF(H59=0,"","*") | BC59: =IF(I59=0,"","*") | BD59: =IF(J59=0,"","*") | BE59: =IF(K59=0,"","*") | BF59: =IF(L59=0,"","*") | BG59: =IF(M59=0,"","*") | BH59: =IF(N59=0,"","*") | BI59: =IF(O59=0,"","*") | ... BW59: =IF(AC59=0,"","*")
A60: NA6 | E60: =_xlfn.XLOOKUP($C$2,$R$9:$AC$9,R60:AC60) -> 0 | AE60: =IF(H60=0,"","*") | AF60: =IF(I60=0,"","*") | AG60: =IF(J60=0,"","*") | AH60: =IF(K60=0,"","*") | AI60: =IF(L60=0,"","*") | AJ60: =IF(M60=0,"","*") | AK60: =IF(N60=0,"","*") | AL60: =IF(O60=0,"","*") | ... AZ60: =IF(AC60=0,"","*") | BB60: =IF(H60=0,"","*") | BC60: =IF(I60=0,"","*") | BD60: =IF(J60=0,"","*") | BE60: =IF(K60=0,"","*") | BF60: =IF(L60=0,"","*") | BG60: =IF(M60=0,"","*") | BH60: =IF(N60=0,"","*") | BI60: =IF(O60=0,"","*") | ... BW60: =IF(AC60=0,"","*")
A61: NA7 | E61: =_xlfn.XLOOKUP($C$2,$R$9:$AC$9,R61:AC61) -> 0 | AE61: =IF(H61=0,"","*") | AF61: =IF(I61=0,"","*") | AG61: =IF(J61=0,"","*") | AH61: =IF(K61=0,"","*") | AI61: =IF(L61=0,"","*") | AJ61: =IF(M61=0,"","*") | AK61: =IF(N61=0,"","*") | AL61: =IF(O61=0,"","*") | ... AZ61: =IF(AC61=0,"","*") | BB61: =IF(H61=0,"","*") | BC61: =IF(I61=0,"","*") | BD61: =IF(J61=0,"","*") | BE61: =IF(K61=0,"","*") | BF61: =IF(L61=0,"","*") | BG61: =IF(M61=0,"","*") | BH61: =IF(N61=0,"","*") | BI61: =IF(O61=0,"","*") | ... BW61: =IF(AC61=0,"","*")
A62: NA8 | E62: =_xlfn.XLOOKUP($C$2,$R$9:$AC$9,R62:AC62) -> 0 | AE62: =IF(H62=0,"","*") | AF62: =IF(I62=0,"","*") | AG62: =IF(J62=0,"","*") | AH62: =IF(K62=0,"","*") | AI62: =IF(L62=0,"","*") | AJ62: =IF(M62=0,"","*") | AK62: =IF(N62=0,"","*") | AL62: =IF(O62=0,"","*") | ... AZ62: =IF(AC62=0,"","*") | BB62: =IF(H62=0,"","*") | BC62: =IF(I62=0,"","*") | BD62: =IF(J62=0,"","*") | BE62: =IF(K62=0,"","*") | BF62: =IF(L62=0,"","*") | BG62: =IF(M62=0,"","*") | BH62: =IF(N62=0,"","*") | BI62: =IF(O62=0,"","*") | ... BW62: =IF(AC62=0,"","*")
A63: NA9 | E63: =_xlfn.XLOOKUP($C$2,$R$9:$AC$9,R63:AC63) -> 0 | AE63: =IF(H63=0,"","*") | AF63: =IF(I63=0,"","*") | AG63: =IF(J63=0,"","*") | AH63: =IF(K63=0,"","*") | AI63: =IF(L63=0,"","*") | AJ63: =IF(M63=0,"","*") | AK63: =IF(N63=0,"","*") | AL63: =IF(O63=0,"","*") | ... AZ63: =IF(AC63=0,"","*") | BB63: =IF(H63=0,"","*") | BC63: =IF(I63=0,"","*") | BD63: =IF(J63=0,"","*") | BE63: =IF(K63=0,"","*") | BF63: =IF(L63=0,"","*") | BG63: =IF(M63=0,"","*") | BH63: =IF(N63=0,"","*") | BI63: =IF(O63=0,"","*") | ... BW63: =IF(AC63=0,"","*")
A64: NA10 | E64: =_xlfn.XLOOKUP($C$2,$R$9:$AC$9,R64:AC64) -> 0 | AE64: =IF(H64=0,"","*") | AF64: =IF(I64=0,"","*") | AG64: =IF(J64=0,"","*") | AH64: =IF(K64=0,"","*") | AI64: =IF(L64=0,"","*") | AJ64: =IF(M64=0,"","*") | AK64: =IF(N64=0,"","*") | AL64: =IF(O64=0,"","*") | ... AZ64: =IF(AC64=0,"","*") | BB64: =IF(H64=0,"","*") | BC64: =IF(I64=0,"","*") | BD64: =IF(J64=0,"","*") | BE64: =IF(K64=0,"","*") | BF64: =IF(L64=0,"","*") | BG64: =IF(M64=0,"","*") | BH64: =IF(N64=0,"","*") | BI64: =IF(O64=0,"","*") | ... BW64: =IF(AC64=0,"","*")
A65: NA11 | E65: =_xlfn.XLOOKUP($C$2,$R$9:$AC$9,R65:AC65) -> 0 | AP65: =IF(S65=0,"","*") | AQ65: =IF(T65=0,"","*") | AR65: =IF(U65=0,"","*") | AS65: =IF(V65=0,"","*") | BT65: =IF(Z65=0,"","*") | BU65: =IF(AA65=0,"","*")
A66: NA12 | E66: =_xlfn.XLOOKUP($C$2,$R$9:$AC$9,R66:AC66) -> 0 | AP66: =IF(S66=0,"","*") | AQ66: =IF(T66=0,"","*") | AR66: =IF(U66=0,"","*") | AS66: =IF(V66=0,"","*") | BT66: =IF(Z66=0,"","*") | BU66: =IF(AA66=0,"","*")
A67: NA13 | E67: =_xlfn.XLOOKUP($C$2,$R$9:$AC$9,R67:AC67) -> 0 | AP67: =IF(S67=0,"","*") | AQ67: =IF(T67=0,"","*") | AR67: =IF(U67=0,"","*") | AS67: =IF(V67=0,"","*") | BT67: =IF(Z67=0,"","*") | BU67: =IF(AA67=0,"","*")
A68: NA14 | E68: =_xlfn.XLOOKUP($C$2,$R$9:$AC$9,R68:AC68) -> 0 | AP68: =IF(S68=0,"","*") | AQ68: =IF(T68=0,"","*") | AR68: =IF(U68=0,"","*") | AS68: =IF(V68=0,"","*") | BT68: =IF(Z68=0,"","*") | BU68: =IF(AA68=0,"","*")
A69: NA15 | E69: =_xlfn.XLOOKUP($C$2,$R$9:$AC$9,R69:AC69) -> 0 | BT69: =IF(Z69=0,"","*") | BU69: =IF(AA69=0,"","*")
A70: NA16 | E70: =_xlfn.XLOOKUP($C$2,$R$9:$AC$9,R70:AC70) -> 0
A71: NA17 | E71: =_xlfn.XLOOKUP($C$2,$R$9:$AC$9,R71:AC71) -> 0
A72: NA18 | E72: =_xlfn.XLOOKUP($C$2,$R$9:$AC$9,R72:AC72) -> 0
A73: NA19 | E73: =_xlfn.XLOOKUP($C$2,$R$9:$AC$9,R73:AC73) -> 0
A74: NA20 | E74: =_xlfn.XLOOKUP($C$2,$R$9:$AC$9,R74:AC74) -> 0
B76: Notes
G77: Economic classification
G78: =_xlfn.CONCAT(C4,", ",C6) -> USD, thousands
G79: =Lists!$A$2 -> Social insurance benefits (271) | H79: =SUMIF($F$10:$F$53,$G79,H$10:H$53) -> 0 | I79: =SUMIF($F$10:$F$53,$G79,I$10:I$53) -> 10846.03 | J79: =SUMIF($F$10:$F$53,$G79,J$10:J$53) -> 11320.348 | K79: =SUMIF($F$10:$F$53,$G79,K$10:K$53) -> 12006.929 | L79: =SUMIF($F$10:$F$53,$G79,L$10:L$53) -> 13010.256 | M79: =SUMIF($F$10:$F$53,$G79,M$10:M$53) -> 13663.88 | N79: =SUMIF($F$10:$F$53,$G79,N$10:N$53) -> 14222.788 | O79: =SUMIF($F$10:$F$53,$G79,O$10:O$53) -> 15304.704 | ... AC79: =SUMIF($F$10:$F$53,$G79,AC$10:AC$53) -> 0
G80: =Lists!$A$3 -> Social assistance benefits (272) | H80: =SUMIF($F$10:$F$53,$G80,H$10:H$53) -> 0 | I80: =SUMIF($F$10:$F$53,$G80,I$10:I$53) -> 0 | J80: =SUMIF($F$10:$F$53,$G80,J$10:J$53) -> 0 | K80: =SUMIF($F$10:$F$53,$G80,K$10:K$53) -> 0 | L80: =SUMIF($F$10:$F$53,$G80,L$10:L$53) -> 0 | M80: =SUMIF($F$10:$F$53,$G80,M$10:M$53) -> 0 | N80: =SUMIF($F$10:$F$53,$G80,N$10:N$53) -> 0 | O80: =SUMIF($F$10:$F$53,$G80,O$10:O$53) -> 0 | ... AC80: =SUMIF($F$10:$F$53,$G80,AC$10:AC$53) -> 0
G81: =Lists!$A$4 -> Public servant benefits (273) | H81: =SUMIF($F$10:$F$53,$G81,H$10:H$53) -> 0 | I81: =SUMIF($F$10:$F$53,$G81,I$10:I$53) -> 0 | J81: =SUMIF($F$10:$F$53,$G81,J$10:J$53) -> 0 | K81: =SUMIF($F$10:$F$53,$G81,K$10:K$53) -> 0 | L81: =SUMIF($F$10:$F$53,$G81,L$10:L$53) -> 0 | M81: =SUMIF($F$10:$F$53,$G81,M$10:M$53) -> 0 | N81: =SUMIF($F$10:$F$53,$G81,N$10:N$53) -> 0 | O81: =SUMIF($F$10:$F$53,$G81,O$10:O$53) -> 0 | ... AC81: =SUMIF($F$10:$F$53,$G81,AC$10:AC$53) -> 0
G82: =Lists!$A$5 -> Social benefits (27) | H82: =SUM(H79:H81) -> 0 | I82: =SUM(I79:I81) -> 10846.03 | J82: =SUM(J79:J81) -> 11320.348 | K82: =SUM(K79:K81) -> 12006.929 | L82: =SUM(L79:L81) -> 13010.256 | M82: =SUM(M79:M81) -> 13663.88 | N82: =SUM(N79:N81) -> 14222.788 | O82: =SUM(O79:O81) -> 15304.704 | ... AC82: =SUM(AC79:AC81) -> 0
G84: =Lists!$A$7 -> Provident fund withdrawals | H84: =SUMIF($F$10:$F$53,$G84,H$10:H$53) -> 0 | I84: =SUMIF($F$10:$F$53,$G84,I$10:I$53) -> 0 | J84: =SUMIF($F$10:$F$53,$G84,J$10:J$53) -> 0 | K84: =SUMIF($F$10:$F$53,$G84,K$10:K$53) -> 0 | L84: =SUMIF($F$10:$F$53,$G84,L$10:L$53) -> 0 | M84: =SUMIF($F$10:$F$53,$G84,M$10:M$53) -> 0 | N84: =SUMIF($F$10:$F$53,$G84,N$10:N$53) -> 0 | O84: =SUMIF($F$10:$F$53,$G84,O$10:O$53) -> 0 | ... AC84: =SUMIF($F$10:$F$53,$G84,AC$10:AC$53) -> 0
G85: =Lists!$A$8 -> Social benefits (27) + provident fund withdrawals | H85: =H84+H82 -> 0 | I85: =I84+I82 -> 10846.03 | J85: =J84+J82 -> 11320.348 | K85: =K84+K82 -> 12006.929 | L85: =L84+L82 -> 13010.256 | M85: =M84+M82 -> 13663.88 | N85: =N84+N82 -> 14222.788 | O85: =O84+O82 -> 15304.704 | ... AC85: =AC84+AC82 -> 0
G87: % of GDP
G88: =G79 -> Social insurance benefits (271) | H88: =H$79/H$207 -> #N/A | I88: =I$79/I$207 -> #N/A | J88: =J$79/J$207 -> #N/A | K88: =K$79/K$207 -> #N/A | L88: =L$79/L$207 -> #N/A | M88: =M$79/M$207 -> #N/A | N88: =N$79/N$207 -> #N/A | O88: =O$79/O$207 -> #N/A | ... AC88: =AC$79/AC$207 -> 0
G89: =G80 -> Social assistance benefits (272) | H89: =H$80/H$207 -> #N/A | I89: =I$80/I$207 -> #N/A | J89: =J$80/J$207 -> #N/A | K89: =K$80/K$207 -> #N/A | L89: =L$80/L$207 -> #N/A | M89: =M$80/M$207 -> #N/A | N89: =N$80/N$207 -> #N/A | O89: =O$80/O$207 -> #N/A | ... AC89: =AC$80/AC$207 -> 0
G90: =G81 -> Public servant benefits (273) | H90: =H$81/H$207 -> #N/A | I90: =I$81/I$207 -> #N/A | J90: =J$81/J$207 -> #N/A | K90: =K$81/K$207 -> #N/A | L90: =L$81/L$207 -> #N/A | M90: =M$81/M$207 -> #N/A | N90: =N$81/N$207 -> #N/A | O90: =O$81/O$207 -> #N/A | ... AC90: =AC$81/AC$207 -> 0
G91: =G82 -> Social benefits (27) | H91: =H$82/H$207 -> #N/A | I91: =I$82/I$207 -> #N/A | J91: =J$82/J$207 -> #N/A | K91: =K$82/K$207 -> #N/A | L91: =L$82/L$207 -> #N/A | M91: =M$82/M$207 -> #N/A | N91: =N$82/N$207 -> #N/A | O91: =O$82/O$207 -> #N/A | ... AC91: =AC$82/AC$207 -> 0
B92: URLs for key data sources
B93: - FSMSSA Audit Reports: http://www.fsmssa.fm/reports/ | G93: =G84 -> Provident fund withdrawals | H93: =H$84/H$207 -> #N/A | I93: =I$84/I$207 -> #N/A | J93: =J$84/J$207 -> #N/A | K93: =K$84/K$207 -> #N/A | L93: =L$84/L$207 -> #N/A | M93: =M$84/M$207 -> #N/A | N93: =N$84/N$207 -> #N/A | O93: =O$84/O$207 -> #N/A | ... AC93: =AC$84/AC$207 -> 0
G94: =G85 -> Social benefits (27) + provident fund withdrawals | H94: =H$85/H$207 -> #N/A | I94: =I$85/I$207 -> #N/A | J94: =J$85/J$207 -> #N/A | K94: =K$85/K$207 -> #N/A | L94: =L$85/L$207 -> #N/A | M94: =M$85/M$207 -> #N/A | N94: =N$85/N$207 -> #N/A | O94: =O$85/O$207 -> #N/A | ... AC94: =AC$85/AC$207 -> 0
G96: % of GNI
G97: =G88 -> Social insurance benefits (271) | H97: =H$79/H$211 -> 0 | I97: =I$79/I$211 -> 0.04352701 | J97: =J$79/J$211 -> 0.045817901 | K97: =K$79/K$211 -> 0.0464246 | L97: =L$79/L$211 -> 0.049641436 | M97: =M$79/M$211 -> 0.051146731 | N97: =N$79/N$211 -> 0.052604457 | O97: =O$79/O$211 -> 0.051573221 | ... AC97: =AC$79/AC$211 -> 0
G98: =G89 -> Social assistance benefits (272) | H98: =H$80/H$211 -> 0 | I98: =I$80/I$211 -> 0 | J98: =J$80/J$211 -> 0 | K98: =K$80/K$211 -> 0 | L98: =L$80/L$211 -> 0 | M98: =M$80/M$211 -> 0 | N98: =N$80/N$211 -> 0 | O98: =O$80/O$211 -> 0 | ... AC98: =AC$80/AC$211 -> 0
G99: =G90 -> Public servant benefits (273) | H99: =H$81/H$211 -> 0 | I99: =I$81/I$211 -> 0 | J99: =J$81/J$211 -> 0 | K99: =K$81/K$211 -> 0 | L99: =L$81/L$211 -> 0 | M99: =M$81/M$211 -> 0 | N99: =N$81/N$211 -> 0 | O99: =O$81/O$211 -> 0 | ... AC99: =AC$81/AC$211 -> 0
G100: =G91 -> Social benefits (27) | H100: =H$82/H$211 -> 0 | I100: =I$82/I$211 -> 0.04352701 | J100: =J$82/J$211 -> 0.045817901 | K100: =K$82/K$211 -> 0.0464246 | L100: =L$82/L$211 -> 0.049641436 | M100: =M$82/M$211 -> 0.051146731 | N100: =N$82/N$211 -> 0.052604457 | O100: =O$82/O$211 -> 0.051573221 | ... AC100: =AC$82/AC$211 -> 0
G102: =G93 -> Provident fund withdrawals | H102: =H$84/H$211 -> 0 | I102: =I$84/I$211 -> 0 | J102: =J$84/J$211 -> 0 | K102: =K$84/K$211 -> 0 | L102: =L$84/L$211 -> 0 | M102: =M$84/M$211 -> 0 | N102: =N$84/N$211 -> 0 | O102: =O$84/O$211 -> 0 | ... AC102: =AC$84/AC$211 -> 0
G103: =G94 -> Social benefits (27) + provident fund withdrawals | H103: =H$85/H$211 -> 0 | I103: =I$85/I$211 -> 0.04352701 | J103: =J$85/J$211 -> 0.045817901 | K103: =K$85/K$211 -> 0.0464246 | L103: =L$85/L$211 -> 0.049641436 | M103: =M$85/M$211 -> 0.051146731 | N103: =N$85/N$211 -> 0.052604457 | O103: =O$85/O$211 -> 0.051573221 | ... AC103: =AC$85/AC$211 -> 0
G105: % of government expenditure
G106: =G97 -> Social insurance benefits (271) | H106: =H$79/H$217 -> #N/A | I106: =I$79/I$217 -> #N/A | J106: =J$79/J$217 -> #N/A | K106: =K$79/K$217 -> #N/A | L106: =L$79/L$217 -> #N/A | M106: =M$79/M$217 -> #N/A | N106: =N$79/N$217 -> #N/A | O106: =O$79/O$217 -> #N/A | ... AC106: =AC$79/AC$217 -> 0
...

Sheet KIR
B1: Kiribati
B2: Latest year of complete data | C2: 2023
B3: Budget cycle: | C3: January 1st - December 31st
B4: Currency | C4: AUD
B5: Country code | C5: KIR
B6: Unit | C6: thousands
H7: Time series | AF7: Sources | BD7: Budgeted / actual
H8: 2002 | I8: 2003 | J8: 2004 | K8: 2005 | L8: 2006 | M8: 2007 | N8: 2008 | O8: 2009 | P8: 2010 | Q8: 2011 | R8: 2012 | S8: 2013 | T8: 2014 | U8: 2015 | V8: 2016 | W8: 2017 | X8: 2018 | Y8: 2019 | Z8: 2020 | AA8: 2021 | AB8: 2022 | AC8: 2023 | AD8: 2024
B9: Programme | C9: Year Introduced | D9: Administrator | E9: =_xlfn.CONCAT("Expenditure (",C2,"), ",C4," ",C6,"") -> Expenditure (2023), AUD thousands | F9: Economic classicfication (Expense) | G9: COFOG | N9: 2008 | O9: 2009 | P9: 2010 | Q9: 2011 | R9: 2012 | S9: 2013 | T9: 2014 | U9: 2015 | V9: 2016 | W9: 2017 | X9: 2018 | Y9: 2019 | Z9: 2020 | AA9: 2021 | AB9: 2022 | AC9: 2023 | AD9: 2024 | AF9: =H9 -> 0 | AG9: =I9 -> 0 | AH9: =J9 -> 0 | AI9: =K9 -> 0 | AJ9: =L9 -> 0 | AK9: =M9 -> 0 | AL9: =N9 -> 2008 | AM9: =O9 -> 2009 | ... BB9: =AD9 -> 2024 | BD9: =H9 -> 0 | BE9: =I9 -> 0 | BF9: =J9 -> 0 | BG9: =K9 -> 0 | BH9: =L9 -> 0 | BI9: =M9 -> 0 | BJ9: =N9 -> 2008 | BK9: =O9 -> 2009 | ... BZ9: =AD9 -> 2024
A10: 1 | B10: Senior Citizens Benefit | C10: 2004 | D10: Ministry for Women, Youth, Sport and Social Affairs (MWYSSA) | E10: =_xlfn.XLOOKUP($C$2,$R$9:$AC$9,R10:AC10) -> 20330 | F10: Social assistance benefits (272) | G10: Old age (7102) | N10: 911.26 | O10: 1058 | P10: 1068 | Q10: 1433.82 | R10: 1781.76 | S10: 1997.76 | T10: 1997.76 | U10: 2041.711 | V10: 2936.575 | W10: 3017.119 | X10: 3145.168 | Y10: 3329.428 | Z10: 12112.397 | AA10: 20351.285 | AB10: 22019.733 | AC10: 20330 | AD10: 23000 | AK10: =IF(M10=0,"","*") | AL10: 2010 Budget (p. 15) | AM10: 2010 Budget (p. 15) | AN10: 2011 Budget (p. 21) | AO10: 2012 Budget (p. 20) | AP10: 2013 Budget (p. 22) | AQ10: 2014 Budget (p. 66) | AR10: 2015 Budget (p. 72) | AS10: 2016 Budget (p. 70) | AT10: 2018 Budget (p. 106) | AU10: 2019 Budget (p. 62) | AV10: 2020 Budget (p. 69) | AW10: 2021 Budget (p. 69) | AX10: 2022 Budget (p. 89) | AY10: 2023 Budget (p. 84) | AZ10: 2024 Budget (p. 91) | BA10: 2024 Budget (p. 91) | BB10: 2024 Budget (p. 91) | BI10: =IF(M10=0,"","*") | BJ10: Actual | BK10: Revised estimate | BL10: Revised estimate | BM10: Revised estimate | BN10: Revised estimate | BO10: Revised estimate | BP10: Revised estimate | BQ10: Revised estimate | BR10: Actual | BS10: Actual | BT10: Actual | BU10: Actual | BV10: Actual | BW10: Actual | BX10: Actual | BY10: Revised | BZ10: Budget
A11: 2 | B11: Disability Support Allowance | C11: 2020 | D11: Ministry for Women, Youth, Sport and Social Affairs (MWYSSA) | E11: =_xlfn.XLOOKUP($C$2,$R$9:$AC$9,R11:AC11) -> 2386.399 | F11: Social assistance benefits (272) | G11: Sickness and disability (7101) | Z11: 1314.49 | AA11: 1780.589 | AB11: 2566.803 | AC11: 2386.399 | AD11: 2386.399 | AK11: =IF(M11=0,"","*") | AL11: =IF(N11=0,"","*") | AM11: =IF(O11=0,"","*") | AN11: =IF(P11=0,"","*") | AO11: =IF(Q11=0,"","*") | AP11: =IF(R11=0,"","*") | AQ11: =IF(S11=0,"","*") | AR11: =IF(T11=0,"","*") | ... AW11: =IF(Y11=0,"","*") | AX11: 2022 Budget (p. 89) | AY11: 2023 Budget (p. 84) | AZ11: 2024 Budget (p. 91) | BA11: 2024 Budget (p. 91) | BB11: 2024 Budget (p. 91) | BI11: =IF(M11=0,"","*") | BJ11: =IF(N11=0,"","*") | BK11: =IF(O11=0,"","*") | BL11: =IF(P11=0,"","*") | BM11: =IF(Q11=0,"","*") | BN11: =IF(R11=0,"","*") | BO11: =IF(S11=0,"","*") | BP11: =IF(T11=0,"","*") | ... BU11: =IF(Y11=0,"","*") | BV11: Actual | BW11: Actual | BX11: Actual | BY11: Revised | BZ11: Budget
A12: 3 | B12: Unemployment benefit | C12: 2019 | D12: Ministry for Women, Youth, Sport and Social Affairs (MWYSSA) | E12: =_xlfn.XLOOKUP($C$2,$R$9:$AC$9,R12:AC12) -> 30100 | F12: Social assistance benefits (272) | G12: Unemployment (7105) | Z12: 8636.548 | AA12: 45244.59 | AB12: 32400 | AC12: 30100 | AD12: 28000 | AK12: =IF(M12=0,"","*") | AL12: =IF(N12=0,"","*") | AM12: =IF(O12=0,"","*") | AN12: =IF(P12=0,"","*") | AO12: =IF(Q12=0,"","*") | AP12: =IF(R12=0,"","*") | AQ12: =IF(S12=0,"","*") | AR12: =IF(T12=0,"","*") | ... AW12: =IF(Y12=0,"","*") | AX12: 2022 Budget (p. 89) | AY12: 2023 Budget (p. 84) | AZ12: 2024 Budget (p. 112) | BA12: 2024 Budget (p. 112) | BB12: 2024 Budget (p. 112) | BI12: =IF(M12=0,"","*") | BJ12: =IF(N12=0,"","*") | BK12: =IF(O12=0,"","*") | BL12: =IF(P12=0,"","*") | BM12: =IF(Q12=0,"","*") | BN12: =IF(R12=0,"","*") | BO12: =IF(S12=0,"","*") | BP12: =IF(T12=0,"","*") | ... BU12: =IF(Y12=0,"","*") | BV12: Actual | BW12: Actual | BX12: Actual | BY12: Revised | BZ12: Budget
A13: 4 | E13: =_xlfn.XLOOKUP($C$2,$R$9:$AC$9,R13:AC13) -> 0 | AK13: =IF(M13=0,"","*") | AL13: =IF(N13=0,"","*") | AM13: =IF(O13=0,"","*") | AN13: =IF(P13=0,"","*") | AO13: =IF(Q13=0,"","*") | AP13: =IF(R13=0,"","*") | AQ13: =IF(S13=0,"","*") | AR13: =IF(T13=0,"","*") | ... BA13: =IF(AC13=0,"","*") | BI13: =IF(M13=0,"","*") | BJ13: =IF(N13=0,"","*") | BK13: =IF(O13=0,"","*") | BL13: =IF(P13=0,"","*") | BM13: =IF(Q13=0,"","*") | BN13: =IF(R13=0,"","*") | BO13: =IF(S13=0,"","*") | BP13: =IF(T13=0,"","*") | ... BY13: =IF(AC13=0,"","*")
A14: 5 | E14: =_xlfn.XLOOKUP($C$2,$R$9:$AC$9,R14:AC14) -> 0 | AK14: =IF(M14=0,"","*") | AL14: =IF(N14=0,"","*") | AM14: =IF(O14=0,"","*") | AN14: =IF(P14=0,"","*") | AO14: =IF(Q14=0,"","*") | AP14: =IF(R14=0,"","*") | AQ14: =IF(S14=0,"","*") | AR14: =IF(T14=0,"","*") | ... BA14: =IF(AC14=0,"","*") | BI14: =IF(M14=0,"","*") | BJ14: =IF(N14=0,"","*") | BK14: =IF(O14=0,"","*") | BL14: =IF(P14=0,"","*") | BM14: =IF(Q14=0,"","*") | BN14: =IF(R14=0,"","*") | BO14: =IF(S14=0,"","*") | BP14: =IF(T14=0,"","*") | ... BY14: =IF(AC14=0,"","*")
A15: 6 | E15: =_xlfn.XLOOKUP($C$2,$R$9:$AC$9,R15:AC15) -> 0 | AK15: =IF(M15=0,"","*") | AL15: =IF(N15=0,"","*") | AM15: =IF(O15=0,"","*") | AN15: =IF(P15=0,"","*") | AO15: =IF(Q15=0,"","*") | AP15: =IF(R15=0,"","*") | AQ15: =IF(S15=0,"","*") | AR15: =IF(T15=0,"","*") | ... BA15: =IF(AC15=0,"","*") | BI15: =IF(M15=0,"","*") | BJ15: =IF(N15=0,"","*") | BK15: =IF(O15=0,"","*") | BL15: =IF(P15=0,"","*") | BM15: =IF(Q15=0,"","*") | BN15: =IF(R15=0,"","*") | BO15: =IF(S15=0,"","*") | BP15: =IF(T15=0,"","*") | ... BY15: =IF(AC15=0,"","*")
A16: 7 | E16: =_xlfn.XLOOKUP($C$2,$R$9:$AC$9,R16:AC16) -> 0 | AK16: =IF(M16=0,"","*") | AL16: =IF(N16=0,"","*") | AM16: =IF(O16=0,"","*") | AN16: =IF(P16=0,"","*") | AO16: =IF(Q16=0,"","*") | AP16: =IF(R16=0,"","*") | AQ16: =IF(S16=0,"","*") | AR16: =IF(T16=0,"","*") | ... BA16: =IF(AC16=0,"","*") | BI16: =IF(M16=0,"","*") | BJ16: =IF(N16=0,"","*") | BK16: =IF(O16=0,"","*") | BL16: =IF(P16=0,"","*") | BM16: =IF(Q16=0,"","*") | BN16: =IF(R16=0,"","*") | BO16: =IF(S16=0,"","*") | BP16: =IF(T16=0,"","*") | ... BY16: =IF(AC16=0,"","*")
A17: 8 | E17: =_xlfn.XLOOKUP($C$2,$R$9:$AC$9,R17:AC17) -> 0 | BI17: =IF(M17=0,"","*") | BJ17: =IF(N17=0,"","*") | BK17: =IF(O17=0,"","*") | BL17: =IF(P17=0,"","*") | BM17: =IF(Q17=0,"","*") | BN17: =IF(R17=0,"","*") | BO17: =IF(S17=0,"","*") | BP17: =IF(T17=0,"","*") | ... BY17: =IF(AC17=0,"","*")
A18: 9 | E18: =_xlfn.XLOOKUP($C$2,$R$9:$AC$9,R18:AC18) -> 0 | BI18: =IF(M18=0,"","*") | BJ18: =IF(N18=0,"","*") | BK18: =IF(O18=0,"","*") | BL18: =IF(P18=0,"","*") | BM18: =IF(Q18=0,"","*") | BN18: =IF(R18=0,"","*") | BO18: =IF(S18=0,"","*") | BP18: =IF(T18=0,"","*") | ... BY18: =IF(AC18=0,"","*")
A19: 10 | E19: =_xlfn.XLOOKUP($C$2,$R$9:$AC$9,R19:AC19) -> 0 | AP19: =IF(R19=0,"","*") | AQ19: =IF(S19=0,"","*") | AR19: =IF(T19=0,"","*") | AS19: =IF(U19=0,"","*") | AT19: =IF(V19=0,"","*") | AU19: =IF(W19=0,"","*") | AV19: =IF(X19=0,"","*") | AW19: =IF(Y19=0,"","*") | ... BA19: =IF(AC19=0,"","*") | BI19: =IF(M19=0,"","*") | BJ19: =IF(N19=0,"","*") | BK19: =IF(O19=0,"","*") | BL19: =IF(P19=0,"","*") | BM19: =IF(Q19=0,"","*") | BN19: =IF(R19=0,"","*") | BO19: =IF(S19=0,"","*") | BP19: =IF(T19=0,"","*") | ... BY19: =IF(AC19=0,"","*")
A20: 11 | E20: =_xlfn.XLOOKUP($C$2,$R$9:$AC$9,R20:AC20) -> 0 | AP20: =IF(R20=0,"","*") | AQ20: =IF(S20=0,"","*") | AR20: =IF(T20=0,"","*") | AS20: =IF(U20=0,"","*") | AT20: =IF(V20=0,"","*") | AU20: =IF(W20=0,"","*") | AV20: =IF(X20=0,"","*") | AW20: =IF(Y20=0,"","*") | ... BA20: =IF(AC20=0,"","*") | BI20: =IF(M20=0,"","*") | BJ20: =IF(N20=0,"","*") | BK20: =IF(O20=0,"","*") | BL20: =IF(P20=0,"","*") | BM20: =IF(Q20=0,"","*") | BN20: =IF(R20=0,"","*") | BO20: =IF(S20=0,"","*") | BP20: =IF(T20=0,"","*") | ... BY20: =IF(AC20=0,"","*")
A21: 12 | E21: =_xlfn.XLOOKUP($C$2,$R$9:$AC$9,R21:AC21) -> 0 | AP21: =IF(R21=0,"","*") | AQ21: =IF(S21=0,"","*") | AR21: =IF(T21=0,"","*") | AS21: =IF(U21=0,"","*") | AT21: =IF(V21=0,"","*") | AU21: =IF(W21=0,"","*") | AV21: =IF(X21=0,"","*") | AW21: =IF(Y21=0,"","*") | ... BA21: =IF(AC21=0,"","*") | BI21: =IF(M21=0,"","*") | BJ21: =IF(N21=0,"","*") | BK21: =IF(O21=0,"","*") | BL21: =IF(P21=0,"","*") | BM21: =IF(Q21=0,"","*") | BN21: =IF(R21=0,"","*") | BO21: =IF(S21=0,"","*") | BP21: =IF(T21=0,"","*") | ... BY21: =IF(AC21=0,"","*")
A22: 13 | E22: =_xlfn.XLOOKUP($C$2,$R$9:$AC$9,R22:AC22) -> 0 | AP22: =IF(R22=0,"","*") | AQ22: =IF(S22=0,"","*") | AR22: =IF(T22=0,"","*") | AS22: =IF(U22=0,"","*") | AT22: =IF(V22=0,"","*") | AU22: =IF(W22=0,"","*") | AV22: =IF(X22=0,"","*") | AW22: =IF(Y22=0,"","*") | ... BA22: =IF(AC22=0,"","*") | BI22: =IF(M22=0,"","*") | BJ22: =IF(N22=0,"","*") | BK22: =IF(O22=0,"","*") | BL22: =IF(P22=0,"","*") | BM22: =IF(Q22=0,"","*") | BN22: =IF(R22=0,"","*") | BO22: =IF(S22=0,"","*") | BP22: =IF(T22=0,"","*") | ... BY22: =IF(AC22=0,"","*")
A23: 14 | E23: =_xlfn.XLOOKUP($C$2,$R$9:$AC$9,R23:AC23) -> 0 | AP23: =IF(R23=0,"","*") | AQ23: =IF(S23=0,"","*") | AR23: =IF(T23=0,"","*") | AS23: =IF(U23=0,"","*") | AT23: =IF(V23=0,"","*") | AU23: =IF(W23=0,"","*") | AV23: =IF(X23=0,"","*") | AW23: =IF(Y23=0,"","*") | ... BA23: =IF(AC23=0,"","*") | BI23: =IF(M23=0,"","*") | BJ23: =IF(N23=0,"","*") | BK23: =IF(O23=0,"","*") | BL23: =IF(P23=0,"","*") | BM23: =IF(Q23=0,"","*") | BN23: =IF(R23=0,"","*") | BO23: =IF(S23=0,"","*") | BP23: =IF(T23=0,"","*") | ... BY23: =IF(AC23=0,"","*")
A24: 15 | E24: =_xlfn.XLOOKUP($C$2,$R$9:$AC$9,R24:AC24) -> 0 | AP24: =IF(R24=0,"","*") | AQ24: =IF(S24=0,"","*") | AR24: =IF(T24=0,"","*") | AS24: =IF(U24=0,"","*") | AT24: =IF(V24=0,"","*") | AU24: =IF(W24=0,"","*") | AV24: =IF(X24=0,"","*") | AW24: =IF(Y24=0,"","*") | ... BA24: =IF(AC24=0,"","*") | BI24: =IF(M24=0,"","*") | BJ24: =IF(N24=0,"","*") | BK24: =IF(O24=0,"","*") | BL24: =IF(P24=0,"","*") | BM24: =IF(Q24=0,"","*") | BN24: =IF(R24=0,"","*") | BO24: =IF(S24=0,"","*") | BP24: =IF(T24=0,"","*") | ... BY24: =IF(AC24=0,"","*")
A25: 16 | E25: =_xlfn.XLOOKUP($C$2,$R$9:$AC$9,R25:AC25) -> 0 | AP25: =IF(R25=0,"","*") | AQ25: =IF(S25=0,"","*") | AR25: =IF(T25=0,"","*") | AS25: =IF(U25=0,"","*") | AT25: =IF(V25=0,"","*") | AU25: =IF(W25=0,"","*") | AV25: =IF(X25=0,"","*") | AW25: =IF(Y25=0,"","*") | ... BA25: =IF(AC25=0,"","*") | BI25: =IF(M25=0,"","*") | BJ25: =IF(N25=0,"","*") | BK25: =IF(O25=0,"","*") | BL25: =IF(P25=0,"","*") | BM25: =IF(Q25=0,"","*") | BN25: =IF(R25=0,"","*") | BO25: =IF(S25=0,"","*") | BP25: =IF(T25=0,"","*") | ... BY25: =IF(AC25=0,"","*")
A26: 17 | E26: =_xlfn.XLOOKUP($C$2,$R$9:$AC$9,R26:AC26) -> 0 | AP26: =IF(R26=0,"","*") | AQ26: =IF(S26=0,"","*") | AR26: =IF(T26=0,"","*") | AS26: =IF(U26=0,"","*") | AT26: =IF(V26=0,"","*") | AU26: =IF(W26=0,"","*") | AV26: =IF(X26=0,"","*") | AW26: =IF(Y26=0,"","*") | ... BA26: =IF(AC26=0,"","*") | BI26: =IF(M26=0,"","*") | BJ26: =IF(N26=0,"","*") | BK26: =IF(O26=0,"","*") | BL26: =IF(P26=0,"","*") | BM26: =IF(Q26=0,"","*") | BN26: =IF(R26=0,"","*") | BO26: =IF(S26=0,"","*") | BP26: =IF(T26=0,"","*") | ... BY26: =IF(AC26=0,"","*")
A27: 18 | E27: =_xlfn.XLOOKUP($C$2,$R$9:$AC$9,R27:AC27) -> 0 | AP27: =IF(R27=0,"","*") | AQ27: =IF(S27=0,"","*") | AR27: =IF(T27=0,"","*") | AS27: =IF(U27=0,"","*") | AT27: =IF(V27=0,"","*") | AU27: =IF(W27=0,"","*") | AV27: =IF(X27=0,"","*") | AW27: =IF(Y27=0,"","*") | ... BA27: =IF(AC27=0,"","*") | BI27: =IF(M27=0,"","*") | BJ27: =IF(N27=0,"","*") | BK27: =IF(O27=0,"","*") | BL27: =IF(P27=0,"","*") | BM27: =IF(Q27=0,"","*") | BN27: =IF(R27=0,"","*") | BO27: =IF(S27=0,"","*") | BP27: =IF(T27=0,"","*") | ... BY27: =IF(AC27=0,"","*")
A28: 19 | E28: =_xlfn.XLOOKUP($C$2,$R$9:$AC$9,R28:AC28) -> 0
A29: 20 | E29: =_xlfn.XLOOKUP($C$2,$R$9:$AC$9,R29:AC29) -> 0
A30: 21 | E30: =_xlfn.XLOOKUP($C$2,$R$9:$AC$9,R30:AC30) -> 0
A31: 22 | E31: =_xlfn.XLOOKUP($C$2,$R$9:$AC$9,R31:AC31) -> 0
A32: 23 | E32: =_xlfn.XLOOKUP($C$2,$R$9:$AC$9,R32:AC32) -> 0
A33: 24 | E33: =_xlfn.XLOOKUP($C$2,$R$9:$AC$9,R33:AC33) -> 0 | AF33: =IF(H33=0,"","*") | AG33: =IF(I33=0,"","*") | AH33: =IF(J33=0,"","*") | AI33: =IF(K33=0,"","*") | AJ33: =IF(L33=0,"","*") | AK33: =IF(M33=0,"","*") | AL33: =IF(N33=0,"","*") | AM33: =IF(O33=0,"","*") | ... AX33: =IF(Z33=0,"","*") | AZ33: =IF(AB33=0,"","*") | BA33: =IF(AC33=0,"","*") | BD33: =IF(H33=0,"","*") | BE33: =IF(I33=0,"","*") | BF33: =IF(J33=0,"","*") | BG33: =IF(K33=0,"","*") | BH33: =IF(L33=0,"","*") | BI33: =IF(M33=0,"","*") | BJ33: =IF(N33=0,"","*") | BK33: =IF(O33=0,"","*") | ... BV33: =IF(Z33=0,"","*") | BX33: =IF(AB33=0,"","*") | BY33: =IF(AC33=0,"","*")
A34: 25 | E34: =_xlfn.XLOOKUP($C$2,$R$9:$AC$9,R34:AC34) -> 0 | AF34: =IF(H34=0,"","*") | AG34: =IF(I34=0,"","*") | AH34: =IF(J34=0,"","*") | AI34: =IF(K34=0,"","*") | AJ34: =IF(L34=0,"","*") | AK34: =IF(M34=0,"","*") | AL34: =IF(N34=0,"","*") | AM34: =IF(O34=0,"","*") | ... AX34: =IF(Z34=0,"","*") | AZ34: =IF(AB34=0,"","*") | BA34: =IF(AC34=0,"","*") | BD34: =IF(H34=0,"","*") | BE34: =IF(I34=0,"","*") | BF34: =IF(J34=0,"","*") | BG34: =IF(K34=0,"","*") | BH34: =IF(L34=0,"","*") | BI34: =IF(M34=0,"","*") | BJ34: =IF(N34=0,"","*") | BK34: =IF(O34=0,"","*") | ... BV34: =IF(Z34=0,"","*") | BX34: =IF(AB34=0,"","*") | BY34: =IF(AC34=0,"","*")
B35: Provident fund withdrawals
A36: PF1 | E36: =_xlfn.XLOOKUP($C$2,$R$9:$AC$9,R36:AC36) -> 0 | AF36: =IF(H36=0,"","*") | AG36: =IF(I36=0,"","*") | AH36: =IF(J36=0,"","*") | AI36: =IF(K36=0,"","*") | AJ36: =IF(L36=0,"","*") | AK36: =IF(M36=0,"","*") | AL36: =IF(N36=0,"","*") | AM36: =IF(O36=0,"","*") | ... AX36: =IF(Z36=0,"","*") | AZ36: =IF(AB36=0,"","*") | BA36: =IF(AC36=0,"","*") | BD36: =IF(H36=0,"","*") | BE36: =IF(I36=0,"","*") | BF36: =IF(J36=0,"","*") | BG36: =IF(K36=0,"","*") | BH36: =IF(L36=0,"","*") | BI36: =IF(M36=0,"","*") | BJ36: =IF(N36=0,"","*") | BK36: =IF(O36=0,"","*") | ... BV36: =IF(Z36=0,"","*") | BX36: =IF(AB36=0,"","*") | BY36: =IF(AC36=0,"","*")
A37: PF2 | E37: =_xlfn.XLOOKUP($C$2,$R$9:$AC$9,R37:AC37) -> 0 | AF37: =IF(H37=0,"","*") | AG37: =IF(I37=0,"","*") | AH37: =IF(J37=0,"","*") | AI37: =IF(K37=0,"","*") | AJ37: =IF(L37=0,"","*") | AK37: =IF(M37=0,"","*") | AL37: =IF(N37=0,"","*") | AM37: =IF(O37=0,"","*") | ... AX37: =IF(Z37=0,"","*") | AZ37: =IF(AB37=0,"","*") | BA37: =IF(AC37=0,"","*") | BD37: =IF(H37=0,"","*") | BE37: =IF(I37=0,"","*") | BF37: =IF(J37=0,"","*") | BG37: =IF(K37=0,"","*") | BH37: =IF(L37=0,"","*") | BI37: =IF(M37=0,"","*") | BJ37: =IF(N37=0,"","*") | BK37: =IF(O37=0,"","*") | ... BV37: =IF(Z37=0,"","*") | BX37: =IF(AB37=0,"","*") | BY37: =IF(AC37=0,"","*")
A38: PF3 | E38: =_xlfn.XLOOKUP($C$2,$R$9:$AC$9,R38:AC38) -> 0 | AF38: =IF(H38=0,"","*") | AG38: =IF(I38=0,"","*") | AH38: =IF(J38=0,"","*") | AI38: =IF(K38=0,"","*") | AJ38: =IF(L38=0,"","*") | AK38: =IF(M38=0,"","*") | AL38: =IF(N38=0,"","*") | AM38: =IF(O38=0,"","*") | ... AX38: =IF(Z38=0,"","*") | AZ38: =IF(AB38=0,"","*") | BA38: =IF(AC38=0,"","*") | BD38: =IF(H38=0,"","*") | BE38: =IF(I38=0,"","*") | BF38: =IF(J38=0,"","*") | BG38: =IF(K38=0,"","*") | BH38: =IF(L38=0,"","*") | BI38: =IF(M38=0,"","*") | BJ38: =IF(N38=0,"","*") | BK38: =IF(O38=0,"","*") | ... BV38: =IF(Z38=0,"","*") | BX38: =IF(AB38=0,"","*") | BY38: =IF(AC38=0,"","*")
A39: PF4 | E39: =_xlfn.XLOOKUP($C$2,$R$9:$AC$9,R39:AC39) -> 0 | AF39: =IF(H39=0,"","*") | AG39: =IF(I39=0,"","*") | AH39: =IF(J39=0,"","*") | AI39: =IF(K39=0,"","*") | AJ39: =IF(L39=0,"","*") | AK39: =IF(M39=0,"","*") | AL39: =IF(N39=0,"","*") | AM39: =IF(O39=0,"","*") | ... AX39: =IF(Z39=0,"","*") | AZ39: =IF(AB39=0,"","*") | BA39: =IF(AC39=0,"","*") | BD39: =IF(H39=0,"","*") | BE39: =IF(I39=0,"","*") | BF39: =IF(J39=0,"","*") | BG39: =IF(K39=0,"","*") | BH39: =IF(L39=0,"","*") | BI39: =IF(M39=0,"","*") | BJ39: =IF(N39=0,"","*") | BK39: =IF(O39=0,"","*") | ... BV39: =IF(Z39=0,"","*") | BX39: =IF(AB39=0,"","*") | BY39: =IF(AC39=0,"","*")
A40: PF5 | E40: =_xlfn.XLOOKUP($C$2,$R$9:$AC$9,R40:AC40) -> 0 | AF40: =IF(H40=0,"","*") | AG40: =IF(I40=0,"","*") | AH40: =IF(J40=0,"","*") | AI40: =IF(K40=0,"","*") | AJ40: =IF(L40=0,"","*") | AK40: =IF(M40=0,"","*") | AL40: =IF(N40=0,"","*") | AM40: =IF(O40=0,"","*") | ... AX40: =IF(Z40=0,"","*") | AZ40: =IF(AB40=0,"","*") | BA40: =IF(AC40=0,"","*") | BD40: =IF(H40=0,"","*") | BE40: =IF(I40=0,"","*") | BF40: =IF(J40=0,"","*") | BG40: =IF(K40=0,"","*") | BH40: =IF(L40=0,"","*") | BI40: =IF(M40=0,"","*") | BJ40: =IF(N40=0,"","*") | BK40: =IF(O40=0,"","*") | ... BV40: =IF(Z40=0,"","*") | BX40: =IF(AB40=0,"","*") | BY40: =IF(AC40=0,"","*")
A41: PF6 | E41: =_xlfn.XLOOKUP($C$2,$R$9:$AC$9,R41:AC41) -> 0 | AF41: =IF(H41=0,"","*") | AG41: =IF(I41=0,"","*") | AH41: =IF(J41=0,"","*") | AI41: =IF(K41=0,"","*") | AJ41: =IF(L41=0,"","*") | AK41: =IF(M41=0,"","*") | AL41: =IF(N41=0,"","*") | AM41: =IF(O41=0,"","*") | ... AX41: =IF(Z41=0,"","*") | AZ41: =IF(AB41=0,"","*") | BA41: =IF(AC41=0,"","*") | BD41: =IF(H41=0,"","*") | BE41: =IF(I41=0,"","*") | BF41: =IF(J41=0,"","*") | BG41: =IF(K41=0,"","*") | BH41: =IF(L41=0,"","*") | BI41: =IF(M41=0,"","*") | BJ41: =IF(N41=0,"","*") | BK41: =IF(O41=0,"","*") | ... BV41: =IF(Z41=0,"","*") | BX41: =IF(AB41=0,"","*") | BY41: =IF(AC41=0,"","*")
A42: PF7 | E42: =_xlfn.XLOOKUP($C$2,$R$9:$AC$9,R42:AC42) -> 0 | AF42: =IF(H42=0,"","*") | AG42: =IF(I42=0,"","*") | AH42: =IF(J42=0,"","*") | AI42: =IF(K42=0,"","*") | AJ42: =IF(L42=0,"","*") | AK42: =IF(M42=0,"","*") | AL42: =IF(N42=0,"","*") | AM42: =IF(O42=0,"","*") | ... AX42: =IF(Z42=0,"","*") | AZ42: =IF(AB42=0,"","*") | BA42: =IF(AC42=0,"","*") | BD42: =IF(H42=0,"","*") | BE42: =IF(I42=0,"","*") | BF42: =IF(J42=0,"","*") | BG42: =IF(K42=0,"","*") | BH42: =IF(L42=0,"","*") | BI42: =IF(M42=0,"","*") | BJ42: =IF(N42=0,"","*") | BK42: =IF(O42=0,"","*") | ... BV42: =IF(Z42=0,"","*") | BX42: =IF(AB42=0,"","*") | BY42: =IF(AC42=0,"","*")
A43: PF8 | E43: =_xlfn.XLOOKUP($C$2,$R$9:$AC$9,R43:AC43) -> 0 | AF43: =IF(H43=0,"","*") | AG43: =IF(I43=0,"","*") | AH43: =IF(J43=0,"","*") | AI43: =IF(K43=0,"","*") | AJ43: =IF(L43=0,"","*") | AK43: =IF(M43=0,"","*") | AL43: =IF(N43=0,"","*") | AM43: =IF(O43=0,"","*") | ... AX43: =IF(Z43=0,"","*") | AZ43: =IF(AB43=0,"","*") | BA43: =IF(AC43=0,"","*") | BD43: =IF(H43=0,"","*") | BE43: =IF(I43=0,"","*") | BF43: =IF(J43=0,"","*") | BG43: =IF(K43=0,"","*") | BH43: =IF(L43=0,"","*") | BI43: =IF(M43=0,"","*") | BJ43: =IF(N43=0,"","*") | BK43: =IF(O43=0,"","*") | ... BV43: =IF(Z43=0,"","*") | BX43: =IF(AB43=0,"","*") | BY43: =IF(AC43=0,"","*")
A44: PF9 | E44: =_xlfn.XLOOKUP($C$2,$R$9:$AC$9,R44:AC44) -> 0 | AF44: =IF(H44=0,"","*") | AG44: =IF(I44=0,"","*") | AH44: =IF(J44=0,"","*") | AI44: =IF(K44=0,"","*") | AJ44: =IF(L44=0,"","*") | AK44: =IF(M44=0,"","*") | AL44: =IF(N44=0,"","*") | AM44: =IF(O44=0,"","*") | ... AX44: =IF(Z44=0,"","*") | AZ44: =IF(AB44=0,"","*") | BA44: =IF(AC44=0,"","*") | BD44: =IF(H44=0,"","*") | BE44: =IF(I44=0,"","*") | BF44: =IF(J44=0,"","*") | BG44: =IF(K44=0,"","*") | BH44: =IF(L44=0,"","*") | BI44: =IF(M44=0,"","*") | BJ44: =IF(N44=0,"","*") | BK44: =IF(O44=0,"","*") | ... BV44: =IF(Z44=0,"","*") | BX44: =IF(AB44=0,"","*") | BY44: =IF(AC44=0,"","*")
A45: PF10 | E45: =_xlfn.XLOOKUP($C$2,$R$9:$AC$9,R45:AC45) -> 0 | AF45: =IF(H45=0,"","*") | AG45: =IF(I45=0,"","*") | AH45: =IF(J45=0,"","*") | AI45: =IF(K45=0,"","*") | AJ45: =IF(L45=0,"","*") | AK45: =IF(M45=0,"","*") | AL45: =IF(N45=0,"","*") | AM45: =IF(O45=0,"","*") | ... AX45: =IF(Z45=0,"","*") | AZ45: =IF(AB45=0,"","*") | BA45: =IF(AC45=0,"","*") | BD45: =IF(H45=0,"","*") | BE45: =IF(I45=0,"","*") | BF45: =IF(J45=0,"","*") | BG45: =IF(K45=0,"","*") | BH45: =IF(L45=0,"","*") | BI45: =IF(M45=0,"","*") | BJ45: =IF(N45=0,"","*") | BK45: =IF(O45=0,"","*") | ... BV45: =IF(Z45=0,"","*") | BX45: =IF(AB45=0,"","*") | BY45: =IF(AC45=0,"","*")
A46: PF11 | E46: =_xlfn.XLOOKUP($C$2,$R$9:$AC$9,R46:AC46) -> 0 | AF46: =IF(H46=0,"","*") | AG46: =IF(I46=0,"","*") | AH46: =IF(J46=0,"","*") | AI46: =IF(K46=0,"","*") | AJ46: =IF(L46=0,"","*") | AK46: =IF(M46=0,"","*") | AL46: =IF(N46=0,"","*") | AM46: =IF(O46=0,"","*") | ... AX46: =IF(Z46=0,"","*") | AZ46: =IF(AB46=0,"","*") | BA46: =IF(AC46=0,"","*") | BD46: =IF(H46=0,"","*") | BE46: =IF(I46=0,"","*") | BF46: =IF(J46=0,"","*") | BG46: =IF(K46=0,"","*") | BH46: =IF(L46=0,"","*") | BI46: =IF(M46=0,"","*") | BJ46: =IF(N46=0,"","*") | BK46: =IF(O46=0,"","*") | ... BV46: =IF(Z46=0,"","*") | BX46: =IF(AB46=0,"","*") | BY46: =IF(AC46=0,"","*")
A47: PF12 | E47: =_xlfn.XLOOKUP($C$2,$R$9:$AC$9,R47:AC47) -> 0 | AF47: =IF(H47=0,"","*") | AG47: =IF(I47=0,"","*") | AH47: =IF(J47=0,"","*") | AI47: =IF(K47=0,"","*") | AJ47: =IF(L47=0,"","*") | AK47: =IF(M47=0,"","*") | AL47: =IF(N47=0,"","*") | AM47: =IF(O47=0,"","*") | ... AX47: =IF(Z47=0,"","*") | AZ47: =IF(AB47=0,"","*") | BA47: =IF(AC47=0,"","*") | BD47: =IF(H47=0,"","*") | BE47: =IF(I47=0,"","*") | BF47: =IF(J47=0,"","*") | BG47: =IF(K47=0,"","*") | BH47: =IF(L47=0,"","*") | BI47: =IF(M47=0,"","*") | BJ47: =IF(N47=0,"","*") | BK47: =IF(O47=0,"","*") | ... BV47: =IF(Z47=0,"","*") | BX47: =IF(AB47=0,"","*") | BY47: =IF(AC47=0,"","*")
... A53: PF18 | E53: =_xlfn.XLOOKUP($C$2,$R$9:$AC$9,R53:AC53) -> 0 | AF53: =IF(H53=0,"","*") | AG53: =IF(I53=0,"","*") | AH53: =IF(J53=0,"","*") | AI53: =IF(K53=0,"","*") | AJ53: =IF(L53=0,"","*") | AK53: =IF(M53=0,"","*") | AL53: =IF(N53=0,"","*") | AM53: =IF(O53=0,"","*") | ... AX53: =IF(Z53=0,"","*") | AZ53: =IF(AB53=0,"","*") | BA53: =IF(AC53=0,"","*") | BD53: =IF(H53=0,"","*") | BE53: =IF(I53=0,"","*") | BF53: =IF(J53=0,"","*") | BG53: =IF(K53=0,"","*") | BH53: =IF(L53=0,"","*") | BI53: =IF(M53=0,"","*") | BJ53: =IF(N53=0,"","*") | BK53: =IF(O53=0,"","*") | ... BV53: =IF(Z53=0,"","*") | BX53: =IF(AB53=0,"","*") | BY53: =IF(AC53=0,"","*")
B54: Not included
A55: NA1 | B55: School Fees for Underprivileged Children | E55: =_xlfn.XLOOKUP($C$2,$R$9:$AC$9,R55:AC55) -> 0 | W55: 0 | X55: 47.988 | Y55: 633.451 | Z55: 54.553 | AA55: 27.896 | AB55: 234.823 | AC55: 0 | AF55: =IF(H55=0,"","*") | AG55: =IF(I55=0,"","*") | AH55: =IF(J55=0,"","*") | AI55: =IF(K55=0,"","*") | AJ55: =IF(L55=0,"","*") | AK55: =IF(M55=0,"","*") | AL55: =IF(N55=0,"","*") | AM55: =IF(O55=0,"","*") | ... AT55: =IF(V55=0,"","*") | AU55: 2019 Budget (p. 62) | AV55: 2020 Budget (p. 69) | AW55: 2021 Budget (p. 69) | AX55: 2022 Budget (p. 89) | AY55: 2023 Budget (p. 84) | AZ55: 2023 Budget (p. 84) | BD55: =IF(H55=0,"","*") | BE55: =IF(I55=0,"","*") | BF55: =IF(J55=0,"","*") | BG55: =IF(K55=0,"","*") | BH55: =IF(L55=0,"","*") | BI55: =IF(M55=0,"","*") | BJ55: =IF(N55=0,"","*") | BK55: =IF(O55=0,"","*") | ... BR55: =IF(V55=0,"","*") | BS55: Actual | BT55: Actual | BU55: Actual | BV55: Estimated actual | BW55: Actual | BX55: Revised | BY55: =IF(AC55=0,"","*")
A56: NA2 | B56: Copra price subsidy | E56: =_xlfn.XLOOKUP($C$2,$R$9:$AC$9,R56:AC56) -> 28000 | N56: 5400.288 | O56: 5150 | P56: 5150 | Q56: 8050 | R56: 5890 | S56: 7300 | T56: 7950 | U56: 7950 | V56: 22793.76 | W56: 32231.129 | X56: 16846.215 | Y56: 16000 | Z56: 16000 | AA56: 16000 | AB56: 40000 | AC56: 28000 | AD56: 29824.791 | AF56: =IF(H56=0,"","*") | AG56: =IF(I56=0,"","*") | AH56: =IF(J56=0,"","*") | AI56: =IF(K56=0,"","*") | AJ56: =IF(L56=0,"","*") | AK56: =IF(M56=0,"","*") | AL56: 2010 Budget (p. 15) | AM56: 2010 Budget (p. 15) | AN56: 2011 Budget (p. 47) | AO56: 2012 Budget (p. 48) | AP56: 2013 Budget (p. 51) | AQ56: 2014 Budget (p. 61) | AR56: 2015 Budget (p. 67) | AS56: 2016 Budget (p. 65) | AT56: 2018 Budget (p. 64) | AU56: 2019 Budget (p. 79) | AV56: 2020 Budget (p. 69) | AW56: 2021 Budget (p. 87) | AX56: 2022 Budget (p. 111) | AY56: 2023 Budget (p. 102) | AZ56: 2024 Budget (p. 112) | BA56: 2024 Budget (p. 112) | BB56: 2024 Budget (p. 112) | BD56: =IF(H56=0,"","*") | BE56: =IF(I56=0,"","*") | BF56: =IF(J56=0,"","*") | BG56: =IF(K56=0,"","*") | BH56: =IF(L56=0,"","*") | BI56: =IF(M56=0,"","*") | BJ56: Actual | BK56: Revised estimate | BL56: Revised estimate | BM56: Revised estimate | BN56: Revised estimate | BO56: Revised estimate | BP56: Revised estimate | BQ56: Revised estimate | BR56: Actual | BS56: Actual | BT56: Actual | BU56: Actual | BV56: Estimated actual | BW56: Estimated actual | BX56: Actual | BY56: Revised | BZ56: Budget
A57: NA3 | E57: =_xlfn.XLOOKUP($C$2,$R$9:$AC$9,R57:AC57) -> 0 | AF57: =IF(H57=0,"","*") | AG57: =IF(I57=0,"","*") | AH57: =IF(J57=0,"","*") | AI57: =IF(K57=0,"","*") | AJ57: =IF(L57=0,"","*") | AK57: =IF(M57=0,"","*") | AL57: =IF(N57=0,"","*") | AM57: =IF(O57=0,"","*") | ... BA57: =IF(AC57=0,"","*") | BD57: =IF(H57=0,"","*") | BE57: =IF(I57=0,"","*") | BF57: =IF(J57=0,"","*") | BG57: =IF(K57=0,"","*") | BH57: =IF(L57=0,"","*") | BI57: =IF(M57=0,"","*") | BJ57: =IF(N57=0,"","*") | BK57: =IF(O57=0,"","*") | ... BY57: =IF(AC57=0,"","*")
A58: NA4 | E58: =_xlfn.XLOOKUP($C$2,$R$9:$AC$9,R58:AC58) -> 0 | AF58: =IF(H58=0,"","*") | AG58: =IF(I58=0,"","*") | AH58: =IF(J58=0,"","*") | AI58: =IF(K58=0,"","*") | AJ58: =IF(L58=0,"","*") | AK58: =IF(M58=0,"","*") | AL58: =IF(N58=0,"","*") | AM58: =IF(O58=0,"","*") | ... BA58: =IF(AC58=0,"","*") | BD58: =IF(H58=0,"","*") | BE58: =IF(I58=0,"","*") | BF58: =IF(J58=0,"","*") | BG58: =IF(K58=0,"","*") | BH58: =IF(L58=0,"","*") | BI58: =IF(M58=0,"","*") | BJ58: =IF(N58=0,"","*") | BK58: =IF(O58=0,"","*") | ... BY58: =IF(AC58=0,"","*")
A59: NA5 | E59: =_xlfn.XLOOKUP($C$2,$R$9:$AC$9,R59:AC59) -> 0 | AF59: =IF(H59=0,"","*") | AG59: =IF(I59=0,"","*") | AH59: =IF(J59=0,"","*") | AI59: =IF(K59=0,"","*") | AJ59: =IF(L59=0,"","*") | AK59: =IF(M59=0,"","*") | AL59: =IF(N59=0,"","*") | AM59: =IF(O59=0,"","*") | ... BA59: =IF(AC59=0,"","*") | BD59: =IF(H59=0,"","*") | BE59: =IF(I59=0,"","*") | BF59: =IF(J59=0,"","*") | BG59: =IF(K59=0,"","*") | BH59: =IF(L59=0,"","*") | BI59: =IF(M59=0,"","*") | BJ59: =IF(N59=0,"","*") | BK59: =IF(O59=0,"","*") | ... BY59: =IF(AC59=0,"","*")
A60: NA6 | E60: =_xlfn.XLOOKUP($C$2,$R$9:$AC$9,R60:AC60) -> 0 | AF60: =IF(H60=0,"","*") | AG60: =IF(I60=0,"","*") | AH60: =IF(J60=0,"","*") | AI60: =IF(K60=0,"","*") | AJ60: =IF(L60=0,"","*") | AK60: =IF(M60=0,"","*") | AL60: =IF(N60=0,"","*") | AM60: =IF(O60=0,"","*") | ... BA60: =IF(AC60=0,"","*") | BD60: =IF(H60=0,"","*") | BE60: =IF(I60=0,"","*") | BF60: =IF(J60=0,"","*") | BG60: =IF(K60=0,"","*") | BH60: =IF(L60=0,"","*") | BI60: =IF(M60=0,"","*") | BJ60: =IF(N60=0,"","*") | BK60: =IF(O60=0,"","*") | ... BY60: =IF(AC60=0,"","*")
A61: NA7 | E61: =_xlfn.XLOOKUP($C$2,$R$9:$AC$9,R61:AC61) -> 0 | AF61: =IF(H61=0,"","*") | AG61: =IF(I61=0,"","*") | AH61: =IF(J61=0,"","*") | AI61: =IF(K61=0,"","*") | AJ61: =IF(L61=0,"","*") | AK61: =IF(M61=0,"","*") | AL61: =IF(N61=0,"","*") | AM61: =IF(O61=0,"","*") | ... BA61: =IF(AC61=0,"","*") | BD61: =IF(H61=0,"","*") | BE61: =IF(I61=0,"","*") | BF61: =IF(J61=0,"","*") | BG61: =IF(K61=0,"","*") | BH61: =IF(L61=0,"","*") | BI61: =IF(M61=0,"","*") | BJ61: =IF(N61=0,"","*") | BK61: =IF(O61=0,"","*") | ... BY61: =IF(AC61=0,"","*")
A62: NA8 | E62: =_xlfn.XLOOKUP($C$2,$R$9:$AC$9,R62:AC62) -> 0 | AF62: =IF(H62=0,"","*") | AG62: =IF(I62=0,"","*") | AH62: =IF(J62=0,"","*") | AI62: =IF(K62=0,"","*") | AJ62: =IF(L62=0,"","*") | AK62: =IF(M62=0,"","*") | AL62: =IF(N62=0,"","*") | AM62: =IF(O62=0,"","*") | ... BA62: =IF(AC62=0,"","*") | BD62: =IF(H62=0,"","*") | BE62: =IF(I62=0,"","*") | BF62: =IF(J62=0,"","*") | BG62: =IF(K62=0,"","*") | BH62: =IF(L62=0,"","*") | BI62: =IF(M62=0,"","*") | BJ62: =IF(N62=0,"","*") | BK62: =IF(O62=0,"","*") | ... BY62: =IF(AC62=0,"","*")
A63: NA9 | E63: =_xlfn.XLOOKUP($C$2,$R$9:$AC$9,R63:AC63) -> 0 | AF63: =IF(H63=0,"","*") | AG63: =IF(I63=0,"","*") | AH63: =IF(J63=0,"","*") | AI63: =IF(K63=0,"","*") | AJ63: =IF(L63=0,"","*") | AK63: =IF(M63=0,"","*") | AL63: =IF(N63=0,"","*") | AM63: =IF(O63=0,"","*") | ... BA63: =IF(AC63=0,"","*") | BD63: =IF(H63=0,"","*") | BE63: =IF(I63=0,"","*") | BF63: =IF(J63=0,"","*") | BG63: =IF(K63=0,"","*") | BH63: =IF(L63=0,"","*") | BI63: =IF(M63=0,"","*") | BJ63: =IF(N63=0,"","*") | BK63: =IF(O63=0,"","*") | ... BY63: =IF(AC63=0,"","*")
A64: NA10 | E64: =_xlfn.XLOOKUP($C$2,$R$9:$AC$9,R64:AC64) -> 0 | AF64: =IF(H64=0,"","*") | AG64: =IF(I64=0,"","*") | AH64: =IF(J64=0,"","*") | AI64: =IF(K64=0,"","*") | AJ64: =IF(L64=0,"","*") | AK64: =IF(M64=0,"","*") | AL64: =IF(N64=0,"","*") | AM64: =IF(O64=0,"","*") | ... BA64: =IF(AC64=0,"","*") | BD64: =IF(H64=0,"","*") | BE64: =IF(I64=0,"","*") | BF64: =IF(J64=0,"","*") | BG64: =IF(K64=0,"","*") | BH64: =IF(L64=0,"","*") | BI64: =IF(M64=0,"","*") | BJ64: =IF(N64=0,"","*") | BK64: =IF(O64=0,"","*") | ... BY64: =IF(AC64=0,"","*")
A65: NA11 | E65: =_xlfn.XLOOKUP($C$2,$R$9:$AC$9,R65:AC65) -> 0 | AQ65: =IF(S65=0,"","*") | AR65: =IF(T65=0,"","*") | AS65: =IF(U65=0,"","*") | AT65: =IF(V65=0,"","*") | BV65: =IF(Z65=0,"","*") | BW65: =IF(AA65=0,"","*")
A66: NA12 | E66: =_xlfn.XLOOKUP($C$2,$R$9:$AC$9,R66:AC66) -> 0 | AQ66: =IF(S66=0,"","*") | AR66: =IF(T66=0,"","*") | AS66: =IF(U66=0,"","*") | AT66: =IF(V66=0,"","*") | BV66: =IF(Z66=0,"","*") | BW66: =IF(AA66=0,"","*")
A67: NA13 | E67: =_xlfn.XLOOKUP($C$2,$R$9:$AC$9,R67:AC67) -> 0 | AQ67: =IF(S67=0,"","*") | AR67: =IF(T67=0,"","*") | AS67: =IF(U67=0,"","*") | AT67: =IF(V67=0,"","*") | BV67: =IF(Z67=0,"","*") | BW67: =IF(AA67=0,"","*")
A68: NA14 | E68: =_xlfn.XLOOKUP($C$2,$R$9:$AC$9,R68:AC68) -> 0 | AQ68: =IF(S68=0,"","*") | AR68: =IF(T68=0,"","*") | AS68: =IF(U68=0,"","*") | AT68: =IF(V68=0,"","*") | BV68: =IF(Z68=0,"","*") | BW68: =IF(AA68=0,"","*")
A69: NA15 | E69: =_xlfn.XLOOKUP($C$2,$R$9:$AC$9,R69:AC69) -> 0 | BV69: =IF(Z69=0,"","*") | BW69: =IF(AA69=0,"","*")
A70: NA16 | E70: =_xlfn.XLOOKUP($C$2,$R$9:$AC$9,R70:AC70) -> 0
A71: NA17 | E71: =_xlfn.XLOOKUP($C$2,$R$9:$AC$9,R71:AC71) -> 0
A72: NA18 | E72: =_xlfn.XLOOKUP($C$2,$R$9:$AC$9,R72:AC72) -> 0
A73: NA19 | E73: =_xlfn.XLOOKUP($C$2,$R$9:$AC$9,R73:AC73) -> 0
A74: NA20 | E74: =_xlfn.XLOOKUP($C$2,$R$9:$AC$9,R74:AC74) -> 0
B76: Notes
B77: - Unemployment is listed under "Local contribution to Development Fund" from 2022 | G77: Economic classification
G78: =_xlfn.CONCAT(C4,", ",C6) -> AUD, thousands
G79: =Lists!$A$2 -> Social insurance benefits (271) | H79: =SUMIF($F$10:$F$53,$G79,H$10:H$53) -> 0 | I79: =SUMIF($F$10:$F$53,$G79,I$10:I$53) -> 0 | J79: =SUMIF($F$10:$F$53,$G79,J$10:J$53) -> 0 | K79: =SUMIF($F$10:$F$53,$G79,K$10:K$53) -> 0 | L79: =SUMIF($F$10:$F$53,$G79,L$10:L$53) -> 0 | M79: =SUMIF($F$10:$F$53,$G79,M$10:M$53) -> 0 | N79: =SUMIF($F$10:$F$53,$G79,N$10:N$53) -> 0 | O79: =SUMIF($F$10:$F$53,$G79,O$10:O$53) -> 0 | ... AD79: =SUMIF($F$10:$F$53,$G79,AD$10:AD$53) -> 0
G80: =Lists!$A$3 -> Social assistance benefits (272) | H80: =SUMIF($F$10:$F$53,$G80,H$10:H$53) -> 0 | I80: =SUMIF($F$10:$F$53,$G80,I$10:I$53) -> 0 | J80: =SUMIF($F$10:$F$53,$G80,J$10:J$53) -> 0 | K80: =SUMIF($F$10:$F$53,$G80,K$10:K$53) -> 0 | L80: =SUMIF($F$10:$F$53,$G80,L$10:L$53) -> 0 | M80: =SUMIF($F$10:$F$53,$G80,M$10:M$53) -> 0 | N80: =SUMIF($F$10:$F$53,$G80,N$10:N$53) -> 911.26 | O80: =SUMIF($F$10:$F$53,$G80,O$10:O$53) -> 1058 | ... AD80: =SUMIF($F$10:$F$53,$G80,AD$10:AD$53) -> 53386.399
G81: =Lists!$A$4 -> Public servant benefits (273) | H81: =SUMIF($F$10:$F$53,$G81,H$10:H$53) -> 0 | I81: =SUMIF($F$10:$F$53,$G81,I$10:I$53) -> 0 | J81: =SUMIF($F$10:$F$53,$G81,J$10:J$53) -> 0 | K81: =SUMIF($F$10:$F$53,$G81,K$10:K$53) -> 0 | L81: =SUMIF($F$10:$F$53,$G81,L$10:L$53) -> 0 | M81: =SUMIF($F$10:$F$53,$G81,M$10:M$53) -> 0 | N81: =SUMIF($F$10:$F$53,$G81,N$10:N$53) -> 0 | O81: =SUMIF($F$10:$F$53,$G81,O$10:O$53) -> 0 | ... AD81: =SUMIF($F$10:$F$53,$G81,AD$10:AD$53) -> 0
G82: =Lists!$A$5 -> Social benefits (27) | H82: =SUM(H79:H81) -> 0 | I82: =SUM(I79:I81) -> 0 | J82: =SUM(J79:J81) -> 0 | K82: =SUM(K79:K81) -> 0 | L82: =SUM(L79:L81) -> 0 | M82: =SUM(M79:M81) -> 0 | N82: =SUM(N79:N81) -> 911.26 | O82: =SUM(O79:O81) -> 1058 | ... AD82: =SUM(AD79:AD81) -> 53386.399
G84: =Lists!$A$7 -> Provident fund withdrawals | H84: =SUMIF($F$10:$F$53,$G84,H$10:H$53) -> 0 | I84: =SUMIF($F$10:$F$53,$G84,I$10:I$53) -> 0 | J84: =SUMIF($F$10:$F$53,$G84,J$10:J$53) -> 0 | K84: =SUMIF($F$10:$F$53,$G84,K$10:K$53) -> 0 | L84: =SUMIF($F$10:$F$53,$G84,L$10:L$53) -> 0 | M84: =SUMIF($F$10:$F$53,$G84,M$10:M$53) -> 0 | N84: =SUMIF($F$10:$F$53,$G84,N$10:N$53) -> 0 | O84: =SUMIF($F$10:$F$53,$G84,O$10:O$53) -> 0 | ... AD84: =SUMIF($F$10:$F$53,$G84,AD$10:AD$53) -> 0
G85: =Lists!$A$8 -> Social benefits (27) + provident fund withdrawals | H85: =H84+H82 -> 0 | I85: =I84+I82 -> 0 | J85: =J84+J82 -> 0 | K85: =K84+K82 -> 0 | L85: =L84+L82 -> 0 | M85: =M84+M82 -> 0 | N85: =N84+N82 -> 911.26 | O85: =O84+O82 -> 1058 | ... AD85: =AD84+AD82 -> 53386.399
G87: % of GDP
G88: =G79 -> Social insurance benefits (271) | H88: =H$79/H$207 -> 0 | I88: =I$79/I$207 -> 0 | J88: =J$79/J$207 -> 0 | K88: =K$79/K$207 -> 0 | L88: =L$79/L$207 -> 0 | M88: =M$79/M$207 -> 0 | N88: =N$79/N$207 -> 0 | O88: =O$79/O$207 -> 0 | ... AD88: =AD$79/AD$207 -> 0
G89: =G80 -> Social assistance benefits (272) | H89: =H$80/H$207 -> 0 | I89: =I$80/I$207 -> 0 | J89: =J$80/J$207 -> 0 | K89: =K$80/K$207 -> 0 | L89: =L$80/L$207 -> 0 | M89: =M$80/M$207 -> 0 | N89: =N$80/N$207 -> 0.0054241667 | O89: =O$80/O$207 -> 0.0062235294 | ... AD89: =AD$80/AD$207 -> 0.14123386
G90: =G81 -> Public servant benefits (273) | H90: =H$81/H$207 -> 0 | I90: =I$81/I$207 -> 0 | J90: =J$81/J$207 -> 0 | K90: =K$81/K$207 -> 0 | L90: =L$81/L$207 -> 0 | M90: =M$81/M$207 -> 0 | N90: =N$81/N$207 -> 0 | O90: =O$81/O$207 -> 0 | ... AD90: =AD$81/AD$207 -> 0
G91: =G82 -> Social benefits (27) | H91: =H$82/H$207 -> 0 | I91: =I$82/I$207 -> 0 | J91: =J$82/J$207 -> 0 | K91: =K$82/K$207 -> 0 | L91: =L$82/L$207 -> 0 | M91: =M$82/M$207 -> 0 | N91: =N$82/N$207 -> 0.0054241667 | O91: =O$82/O$207 -> 0.0062235294 | ... AD91: =AD$82/AD$207 -> 0.14123386
B92: URLs for key data sources
B93: - National Budget documents (Ministry of Finance and Economic Development): https://www.mfed.gov.ki/publications/kiribati-national-budget | G93: =G84 -> Provident fund withdrawals | H93: =H$84/H$207 -> 0 | I93: =I$84/I$207 -> 0 | J93: =J$84/J$207 -> 0 | K93: =K$84/K$207 -> 0 | L93: =L$84/L$207 -> 0 | M93: =M$84/M$207 -> 0 | N93: =N$84/N$207 -> 0 | O93: =O$84/O$207 -> 0 | ... AD93: =AD$84/AD$207 -> 0
G94: =G85 -> Social benefits (27) + provident fund withdrawals | H94: =H$85/H$207 -> 0 | I94: =I$85/I$207 -> 0 | J94: =J$85/J$207 -> 0 | K94: =K$85/K$207 -> 0 | L94: =L$85/L$207 -> 0 | M94: =M$85/M$207 -> 0 | N94: =N$85/N$207 -> 0.0054241667 | O94: =O$85/O$207 -> 0.0062235294 | ... AD94: =AD$85/AD$207 -> 0.14123386
G96: % of GNI
G97: =G88 -> Social insurance benefits (271) | H97: =H$79/H$211 -> 0 | I97: =I$79/I$211 -> 0 | J97: =J$79/J$211 -> 0 | K97: =K$79/K$211 -> 0 | L97: =L$79/L$211 -> 0 | M97: =M$79/M$211 -> 0 | N97: =N$79/N$211 -> 0 | O97: =O$79/O$211 -> 0 | ... AD97: =AD$79/AD$211 -> 0
G98: =G89 -> Social assistance benefits (272) | H98: =H$80/H$211 -> 0 | I98: =I$80/I$211 -> 0 | J98: =J$80/J$211 -> 0 | K98: =K$80/K$211 -> 0 | L98: =L$80/L$211 -> 0 | M98: =M$80/M$211 -> 0 | N98: =N$80/N$211 -> 0.0037224673 | O98: =O$80/O$211 -> 0.0045153316 | ... AD98: =AD$80/AD$211 -> 0.073847081
G99: =G90 -> Public servant benefits (273) | H99: =H$81/H$211 -> 0 | I99: =I$81/I$211 -> 0 | J99: =J$81/J$211 -> 0 | K99: =K$81/K$211 -> 0 | L99: =L$81/L$211 -> 0 | M99: =M$81/M$211 -> 0 | N99: =N$81/N$211 -> 0 | O99: =O$81/O$211 -> 0 | ... AD99: =AD$81/AD$211 -> 0
G100: =G91 -> Social benefits (27) | H100: =H$82/H$211 -> 0 | I100: =I$82/I$211 -> 0 | J100: =J$82/J$211 -> 0 | K100: =K$82/K$211 -> 0 | L100: =L$82/L$211 -> 0 | M100: =M$82/M$211 -> 0 | N100: =N$82/N$211 -> 0.0037224673 | O100: =O$82/O$211 -> 0.0045153316 | ... AD100: =AD$82/AD$211 -> 0.073847081
G102: =G93 -> Provident fund withdrawals | H102: =H$84/H$211 -> 0 | I102: =I$84/I$211 -> 0 | J102: =J$84/J$211 -> 0 | K102: =K$84/K$211 -> 0 | L102: =L$84/L$211 -> 0 | M102: =M$84/M$211 -> 0 | N102: =N$84/N$211 -> 0 | O102: =O$84/O$211 -> 0 | ... AD102: =AD$84/AD$211 -> 0
G103: =G94 -> Social benefits (27) + provident fund withdrawals | H103: =H$85/H$211 -> 0 | I103: =I$85/I$211 -> 0 | J103: =J$85/J$211 -> 0 | K103: =K$85/K$211 -> 0 | L103: =L$85/L$211 -> 0 | M103: =M$85/M$211 -> 0 | N103: =N$85/N$211 -> 0.0037224673 | O103: =O$85/O$211 -> 0.0045153316 | ... AD103: =AD$85/AD$211 -> 0.073847081
G105: % of government expenditure
G106: =G97 -> Social insurance benefits (271) | H106: =H$79/H$217 -> 0 | I106: =I$79/I$217 -> 0 | J106: =J$79/J$217 -> 0 | K106: =K$79/K$217 -> 0 | L106: =L$79/L$217 -> 0 | M106: =M$79/M$217 -> 0 | N106: =N$79/N$217 -> 0 | O106: =O$79/O$217 -> 0 | ... AD106: =AD$79/AD$217 -> 0
G107: =G98 -> Social assistance benefits (272) | H107: =H$80/H$217 -> 0 | I107: =I$80/I$217 -> 0 | J107: =J$80/J$217 -> 0 | K107: =K$80/K$217 -> 0 | L107: =L$80/L$217 -> 0 | M107: =M$80/M$217 -> 0 | N107: =N$80/N$217 -> 0.0065558273 | O107: =O$80/O$217 -> 0.0078955224 | ... AD107: =AD$80/AD$217 -> 0.11916607
G108: =G99 -> Public servant benefits (273) | H108: =H$81/H$217 -> 0 | I108: =I$81/I$217 -> 0 | J108: =J$81/J$217 -> 0 | K108: =K$81/K$217 -> 0 | L108: =L$81/L$217 -> 0 | M108: =M$81/M$217 -> 0 | N108: =N$81/N$217 -> 0 | O108: =O$81/O$217 -> 0 | ... AD108: =AD$81/AD$217 -> 0
G109: =G100 -> Social benefits (27) | H109: =H$82/H$217 -> 0 | I109: =I$82/I$217 -> 0 | J109: =J$82/J$217 -> 0 | K109: =K$82/K$217 -> 0 | L109: =L$82/L$217 -> 0 | M109: =M$82/M$217 -> 0 | N109: =N$82/N$217 -> 0.0065558273 | O109: =O$82/O$217 -> 0.0078955224 | ... AD109: =AD$82/AD$217 -> 0.11916607
G111: =G102 -> Provident fund withdrawals | H111: =H$84/H$217 -> 0 | I111: =I$84/I$217 -> 0 | J111: =J$84/J$217 -> 0 | K111: =K$84/K$217 -> 0 | L111: =L$84/L$217 -> 0 | M111: =M$84/M$217 -> 0 | N111: =N$84/N$217 -> 0 | O111: =O$84/O$217 -> 0 | ... AD111: =AD$84/AD$217 -> 0
G112: =G103 -> Social benefits (27) + provident fund withdrawals | H112: =H$85/H$217 -> 0 | I112: =I$85/I$217 -> 0 | J112: =J$85/J$217 -> 0 | K112: =K$85/K$217 -> 0 | L112: =L$85/L$217 -> 0 | M112: =M$85/M$217 -> 0 | N112: =N$85/N$217 -> 0.0065558273 | O112: =O$85/O$217 -> 0.0078955224 | ... AD112: =AD$85/AD$217 -> 0.11916607
...

Sheet NRU
B1: Nauru
B2: Latest year of complete data | C2: 2023-24
B3: Budget cycle: | C3: July 1st - June 30th
B4: Currency | C4: AUD
B5: Country code | C5: NRU
B6: Unit | C6: thousands
H7: Time series | AE7: Sources | BB7: Budgeted / actual
H8: 2003 | I8: 2004 | J8: 2005 | K8: 2006 | L8: 2007 | M8: 2008 | N8: 2009 | O8: 2010 | P8: 2011 | Q8: 2012 | R8: 2013 | S8: 2014 | T8: 2015 | U8: 2016 | V8: 2017 | W8: 2018 | X8: 2019 | Y8: 2020 | Z8: 2021 | AA8: 2022 | AB8: 2023 | AC8: 2024
B9: Programme | C9: Year Introduced | D9: Administrator | E9: =_xlfn.CONCAT("Expenditure (",C2,"), ",C4," ",C6,"") -> Expenditure (2023-24), AUD thousands | F9: Economic classicfication (Expense) | G9: COFOG | R9: 2012-13 | S9: 2013-14 | T9: 2014-15 | U9: 2015-16 | V9: 2016-17 | W9: 2017-18 | X9: 2018-19 | Y9: 2019-20 | Z9: 2020-21 | AA9: 2021-22 | AB9: 2022-23 | AC9: 2023-24 | AE9: =H9 -> 0 | AF9: =I9 -> 0 | AG9: =J9 -> 0 | AH9: =K9 -> 0 | AI9: =L9 -> 0 | AJ9: =M9 -> 0 | AK9: =N9 -> 0 | AL9: =O9 -> 0 | ... AZ9: =AC9 -> 2023-24 | BB9: =H9 -> 0 | BC9: =I9 -> 0 | BD9: =J9 -> 0 | BE9: =K9 -> 0 | BF9: =L9 -> 0 | BG9: =M9 -> 0 | BH9: =N9 -> 0 | BI9: =O9 -> 0 | ... BW9: =AC9 -> 2023-24
A10: 1 | B10: Birth claim (one off benefit of AUD 100) | C10: 2005 | D10: Department of Finance | E10: =_xlfn.XLOOKUP($C$2,$R$9:$AC$9,R10:AC10) -> 168 | F10: Social assistance benefits (272) | G10: Family and children (7104) | R10: 37 | S10: 37 | T10: 40 | U10: 37.5 | V10: 33.9 | W10: 28.5 | X10: 33.5 | Y10: 111.8 | Z10: 173.7 | AA10: 167.9 | AB10: 192 | AC10: 168 | AJ10: =IF(M10=0,"","*") | AK10: =IF(N10=0,"","*") | AL10: =IF(O10=0,"","*") | AM10: =IF(P10=0,"","*") | AN10: =IF(Q10=0,"","*") | AO10: 2013-14 Budget (p. 35) | AP10: 2014-15 Budget (p. 16) | AQ10: 2015-16 Budget (p. 18) | AR10: 2016-17 Budget (p. 20-21) | AS10: 2018-19 Budget (p. 23) | AT10: 2019-20 Budget (p. 23) | AU10: 2020-21 Budget (p. 30) | AV10: 2021-22 Budget (p. 34) | AW10: 2022-23 Budget (p. 35) | AX10: 2023-24 Budget (p. 34) | AY10: 2023-24 Budget (p. 34) | AZ10: 2023-24 Budget (p. 34) | BG10: =IF(M10=0,"","*") | BH10: =IF(N10=0,"","*") | BI10: =IF(O10=0,"","*") | BJ10: =IF(P10=0,"","*") | BK10: =IF(Q10=0,"","*") | BL10: Revised Budget | BM10: Revised Budget | BN10: Revised Budget | BO10: Revised Budget | BP10: Actual | BQ10: Actual | BR10: Preliminary Actual | BS10: Preliminary Actual | BT10: Preliminary Actual | BU10: Preliminary Actual | BV10: Projected Actual | BW10: Approved budget
A11: 2 | B11: Death claim (one off benefit of AUD 2000) | C11: 2005 | D11: Department of Finance | E11: =_xlfn.XLOOKUP($C$2,$R$9:$AC$9,R11:AC11) -> 160 | F11: Social assistance benefits (272) | G11: Survivors (7103) | R11: 160 | S11: 200 | T11: 200 | U11: 200 | V11: 131.2 | W11: 134 | X11: 156.72 | Y11: 222 | Z11: 168 | AA11: 151.253 | AB11: 283 | AC11: 160 | AJ11: =IF(M11=0,"","*") | AK11: =IF(N11=0,"","*") | AL11: =IF(O11=0,"","*") | AM11: =IF(P11=0,"","*") | AN11: =IF(Q11=0,"","*") | AO11: 2013-14 Budget (p. 35) | AP11: 2014-15 Budget (p. 16) | AQ11: 2015-16 Budget (p. 18) | AR11: 2016-17 Budget (p. 20-21) | AS11: 2018-19 Budget (p. 23) | AT11: 2019-20 Budget (p. 23) | AU11: 2020-21 Budget (p. 30) | AV11: 2021-22 Budget (p. 34) | AW11: 2022-23 Budget (p. 35) | AX11: 2023-24 Budget (p. 34) | AY11: 2023-24 Budget (p. 34) | AZ11: 2023-24 Budget (p. 34) | BG11: =IF(M11=0,"","*") | BH11: =IF(N11=0,"","*") | BI11: =IF(O11=0,"","*") | BJ11: =IF(P11=0,"","*") | BK11: =IF(Q11=0,"","*") | BL11: Revised Budget | BM11: Revised Budget | BN11: Revised Budget | BO11: Revised Budget | BP11: Actual | BQ11: Actual | BR11: Preliminary Actual | BS11: Preliminary Actual | BT11: Preliminary Actual | BU11: Preliminary Actual | BV11: Projected Actual | BW11: Approved budget
A12: 3 | B12: Disability Payments | C12: 2008 | D12: Department of Finance | E12: =_xlfn.XLOOKUP($C$2,$R$9:$AC$9,R12:AC12) -> 2539.16 | F12: Social assistance benefits (272) | G12: Sickness and disability (7101) | R12: 307.2 | S12: 565.5 | T12: 838.4 | U12: 933.2 | V12: 868.52 | W12: 826.88 | X12: 835.37 | Y12: 1101.336 | Z12: 1581.25 | AA12: 1797.23 | AB12: 2400.36 | AC12: 2539.16 | AJ12: =IF(M12=0,"","*") | AK12: =IF(N12=0,"","*") | AL12: =IF(O12=0,"","*") | AM12: =IF(P12=0,"","*") | AN12: =IF(Q12=0,"","*") | AO12: 2013-14 Budget (p. 35) | AP12: 2014-15 Budget (p. 16) | AQ12: 2015-16 Budget (p. 18) | AR12: 2016-17 Budget (p. 20-21) | AS12: 2018-19 Budget (p. 23) | AT12: 2019-20 Budget (p. 23) | AU12: 2020-21 Budget (p. 30) | AV12: 2021-22 Budget (p. 34) | AW12: 2022-23 Budget (p. 35) | AX12: 2023-24 Budget (p. 34) | AY12: 2023-24 Budget (p. 34) | AZ12: 2023-24 Budget (p. 34) | BG12: =IF(M12=0,"","*") | BH12: =IF(N12=0,"","*") | BI12: =IF(O12=0,"","*") | BJ12: =IF(P12=0,"","*") | BK12: =IF(Q12=0,"","*") | BL12: Revised Budget | BM12: Revised Budget | BN12: Revised Budget | BO12: Revised Budget | BP12: Actual | BQ12: Actual | BR12: Preliminary Actual | BS12: Preliminary Actual | BT12: Preliminary Actual | BU12: Preliminary Actual | BV12: Projected Actual | BW12: Approved budget
A13: 4 | B13: Aged Pensions | C13: 2005 | D13: Department of Finance | E13: =_xlfn.XLOOKUP($C$2,$R$9:$AC$9,R13:AC13) -> 4209.92 | F13: Social assistance benefits (272) | G13: Old age (7102) | R13: 747.6 | S13: 1142.7 | T13: 1637.95 | U13: 1904.5 | V13: 1848.044 | W13: 1989.51 | X13: 2075.95 | Y13: 3102.328 | Z13: 2895.551 | AA13: 3124.9 | AB13: 4088.64 | AC13: 4209.92 | AJ13: =IF(M13=0,"","*") | AK13: =IF(N13=0,"","*") | AL13: =IF(O13=0,"","*") | AM13: =IF(P13=0,"","*") | AN13: =IF(Q13=0,"","*") | AO13: 2013-14 Budget (p. 35) | AP13: 2014-15 Budget (p. 16) | AQ13: 2015-16 Budget (p. 18) | AR13: 2016-17 Budget (p. 20-21) | AS13: 2018-19 Budget (p. 23) | AT13: 2019-20 Budget (p. 23) | AU13: 2020-21 Budget (p. 30) | AV13: 2021-22 Budget (p. 34) | AW13: 2022-23 Budget (p. 35) | AX13: 2023-24 Budget (p. 34) | AY13: 2023-24 Budget (p. 34) | AZ13: 2023-24 Budget (p. 34) | BG13: =IF(M13=0,"","*") | BH13: =IF(N13=0,"","*") | BI13: =IF(O13=0,"","*") | BJ13: =IF(P13=0,"","*") | BK13: =IF(Q13=0,"","*") | BL13: Revised Budget | BM13: Revised Budget | BN13: Revised Budget | BO13: Revised Budget | BP13: Actual | BQ13: Actual | BR13: Preliminary Actual | BS13: Preliminary Actual | BT13: Preliminary Actual | BU13: Preliminary Actual | BV13: Projected Actual | BW13: Approved budget
A14: 5 | B14: Ex Gratia - Age and Disable | E14: =_xlfn.XLOOKUP($C$2,$R$9:$AC$9,R14:AC14) -> 0 | F14: Social assistance benefits (272) | G14: Old age (7102) | Y14: 507.2 | Z14: 476 | AA14: 974.8 | AB14: 1190 | AC14: 0 | AJ14: =IF(M14=0,"","*") | AK14: =IF(N14=0,"","*") | AL14: =IF(O14=0,"","*") | AM14: =IF(P14=0,"","*") | AN14: =IF(Q14=0,"","*") | AO14: =IF(R14=0,"","*") | AP14: =IF(S14=0,"","*") | AQ14: =IF(T14=0,"","*") | ... AU14: =IF(X14=0,"","*") | AV14: 2021-22 Budget (p. 34) | AW14: 2022-23 Budget (p. 35) | AX14: 2023-24 Budget (p. 34) | AY14: 2023-24 Budget (p. 34) | AZ14: =IF(AC14=0,"","*") | BG14: =IF(M14=0,"","*") | BH14: =IF(N14=0,"","*") | BI14: =IF(O14=0,"","*") | BJ14: =IF(P14=0,"","*") | BK14: =IF(Q14=0,"","*") | BL14: =IF(R14=0,"","*") | BM14: =IF(S14=0,"","*") | BN14: =IF(T14=0,"","*") | ... BR14: =IF(X14=0,"","*") | BS14: Preliminary Actual | BT14: Preliminary Actual | BU14: Preliminary Actual | BV14: Projected Actual | BW14: =IF(AC14=0,"","*")
